Workbook
Name capacity_max: assumptions!$E$73
Name cit_rate: assumptions!$E$276
Name discount_nominal: assumptions!$E$30
Name discount_real: assumptions!$E$29
Name g_oz: assumptions!$E$23
Name inflation: assumptions!$E$28
Name interest_nominal: assumptions!$E$281
Name interest_rate: assumptions!$E$280
Name is_smelter: assumptions!#REF!
Name lb_t: assumptions!$E$22
Name moist_cu: assumptions!$E$87
Name moist_mo: assumptions!$E$88
Name smelter_start: assumptions!$E$16
Name year_end: assumptions!$E$9
Name year_start: assumptions!$E$7
Name year_stop: assumptions!$E$10

Sheet about
A1: ABOUT

Sheet results
A1: ҮР ДҮН
A3: ЕРӨНХИЙ ҮР ДҮН
D5: ДАН УУРХАЙ | F5: ГЭРЭЭТ ХАЙЛУУЛАХ ҮЙЛДВЭР | H5: НЭГДМЭЛ ХАЙЛУУЛАХ ҮЙЛДВЭР
C6: ХУВЬСАГЧ | D6: ӨЦҮЦ | E6: НИЙТ | F6: ӨЦҮЦ | G6: НИЙТ | H6: ӨЦҮЦ | I6: НИЙТ
C7: Борлуулалтын орлого | D7: =NPV(discount_nominal,revenue!G176:BI176)+revenue!F176 -> 20665.909 | E7: =SUM(revenue!F176:BI176) -> 97337.416 | F7: =NPV(discount_nominal,financials!G259:BI259)+financials!F259 -> 597.36866 | G7: =SUM(financials!F259:BI259) -> 3412.4064 | H7: =NPV(discount_nominal,financials!G133:BI133)+financials!F133 -> 22234.888 | I7: =SUM(financials!F133:BI133) -> 107130.72
C8: Үйл ажиллагааны зардал (OPEX) | D8: =NPV(discount_nominal,opex!G85:BI85)+opex!F85 -> 10969.146 | E8: =SUM(opex!F85:BI85) -> 63165.109 | F8: =NPV(discount_nominal,financials!G265:BI265)+financials!F265 -> 1440.6527 | G8: =SUM(financials!F265:BI265) -> 8999.2048 | H8: =NPV(discount_nominal,financials!G140:BI140)+financials!F140 -> 12409.799 | I8: =SUM(financials!F140:BI140) -> 72164.314
C9: Хөрөнгө оруулалтын зардал (CAPEX) | D9: =NPV(discount_nominal,financials!G36:BI36)+financials!F36 -> 1785.2181 | E9: =SUM(financials!F36:BI36) -> 9692.2349 | F9: =NPV(discount_nominal,financials!G284:BI284)+financials!F284 -> 1164.477 | G9: =SUM(financials!F284:BI284) -> 2373.7817 | H9: =NPV(discount_nominal,financials!G163:BI163)+financials!F163 -> 2949.6951 | I9: =SUM(financials!F163:BI163) -> 12066.017
C10: Цэвэр мөнгөн урсгал | D10: =NPV(discount_nominal,financials!G64:BI64)+financials!F64 -> 152.26237 | E10: =SUM(financials!F64:BI64) -> -10.855254 | F10: =NPV(discount_nominal,financials!G312:BI312)+financials!F312 -> 8.8601016 | G10: =SUM(financials!F312:BI312) -> 0 | H10: =NPV(discount_nominal,financials!G191:BI191)+financials!F191 -> 106.70436 | I10: =SUM(financials!F191:BI191) -> -10.855254
C11: Татварын өмнөх мөнгөн урсгал | D11: =NPV(discount_nominal,financials!F39:BI39) -> 7248.9869 | E11: =financials!E39 -> 24480.073 | F11: =NPV(discount_nominal,financials!F287:BI287) -> -1839.6197 | G11: =financials!E287 -> -7960.5801 | H11: =NPV(discount_nominal,financials!F166:BI166) -> 6299.6097 | I11: =financials!E166 -> 22900.388
C12: Татварын дараах мөнгөн урсгал | D12: =NPV(discount_nominal,financials!F40:BI40) -> 2159.0986 | E12: =financials!E40 -> 803.67017 | F12: =NPV(discount_nominal,financials!F288:BI288) -> -1839.6197 | G12: =financials!E288 -> -7960.5801 | H12: =NPV(discount_nominal,financials!F167:BI167) -> 2554.1173 | I12: =financials!E167 -> 7743.6284
C13: Хувьцаанд ногдох мөнгөн урсгал | D13: =financials!F84+NPV(discount_nominal,financials!G84:BI84) -> 4056.7948 | E13: =financials!E84 -> 3824.5366 | F13: =financials!F332+NPV(discount_nominal,financials!G332:BI332) -> -2108.9907 | G13: =financials!E332 -> -8300.5195 | H13: =financials!F211+NPV(discount_nominal,financials!G211:BI211) -> 2591.6107 | I13: =financials!E211 -> 7063.3148
C14: Санхүүжилтийн өмнөх мөнгөн урсгал | D14: =NPV(discount_nominal,financials!G41:BI41)+financials!F41 -> 4285.4417 | E14: =SUM(financials!F41:BI41) -> 3927.9675 | F14: =NPV(discount_nominal,financials!G289:BI289)+financials!F289 -> -2100.1306 | G14: =SUM(financials!F289:BI289) -> -8300.5195 | H14: =NPV(discount_nominal,financials!G168:BI168)+financials!F168 -> 2753.1349 | I14: =I8+I9+I10 -> 84219.475
A17: ТӨСВИЙН ОРЛОГО
D19: ДАН УУРХАЙ | F19: ГЭРЭЭТ ХАЙЛУУЛАХ ҮЙЛДВЭР | H19: НЭГДМЭЛ ХАЙЛУУЛАХ ҮЙЛДВЭР
C20: ХУВЬСАГЧ | D20: ӨЦҮЦ | E20: НИЙТ | F20: ӨЦҮЦ | G20: НИЙТ | H20: ӨЦҮЦ | I20: НИЙТ
C21: Үндсэн роялти | D21: =NPV(discount_nominal,financials!G13:BI13)+financials!F13 -> 1234.7454 | E21: =SUM(financials!F13:BI13) -> 5807.8157 | F21: 0 | G21: 0 | H21: =NPV(discount_nominal,financials!G142:BI142)+financials!F142 -> 1185.6743 | I21: =SUM(financials!F142:BI142) -> 5524.2442
C22: Нэмэлт роялти | D22: =NPV(discount_nominal,financials!G14:BI14)+financials!F14 -> 3344.4051 | E22: =SUM(financials!F14:BI14) -> 15720.427 | F22: 0 | G22: 0 | H22: =NPV(discount_nominal,financials!G143:BI143)+financials!F143 -> 1648.9076 | I22: =SUM(financials!F143:BI143) -> 5920.7501
C23: Нийт роялти | D23: =D21+D22 -> 4579.1505 | E23: =E21+E22 -> 21528.243 | F23: =F21+F22 -> 0 | G23: =G21+G22 -> 0 | H23: =H21+H22 -> 2834.5819 | I23: =I21+I22 -> 11444.994
C24: Орлогын албан татвар | D24: =NPV(discount_nominal,financials!G25:BI25)+financials!F25 -> 975.95357 | E24: =SUM(financials!F25:BI25) -> 2148.1598 | F24: =NPV(discount_nominal,financials!G273:BI273)+financials!F273 -> 0 | G24: =SUM(financials!F273:BI273) -> 0 | H24: =NPV(discount_nominal,financials!G152:BI152)+financials!F152 -> 1253.2485 | I24: =SUM(financials!F152:BI152) -> 3711.7649
C25: Ногдол ашиг | D25: =NPV(discount_nominal,financials!G62:BI62)+financials!F62 -> 4274.6119 | E25: =SUM(financials!F62:BI62) -> 9439.1514 | F25: 0 | G25: 0 | H25: =NPV(discount_nominal,financials!G189:BI189)+financials!F189 -> 2647.6736 | I25: =SUM(financials!F189:BI189) -> 8916.9879
C26: НИЙТ ОРЛОГО | D26: =D23+D24+D25 -> 9829.716 | E26: =E23+E24+E25 -> 33115.554 | F26: 0 | G26: 0 | H26: =H23+H24+H25 -> 6735.504 | I26: =I23+I24+I25 -> 24073.747
A28: ЗАГВАРЫН ШАЛГАЛТ
D30: ДАН УУРХАЙ | F30: ГЭРЭЭТ ХАЙЛУУЛАХ ҮЙЛДВЭР | H30: НЭГДМЭЛ ХАЙЛУУЛАХ ҮЙЛДВЭР
C31: Баланс тэнцэж байна уу? | E31: =financials!E121=0 -> TRUE | G31: =ISNUMBER(financials!E369) -> TRUE | I31: =financials!E248=0 -> TRUE
C32: Эцэст нь зээлийн үлдэгдэл тэг болсон уу? | E32: =INDEX(financials!F48:BI48,MATCH(year_stop,financials!F2:BI2,0))=0 -> TRUE | G32: =INDEX(financials!F296:BI296,MATCH(year_stop,financials!F2:BI2,0))=0 -> TRUE | I32: =INDEX(financials!F175:BI175,MATCH(year_stop,financials!F2:BI2,0))=0 -> TRUE
C33: Мөнгөн хөрөнгө эерэг байна уу? | E33: =financials!E71=0 -> TRUE | G33: =financials!E319=0 -> TRUE | I33: =financials!E198=0 -> TRUE
C34: Эцэст нь мөнгөн хөрөнгийн үлдэгдэл тэг болсон уу? | E34: =INDEX(financials!F70:BI70,MATCH(year_stop,financials!F2:BI2,0))=0 -> TRUE | G34: =INDEX(financials!F318:BI318,MATCH(year_stop,financials!F2:BI2,0))=0 -> TRUE | I34: =INDEX(financials!F197:BI197,MATCH(year_stop,financials!F2:BI2,0))<0.00001 -> TRUE

Sheet assumptions
A1: ТААМАГЛАЛУУД
A3: хувьсагчид | D3: нэгж | E3: base value | F3: scenario1 | G3: scenario 2 | I3: source
A5: цаг хугацаа
B6: олборлолт
C7: төслийн эхлэх жил | D7: он | E7: 2025
C8: үргэлжлэх хугацаа | D8: жил | E8: 56
C9: тооцооны төгсгөл | D9: он | E9: =E7+E8-1 -> 2080
C10: нөөц дуусах жил | D10: он | E10: =_xlfn.XLOOKUP(0,production!F18:BI18,production!F2:BI2) -> 2065 | I10: the year when reserves deplete to 0
B12: хайлуулах үйлдвэр
C13: эхлэл | D13: он | E13: 2026
C14: барилгын хугацаа | D14: жил | E14: 3
C15: барилгын ажил дуусах | D15: он | E15: =E13+E14 -> 2029
C16: хайлуулах үйлдвэр ашиглалтад орох | D16: он | E16: =E15 -> 2029
B18: хүхрийн хүчлийн зах зээлд борлуулах хувь | D18: хувь | E18: 0.3 | I18: assumption that you can cell a percentage of the acid produced ; initial 30%
A21: хөрвүүлэлт
C22: нэг хуурай метр тонн дахь фунт | D22: фунт/тонн | E22: 2204.62
C23: нэг трой унц дахь грамм | D23: г/унц | E23: 31.103477
A25: олборлолт
A27: эдийн засаг
C28: ам.долларын инфляц | D28: хувь | E28: 0.02 | I28: initial 2%
C29: хорогдуулах бодит хувь | D29: хувь | E29: 0.07 | I29: initial 7%
C30: хорогдуулах нэрлэсэн хувь | D30: хувь | E30: =(1+discount_real)*(1+inflation)-1 -> 0.0914
B32: үнэ
C33: зэс | D33: ам.доллар/фунт | E33: 5 | I33: 5
C34: зэс | D34: ам.доллар/тонн | E34: =E33*E22 -> 11023.1
C35: Cu-ийн үнийн бодит өөрчлөлт | D35: хувь/жилд | E35: 0.005 | I35: 0.005
C36: молибден | D36: ам.доллар/фунт | E36: 25 | I36: 25
C37: молибден | D37: ам.доллар/тонн | E37: =E36*E22 -> 55115.5
C38: Mo-ийн үнийн бодит өөрчлөлт | D38: жилд ногдох харьцаа | E38: 0.005 | I38: 0.005
C39: алт | D39: ам.доллар/унц | E39: 3000
C40: мөнгө | D40: ам.доллар/унц | E40: 35
C41: боловсруулах төлбөр | D41: ам.доллар/тонн | E41: 50 | I41: 50
C42: боловсруулах төлбөрийн бодит өөрчлөлт | D42: жилд ногдох харьцаа | E42: 0 | I42: 0.005
C43: Cu цэвэршүүлэлтийн төлбөр | D43: ам.цент/фунт | E43: =E41/10 -> 5 | I43: 5
C44: Cu цэвэршүүлэлтийн төлбөрийн бодит өөрчлөлт | D44: жилд ногдох харьцаа | E44: =E42 -> 0 | I44: 0.005
C45: Мо боловсруулалтын төлбөр | D45: ам.доллар/фунт | E45: 2 | I45: for moly net back pricing, 2
C46: Мо боловсруулалтын бодит өөрчлөлт | D46: жилд ногдох харьцаа | E46: 0 | I46: 0.005
C47: Au цэвэршүүлэлт | D47: ам.доллар/унц | E47: 8
C48: Ag цэвэршүүлэлт | D48: ам.доллар/унц | E48: 0.5
C49: хүхрийн хүчил | D49: ам.доллар/тонн | E49: 80 | I49: 80
C50: хүчлийн тээвэрлэлт | D50: ам.доллар/тонн | E50: 24 | I50: 24
C51: цахилгаан | D51: ам.доллар/кВт.ц | E51: 0.08 | I51: 0.08
C52: гипс | D52: ам.доллар/тонн | E52: 0 | I52: the base assumption is that there is no market for gypsum and it is produced for handling sulfuric acid; initial 0
A54: үйлдвэрлэл
B56: олборлолт | D56: нэгж | E56: 2026
C57: нөөц | D57: сая тонн | E57: 2216.4 | I57: unenmedee.mn 2216.4
C58: нийт олборлолт | D58: сая м³/жил | E58: 31.3 | I58: 2024 operations interview https://erdenettoday.mn/art/6768
C59: хөрс хуулалт | D59: сая м³/жил | E59: 15.459 | I59: 2024 operations interview https://erdenettoday.mn/art/6768
C60: олборлосон хүдэр | D60: сая м³/жил | E60: =E58-E59 -> 15.841 | I60: 2024 operations interview https://erdenettoday.mn/art/6768
C61: олборлосон хүдэр | D61: сая тонн/жил | E61: 41.4 | I61: 2024 operations interview https://erdenettoday.mn/art/6768
C62: хөрс хуулалтын харьцаа | D62: хувь | E62: =E59/E60 -> 0.97588536
C63: хөрс хуулалтын харьцааны өөрчлөлт | D63: жилд | E63: 0.015
C64: хүдрийн Cu-ийн агуулга | D64: хувь | E64: 0.00364 | I64: 2025 plans interview https://erdenettoday.mn/art/6768
C65: хүдрийн Cu-ийн агуулгын өөрчлөлт | D65: жилд хувь | E65: -8e-05
C66: хүдрийн Mo-ийн агуулга | D66: хувь | E66: 0.000141 | I66: 2025 plans interview https://erdenettoday.mn/art/6768
C67: хүдрийн Mo-ийн агуулгын өөрчлөлт | D67: жилд хувь | E67: =E65 -> -8e-05
B69: баяжуулалт
C70: баяжуулах үйлдвэрийн хүчин чадал | D70: сая тонн/жил | E70: 40
C71: баяжуулах үйлдвэрийн өргөтгөлийн мөчлөг | D71: жил | E71: 6 | I71: every six years
C72: баяжуулах үйлдвэрийн өргөтгөл | D72: сая тонн | E72: 5 | I72: capacity increase
C73: баяжуулах үйлдвэрийн дээд хүчин чадал | D73: сая тонн/жил | E73: 80
C74: Cu авалт | D74: хувь | E74: 0.8686 | I74: 2025 plans interview https://erdenettoday.mn/art/6768
C75: Mo авалт | D75: хувь | E75: 0.48 | I75: 2025 plans interview https://erdenettoday.mn/art/6768
C76: Mo авалтын өөрчлөлт | D76: жилд хувь | E76: -0.003
C77: Au авалт | D77: хувь | E77: 0.75
C78: Ag авалт | D78: хувь | E78: 0.85
C79: баяжмал дахь Cu-ийн агуулга | D79: хувь | E79: 0.23
C80: баяжмал дахь Cu-ийн агуулгын өөрчлөлт | D80: жилд хувь | E80: -0.005
C81: баяжмал дахь Mo-ийн агуулга | D81: хувь | E81: 0.53
C82: баяжмал дахь Mo-ийн агуулгын өөрчлөлт | D82: жилд хувь | E82: -0.003
C83: баяжмал дахь Au-ийн агуулга | D83: грамм/тонн | E83: 0.3 | I83: from miningmongolia.mn stock exchnge forward contract < .3 g/t
C84: баяжмал дахь Au-ийн агуулгын өөрчлөлт | D84: жилд хувь | E84: =E82 -> -0.003
C85: баяжмал дахь Ag-ийн агуулга | D85: грамм/тонн | E85: 70 | I85: from miningmongolia.mn stock exchnge forward contract 78 g/t
C86: баяжмал дахь Ag-ийн агуулгын өөрчлөлт | D86: жилд хувь | E86: =E84 -> -0.003
C87: Cu баяжмалын чийг | D87: хувь | E87: 0.08
C88: Mo баяжмалын чийг | D88: хувь | E88: 0.08
B90: хайлуулах үйлдвэр
C91: баяжмалын орц | D91: хувь | E91: 1
C92: хайлуулах хүчин чадал | D92: мян. тонн катод | E92: 150
C93: хайлуулах үйлдвэрийн Cu авалт | D93: хувь | E93: 0.96
C94: цэвэршүүлэх үйлдвэрийн Cu авалт | D94: хувь | E94: 0.98
C95: цэвэршүүлэх үйлдвэрийн Au авалт | D95: хувь | E95: 0.99 | I95: 99 percent
C96: цэвэршүүлэх үйлдвэрийн Ag авалт | D96: хувь | E96: 0.99 | I96: 99 percent
C97: Cu баяжмал дахь хүхэр | D97: хувь | E97: 0.335
C98: хүхэр ялгах хувь | D98: хувь | E98: 0.975
C99: хүчилд хувиргах хувь | D99: хувь | E99: 0.99
C100: молекулын хөрвүүлэлт | D100: харьцаа | E100: 3.0625
C101: үнэгүй зэс | D101: хувь | E101: 0.965 | I101: this is in case of standalone smelter, difference between actual recovery and smelter*refinery recovery is the free copper to smelter
C102: гипсийн үйлдвэрлэл | D102: тонн/хүчлийн тонн | E102: 1.76 | I102: from moleular weight and reaction of the product
A104: орлого
C105: төлбөр тооцох Cu | D105: хувь | E105: 0.96
C106: төлбөр тооцох Mo | D106: хувь | E106: 0.9
C107: төлбөр тооцох Au | D107: хувь | E107: 0.95
C108: төлбөр тооцох Ag | D108: хувь | E108: 0.9
C109: Cu-ийн тээвэр | D109: ам.доллар/тонн | E109: 22 | I109: wet tons
C110: Mo-ийн тээвэр | D110: ам.доллар/тонн | E110: 25 | I110: wet tons
C111: борлуулалтын орлогын (роялтигийн өмнөх) Cu-ийн хувь | D111: хувь | E111: 90 | I111: this is for splitting costs
B113: торгууль
C114: хүнцлийн босго | D114: саяны нэгж | E114: 800 | F114: for simplicity, one threshold | I114: assumption
C115: хүнцэл | D115: саяны нэгж | E115: 3000 | I115: actual production number; needs to be checked
...

Sheet production
A1: ҮЙЛДВЭРЛЭЛ
E2: year_calendar--> | F2: =IF(year_start+(COLUMN()-COLUMN($F$2))<=year_end,year_start+(COLUMN()-COLUMN($F$2)),"") -> 2025 | G2: =IF(year_start+(COLUMN()-COLUMN($F$2))<=year_end,year_start+(COLUMN()-COLUMN($F$2)),"") -> 2026 | H2: =IF(year_start+(COLUMN()-COLUMN($F$2))<=year_end,year_start+(COLUMN()-COLUMN($F$2)),"") -> 2027 | I2: =IF(year_start+(COLUMN()-COLUMN($F$2))<=year_end,year_start+(COLUMN()-COLUMN($F$2)),"") -> 2028 | J2: =IF(year_start+(COLUMN()-COLUMN($F$2))<=year_end,year_start+(COLUMN()-COLUMN($F$2)),"") -> 2029 | K2: =IF(year_start+(COLUMN()-COLUMN($F$2))<=year_end,year_start+(COLUMN()-COLUMN($F$2)),"") -> 2030 | L2: =IF(year_start+(COLUMN()-COLUMN($F$2))<=year_end,year_start+(COLUMN()-COLUMN($F$2)),"") -> 2031 | M2: =IF(year_start+(COLUMN()-COLUMN($F$2))<=year_end,year_start+(COLUMN()-COLUMN($F$2)),"") -> 2032 | ... BW2: =IF(year_start+(COLUMN()-COLUMN($F$2))<=year_end,year_start+(COLUMN()-COLUMN($F$2)),"")
E3: year_start--> | F3: =IF(year_start+(COLUMN()-COLUMN($F$2))<=year_end,F2-year_start,"") -> 0 | G3: =IF(year_start+(COLUMN()-COLUMN($F$2))<=year_end,G2-year_start,"") -> 1 | H3: =IF(year_start+(COLUMN()-COLUMN($F$2))<=year_end,H2-year_start,"") -> 2 | I3: =IF(year_start+(COLUMN()-COLUMN($F$2))<=year_end,I2-year_start,"") -> 3 | J3: =IF(year_start+(COLUMN()-COLUMN($F$2))<=year_end,J2-year_start,"") -> 4 | K3: =IF(year_start+(COLUMN()-COLUMN($F$2))<=year_end,K2-year_start,"") -> 5 | L3: =IF(year_start+(COLUMN()-COLUMN($F$2))<=year_end,L2-year_start,"") -> 6 | M3: =IF(year_start+(COLUMN()-COLUMN($F$2))<=year_end,M2-year_start,"") -> 7 | ... BW3: =IF(year_start+(COLUMN()-COLUMN($F$2))<=year_end,BW2-year_start,"")
E4: year_end--> | F4: =IF(year_start+(COLUMN()-COLUMN($F$2))<=year_end,F3+1,"") -> 1 | G4: =IF(year_start+(COLUMN()-COLUMN($F$2))<=year_end,G3+1,"") -> 2 | H4: =IF(year_start+(COLUMN()-COLUMN($F$2))<=year_end,H3+1,"") -> 3 | I4: =IF(year_start+(COLUMN()-COLUMN($F$2))<=year_end,I3+1,"") -> 4 | J4: =IF(year_start+(COLUMN()-COLUMN($F$2))<=year_end,J3+1,"") -> 5 | K4: =IF(year_start+(COLUMN()-COLUMN($F$2))<=year_end,K3+1,"") -> 6 | L4: =IF(year_start+(COLUMN()-COLUMN($F$2))<=year_end,L3+1,"") -> 7 | M4: =IF(year_start+(COLUMN()-COLUMN($F$2))<=year_end,M3+1,"") -> 8 | ... BW4: =IF(year_start+(COLUMN()-COLUMN($F$2))<=year_end,BW3+1,"")
A5: хувьсагч | D5: нэгж | E5: total/average
A6: ИЛ УУРХАЙ
B7: олборлолт
C8: хөрс хуулалтын харьцаа | D8: харьцаа | E8: =AVERAGE(F8:AI8) -> 1.2394317 | F8: =IF(F16<=0,0,IF(F2<=year_end,assumptions!$E$62*(1+assumptions!$E$63)^F4,0)) -> 0.99052364 | G8: =IF(G16<=0,0,IF(G2<=year_end,assumptions!$E$62*(1+assumptions!$E$63)^G4,0)) -> 1.0053815 | H8: =IF(H16<=0,0,IF(H2<=year_end,assumptions!$E$62*(1+assumptions!$E$63)^H4,0)) -> 1.0204622 | I8: =IF(I16<=0,0,IF(I2<=year_end,assumptions!$E$62*(1+assumptions!$E$63)^I4,0)) -> 1.0357692 | J8: =IF(J16<=0,0,IF(J2<=year_end,assumptions!$E$62*(1+assumptions!$E$63)^J4,0)) -> 1.0513057 | K8: =IF(K16<=0,0,IF(K2<=year_end,assumptions!$E$62*(1+assumptions!$E$63)^K4,0)) -> 1.0670753 | L8: =IF(L16<=0,0,IF(L2<=year_end,assumptions!$E$62*(1+assumptions!$E$63)^L4,0)) -> 1.0830814 | M8: =IF(M16<=0,0,IF(M2<=year_end,assumptions!$E$62*(1+assumptions!$E$63)^M4,0)) -> 1.0993276 | ... BI8: =IF(BI16<=0,0,IF(BI2<=year_end,assumptions!$E$62*(1+assumptions!$E$63)^BI4,0)) -> 0
C9: олборлосон хүдэр | D9: сая тонн | E9: =SUM(F9:AR9) -> 2100 | F9: =IF(F16<=0,0,IF(F2<=year_end,MAX(MIN(F16,F17),0),0)) -> 40 | G9: =IF(G16<=0,0,IF(G2<=year_end,MAX(MIN(G16,G17),0),0)) -> 40 | H9: =IF(H16<=0,0,IF(H2<=year_end,MAX(MIN(H16,H17),0),0)) -> 40 | I9: =IF(I16<=0,0,IF(I2<=year_end,MAX(MIN(I16,I17),0),0)) -> 40 | J9: =IF(J16<=0,0,IF(J2<=year_end,MAX(MIN(J16,J17),0),0)) -> 40 | K9: =IF(K16<=0,0,IF(K2<=year_end,MAX(MIN(K16,K17),0),0)) -> 40 | L9: =IF(L16<=0,0,IF(L2<=year_end,MAX(MIN(L16,L17),0),0)) -> 45 | M9: =IF(M16<=0,0,IF(M2<=year_end,MAX(MIN(M16,M17),0),0)) -> 45 | ... BI9: =IF(BI16<=0,0,IF(BI2<=year_end,MAX(MIN(BI16,BI17),0),0)) -> 0
C10: хуулсан хөрс | D10: сая тонн | E10: =SUM(F10:AR10) -> 2880.0528 | F10: =IF(F2<=year_end,F8*F9,0) -> 39.620946 | G10: =IF(G2<=year_end,G8*G9,0) -> 40.21526 | H10: =IF(H2<=year_end,H8*H9,0) -> 40.818489 | I10: =IF(I2<=year_end,I8*I9,0) -> 41.430766 | J10: =IF(J2<=year_end,J8*J9,0) -> 42.052228 | K10: =IF(K2<=year_end,K8*K9,0) -> 42.683011 | L10: =IF(L2<=year_end,L8*L9,0) -> 48.738663 | M10: =IF(M2<=year_end,M8*M9,0) -> 49.469743 | ... BI10: =IF(BI2<=year_end,BI8*BI9,0) -> 0
C11: нийт олборлолт | D11: сая тонн | E11: =SUM(F11:AI11) -> 3392.2494 | F11: =IF(F2<=year_end,F9+F10,0) -> 79.620946 | G11: =IF(G2<=year_end,G9+G10,0) -> 80.21526 | H11: =IF(H2<=year_end,H9+H10,0) -> 80.818489 | I11: =IF(I2<=year_end,I9+I10,0) -> 81.430766 | J11: =IF(J2<=year_end,J9+J10,0) -> 82.052228 | K11: =IF(K2<=year_end,K9+K10,0) -> 82.683011 | L11: =IF(L2<=year_end,L9+L10,0) -> 93.738663 | M11: =IF(M2<=year_end,M9+M10,0) -> 94.469743 | ... BI11: =IF(BI2<=year_end,BI9+BI10,0) -> 0
C12: хүдрийн Cu-ийн агуулга | D12: хувь | E12: =AVERAGE(F12:AI12) -> 0.32476533 | F12: =IF(F17>0,assumptions!$E$64*100*(1+assumptions!$E$65*100)^production!F$3,0) -> 0.364 | G12: =IF(G17>0,assumptions!$E$64*100*(1+assumptions!$E$65*100)^production!G$3,0) -> 0.361088 | H12: =IF(H17>0,assumptions!$E$64*100*(1+assumptions!$E$65*100)^production!H$3,0) -> 0.3581993 | I12: =IF(I17>0,assumptions!$E$64*100*(1+assumptions!$E$65*100)^production!I$3,0) -> 0.3553337 | J12: =IF(J17>0,assumptions!$E$64*100*(1+assumptions!$E$65*100)^production!J$3,0) -> 0.35249103 | K12: =IF(K17>0,assumptions!$E$64*100*(1+assumptions!$E$65*100)^production!K$3,0) -> 0.3496711 | L12: =IF(L17>0,assumptions!$E$64*100*(1+assumptions!$E$65*100)^production!L$3,0) -> 0.34687373 | M12: =IF(M17>0,assumptions!$E$64*100*(1+assumptions!$E$65*100)^production!M$3,0) -> 0.34409875 | ... BI12: =IF(BI17>0,assumptions!$E$64*100*(1+assumptions!$E$65*100)^production!BI$3,0) -> 0
C13: хүдрийн Mo-ийн агуулга | D13: хувь | E13: =AVERAGE(F13:AI13) -> 0.012580196 | F13: =IF(F17>0,assumptions!$E$66*100*(1+assumptions!$E$67*100)^production!F$3,0) -> 0.0141 | G13: =IF(G17>0,assumptions!$E$66*100*(1+assumptions!$E$67*100)^production!G$3,0) -> 0.0139872 | H13: =IF(H17>0,assumptions!$E$66*100*(1+assumptions!$E$67*100)^production!H$3,0) -> 0.013875302 | I13: =IF(I17>0,assumptions!$E$66*100*(1+assumptions!$E$67*100)^production!I$3,0) -> 0.0137643 | J13: =IF(J17>0,assumptions!$E$66*100*(1+assumptions!$E$67*100)^production!J$3,0) -> 0.013654186 | K13: =IF(K17>0,assumptions!$E$66*100*(1+assumptions!$E$67*100)^production!K$3,0) -> 0.013544952 | L13: =IF(L17>0,assumptions!$E$66*100*(1+assumptions!$E$67*100)^production!L$3,0) -> 0.013436592 | M13: =IF(M17>0,assumptions!$E$66*100*(1+assumptions!$E$67*100)^production!M$3,0) -> 0.0133291 | ... BI13: =IF(BI17>0,assumptions!$E$66*100*(1+assumptions!$E$67*100)^production!BI$3,0) -> 0
B15: нөөц
C16: эхний үлдэгдэл | D16: сая тонн | E16: =F16 -> 2216.4 | F16: =assumptions!E57 -> 2216.4 | G16: =F18 -> 2176.4 | H16: =G18 -> 2136.4 | I16: =H18 -> 2096.4 | J16: =I18 -> 2056.4 | K16: =J18 -> 2016.4 | L16: =K18 -> 1976.4 | M16: =L18 -> 1931.4 | N16: =M18 -> 1886.4 | ... BI16: =BH18 -> 0
C17: олборлосон хүдэр | D17: сая тонн | E17: =SUM(F17:AI17) -> 1500 | F17: =IF(F2<=year_end,MIN(F21,F16),0) -> 40 | G17: =IF(G2<=year_end,MIN(G21,G16),0) -> 40 | H17: =IF(H2<=year_end,MIN(H21,H16),0) -> 40 | I17: =IF(I2<=year_end,MIN(I21,I16),0) -> 40 | J17: =IF(J2<=year_end,MIN(J21,J16),0) -> 40 | K17: =IF(K2<=year_end,MIN(K21,K16),0) -> 40 | L17: =IF(L2<=year_end,MIN(L21,L16),0) -> 45 | M17: =IF(M2<=year_end,MIN(M21,M16),0) -> 45 | ... BI17: =IF(BI2<=year_end,MIN(BI21,BI16),0) -> 0
C18: эцсийн үлдэгдэл | D18: сая тонн | E18: =AI18 -> 716.4 | F18: =F16-F17 -> 2176.4 | G18: =G16-G17 -> 2136.4 | H18: =H16-H17 -> 2096.4 | I18: =I16-I17 -> 2056.4 | J18: =J16-J17 -> 2016.4 | K18: =K16-K17 -> 1976.4 | L18: =L16-L17 -> 1931.4 | M18: =M16-M17 -> 1886.4 | ... BI18: =BI16-BI17 -> 0
B20: баяжуулалт
C21: эхний хүчин чадал | D21: сая тонн | E21: =SUM(F21:AS21) -> 2170 | F21: =assumptions!$E$70 -> 40 | G21: =IF(AND(F18>0,G2<=year_end),F23,0) -> 40 | H21: =IF(AND(G18>0,H2<=year_end),G23,0) -> 40 | I21: =IF(AND(H18>0,I2<=year_end),H23,0) -> 40 | J21: =IF(AND(I18>0,J2<=year_end),I23,0) -> 40 | K21: =IF(AND(J18>0,K2<=year_end),J23,0) -> 40 | L21: =IF(AND(K18>0,L2<=year_end),K23,0) -> 45 | M21: =IF(AND(L18>0,M2<=year_end),L23,0) -> 45 | N21: =IF(AND(M18>0,N2<=year_end),M23,0) -> 45 | ... BI21: =IF(AND(BH18>0,BI2<=year_end),BH23,0) -> 0
C22: нэмэгдсэн хүчин чадал | D22: сая тонн | E22: =SUM(F22:AS22) -> 30 | F22: =IFERROR(IF(F18>0,IF(AND(MOD(F$4,assumptions!$E$71)=0,F21<capacity_max),1,0)*assumptions!$E$72,0),0) -> 0 | G22: =IFERROR(IF(G18>0,IF(AND(MOD(G$4,assumptions!$E$71)=0,G21<capacity_max),1,0)*assumptions!$E$72,0),0) -> 0 | H22: =IFERROR(IF(H18>0,IF(AND(MOD(H$4,assumptions!$E$71)=0,H21<capacity_max),1,0)*assumptions!$E$72,0),0) -> 0 | I22: =IFERROR(IF(I18>0,IF(AND(MOD(I$4,assumptions!$E$71)=0,I21<capacity_max),1,0)*assumptions!$E$72,0),0) -> 0 | J22: =IFERROR(IF(J18>0,IF(AND(MOD(J$4,assumptions!$E$71)=0,J21<capacity_max),1,0)*assumptions!$E$72,0),0) -> 0 | K22: =IFERROR(IF(K18>0,IF(AND(MOD(K$4,assumptions!$E$71)=0,K21<capacity_max),1,0)*assumptions!$E$72,0),0) -> 5 | L22: =IFERROR(IF(L18>0,IF(AND(MOD(L$4,assumptions!$E$71)=0,L21<capacity_max),1,0)*assumptions!$E$72,0),0) -> 0 | M22: =IFERROR(IF(M18>0,IF(AND(MOD(M$4,assumptions!$E$71)=0,M21<capacity_max),1,0)*assumptions!$E$72,0),0) -> 0 | ... BI22: =IFERROR(IF(BI18>0,IF(AND(MOD(BI$4,assumptions!$E$71)=0,BI21<capacity_max),1,0)*assumptions!$E$72,0),0) -> 0
C23: эцсийн хүчин чадал | D23: сая тонн | E23: =SUM(F23:AS23) -> 2200 | F23: =IF(F2<=year_end,F21+F22,0) -> 40 | G23: =IF(G2<=year_end,G21+G22,0) -> 40 | H23: =IF(H2<=year_end,H21+H22,0) -> 40 | I23: =IF(I2<=year_end,I21+I22,0) -> 40 | J23: =IF(J2<=year_end,J21+J22,0) -> 40 | K23: =IF(K2<=year_end,K21+K22,0) -> 45 | L23: =IF(L2<=year_end,L21+L22,0) -> 45 | M23: =IF(M2<=year_end,M21+M22,0) -> 45 | ... BI23: =IF(BI2<=year_end,BI21+BI22,0) -> 0
C24: боловсруулсан хүдэр | D24: сая тонн | E24: =SUM(F24:AS24) -> 2170 | F24: =MIN(F17,F21) -> 40 | G24: =MIN(G17,G21) -> 40 | H24: =MIN(H17,H21) -> 40 | I24: =MIN(I17,I21) -> 40 | J24: =MIN(J17,J21) -> 40 | K24: =MIN(K17,K21) -> 40 | L24: =MIN(L17,L21) -> 45 | M24: =MIN(M17,M21) -> 45 | ... BI24: =MIN(BI17,BI21) -> 0
B26: агуулагдах металл
C27: хүдрийн Cu-ийн агуулга | D27: хувь | E27: =AVERAGE(F27:BI27) -> 0.22797656 | F27: =IF(F24>0,IF(F2<=year_end,assumptions!$E$64*100*(1+assumptions!$E$65*100)^production!F$3,0),0) -> 0.364 | G27: =IF(G24>0,IF(G2<=year_end,assumptions!$E$64*100*(1+assumptions!$E$65*100)^production!G$3,0),0) -> 0.361088 | H27: =IF(H24>0,IF(H2<=year_end,assumptions!$E$64*100*(1+assumptions!$E$65*100)^production!H$3,0),0) -> 0.3581993 | I27: =IF(I24>0,IF(I2<=year_end,assumptions!$E$64*100*(1+assumptions!$E$65*100)^production!I$3,0),0) -> 0.3553337 | J27: =IF(J24>0,IF(J2<=year_end,assumptions!$E$64*100*(1+assumptions!$E$65*100)^production!J$3,0),0) -> 0.35249103 | K27: =IF(K24>0,IF(K2<=year_end,assumptions!$E$64*100*(1+assumptions!$E$65*100)^production!K$3,0),0) -> 0.3496711 | L27: =IF(L24>0,IF(L2<=year_end,assumptions!$E$64*100*(1+assumptions!$E$65*100)^production!L$3,0),0) -> 0.34687373 | M27: =IF(M24>0,IF(M2<=year_end,assumptions!$E$64*100*(1+assumptions!$E$65*100)^production!M$3,0),0) -> 0.34409875 | ... BI27: =IF(BI24>0,IF(BI2<=year_end,assumptions!$E$64*100*(1+assumptions!$E$65*100)^production!BI$3,0),0) -> 0
C28: хүдрийн Mo-ийн агуулга | D28: хувь | E28: =AVERAGE(F28:BI28) -> 0.0088309603 | F28: =IF(F24>0,IF(F2<=year_end,assumptions!$E$66*100*(1+assumptions!$E$67*100)^production!F$3,0),0) -> 0.0141 | G28: =IF(G24>0,IF(G2<=year_end,assumptions!$E$66*100*(1+assumptions!$E$67*100)^production!G$3,0),0) -> 0.0139872 | H28: =IF(H24>0,IF(H2<=year_end,assumptions!$E$66*100*(1+assumptions!$E$67*100)^production!H$3,0),0) -> 0.013875302 | I28: =IF(I24>0,IF(I2<=year_end,assumptions!$E$66*100*(1+assumptions!$E$67*100)^production!I$3,0),0) -> 0.0137643 | J28: =IF(J24>0,IF(J2<=year_end,assumptions!$E$66*100*(1+assumptions!$E$67*100)^production!J$3,0),0) -> 0.013654186 | K28: =IF(K24>0,IF(K2<=year_end,assumptions!$E$66*100*(1+assumptions!$E$67*100)^production!K$3,0),0) -> 0.013544952 | L28: =IF(L24>0,IF(L2<=year_end,assumptions!$E$66*100*(1+assumptions!$E$67*100)^production!L$3,0),0) -> 0.013436592 | M28: =IF(M24>0,IF(M2<=year_end,assumptions!$E$66*100*(1+assumptions!$E$67*100)^production!M$3,0),0) -> 0.0133291 | ... BI28: =IF(BI24>0,IF(BI2<=year_end,assumptions!$E$66*100*(1+assumptions!$E$67*100)^production!BI$3,0),0) -> 0
C29: баяжмал дахь Cu-ийн агуулга | D29: харьцаа | E29: =AVERAGE(F29:BI29) -> 0.152598 | F29: =IF(F24>0,IF(F2<=year_end,assumptions!$E$79*(1+assumptions!$E$80)^F3,0),0) -> 0.23 | G29: =IF(G24>0,IF(G2<=year_end,assumptions!$E$79*(1+assumptions!$E$80)^G3,0),0) -> 0.22885 | H29: =IF(H24>0,IF(H2<=year_end,assumptions!$E$79*(1+assumptions!$E$80)^H3,0),0) -> 0.22770575 | I29: =IF(I24>0,IF(I2<=year_end,assumptions!$E$79*(1+assumptions!$E$80)^I3,0),0) -> 0.22656722 | J29: =IF(J24>0,IF(J2<=year_end,assumptions!$E$79*(1+assumptions!$E$80)^J3,0),0) -> 0.22543439 | K29: =IF(K24>0,IF(K2<=year_end,assumptions!$E$79*(1+assumptions!$E$80)^K3,0),0) -> 0.22430721 | L29: =IF(L24>0,IF(L2<=year_end,assumptions!$E$79*(1+assumptions!$E$80)^L3,0),0) -> 0.22318568 | M29: =IF(M24>0,IF(M2<=year_end,assumptions!$E$79*(1+assumptions!$E$80)^M3,0),0) -> 0.22206975 | ... BI29: =IF(BI24>0,IF(BI2<=year_end,assumptions!$E$79*(1+assumptions!$E$80)^BI3,0),0) -> 0
C30: баяжмал дахь Mo-ийн агуулга | D30: харьцаа | E30: =AVERAGE(F30:BI30) -> 0.36563626 | F30: =IF(F24>0,IF(F2<=year_end,assumptions!$E$81*(1+assumptions!$E$82)^production!F3,0),0) -> 0.53 | G30: =IF(G24>0,IF(G2<=year_end,assumptions!$E$81*(1+assumptions!$E$82)^production!G3,0),0) -> 0.52841 | H30: =IF(H24>0,IF(H2<=year_end,assumptions!$E$81*(1+assumptions!$E$82)^production!H3,0),0) -> 0.52682477 | I30: =IF(I24>0,IF(I2<=year_end,assumptions!$E$81*(1+assumptions!$E$82)^production!I3,0),0) -> 0.5252443 | J30: =IF(J24>0,IF(J2<=year_end,assumptions!$E$81*(1+assumptions!$E$82)^production!J3,0),0) -> 0.52366856 | K30: =IF(K24>0,IF(K2<=year_end,assumptions!$E$81*(1+assumptions!$E$82)^production!K3,0),0) -> 0.52209756 | L30: =IF(L24>0,IF(L2<=year_end,assumptions!$E$81*(1+assumptions!$E$82)^production!L3,0),0) -> 0.52053126 | M30: =IF(M24>0,IF(M2<=year_end,assumptions!$E$81*(1+assumptions!$E$82)^production!M3,0),0) -> 0.51896967 | ... BI30: =IF(BI24>0,IF(BI2<=year_end,assumptions!$E$81*(1+assumptions!$E$82)^production!BI3,0),0) -> 0
C31: баяжмал дахь Au-ийн агуулга | D31: грамм/тонн | E31: =AVERAGE(F31:BI31) -> 0.20696392 | F31: =IF(F24>0,IF(F2<=year_end,assumptions!$E$83*(1+assumptions!$E$84)^production!F3,0),0) -> 0.3 | G31: =IF(G24>0,IF(G2<=year_end,assumptions!$E$83*(1+assumptions!$E$84)^production!G3,0),0) -> 0.2991 | H31: =IF(H24>0,IF(H2<=year_end,assumptions!$E$83*(1+assumptions!$E$84)^production!H3,0),0) -> 0.2982027 | I31: =IF(I24>0,IF(I2<=year_end,assumptions!$E$83*(1+assumptions!$E$84)^production!I3,0),0) -> 0.29730809 | J31: =IF(J24>0,IF(J2<=year_end,assumptions!$E$83*(1+assumptions!$E$84)^production!J3,0),0) -> 0.29641617 | K31: =IF(K24>0,IF(K2<=year_end,assumptions!$E$83*(1+assumptions!$E$84)^production!K3,0),0) -> 0.29552692 | L31: =IF(L24>0,IF(L2<=year_end,assumptions!$E$83*(1+assumptions!$E$84)^production!L3,0),0) -> 0.29464034 | M31: =IF(M24>0,IF(M2<=year_end,assumptions!$E$83*(1+assumptions!$E$84)^production!M3,0),0) -> 0.29375642 | ... BI31: =IF(BI24>0,IF(BI2<=year_end,assumptions!$E$83*(1+assumptions!$E$84)^production!BI3,0),0) -> 0
C32: баяжмал дахь Ag-ийн агуулга | D32: грамм/тонн | E32: =AVERAGE(F32:BI32) -> 48.291582 | F32: =IF(F24>0,IF(F3<=year_end,assumptions!$E$85*(1+assumptions!$E$86)^production!F3,0),0) -> 70 | G32: =IF(G24>0,IF(G3<=year_end,assumptions!$E$85*(1+assumptions!$E$86)^production!G3,0),0) -> 69.79 | H32: =IF(H24>0,IF(H3<=year_end,assumptions!$E$85*(1+assumptions!$E$86)^production!H3,0),0) -> 69.58063 | I32: =IF(I24>0,IF(I3<=year_end,assumptions!$E$85*(1+assumptions!$E$86)^production!I3,0),0) -> 69.371888 | J32: =IF(J24>0,IF(J3<=year_end,assumptions!$E$85*(1+assumptions!$E$86)^production!J3,0),0) -> 69.163772 | K32: =IF(K24>0,IF(K3<=year_end,assumptions!$E$85*(1+assumptions!$E$86)^production!K3,0),0) -> 68.956281 | L32: =IF(L24>0,IF(L3<=year_end,assumptions!$E$85*(1+assumptions!$E$86)^production!L3,0),0) -> 68.749412 | M32: =IF(M24>0,IF(M3<=year_end,assumptions!$E$85*(1+assumptions!$E$86)^production!M3,0),0) -> 68.543164 | ... BI32: =IF(BI24>0,IF(BI3<=year_end,assumptions!$E$85*(1+assumptions!$E$86)^production!BI3,0),0) -> 0
C33: Cu авалт | D33: харьцаа | E33: =AVERAGE(F33:BI33) -> 0.57628967 | F33: =IF(F24>0,assumptions!$E$74*(1+assumptions!$E$80)^F3,0) -> 0.8686 | G33: =IF(G24>0,assumptions!$E$74*(1+assumptions!$E$80)^G3,0) -> 0.864257 | H33: =IF(H24>0,assumptions!$E$74*(1+assumptions!$E$80)^H3,0) -> 0.85993572 | I33: =IF(I24>0,assumptions!$E$74*(1+assumptions!$E$80)^I3,0) -> 0.85563604 | J33: =IF(J24>0,assumptions!$E$74*(1+assumptions!$E$80)^J3,0) -> 0.85135786 | K33: =IF(K24>0,assumptions!$E$74*(1+assumptions!$E$80)^K3,0) -> 0.84710107 | L33: =IF(L24>0,assumptions!$E$74*(1+assumptions!$E$80)^L3,0) -> 0.84286556 | M33: =IF(M24>0,assumptions!$E$74*(1+assumptions!$E$80)^M3,0) -> 0.83865123 | ... BI33: =IF(BI24>0,assumptions!$E$74*(1+assumptions!$E$80)^BI3,0) -> 0
C34: Mo авалт | D34: харьцаа | E34: =AVERAGE(F34:BI34) -> 0.33114227 | F34: =IF(F24>0,IF(F2<=year_end,assumptions!$E$75*(1+assumptions!$E$76)^production!F3,0),0) -> 0.48 | G34: =IF(G24>0,IF(G2<=year_end,assumptions!$E$75*(1+assumptions!$E$76)^production!G3,0),0) -> 0.47856 | H34: =IF(H24>0,IF(H2<=year_end,assumptions!$E$75*(1+assumptions!$E$76)^production!H3,0),0) -> 0.47712432 | I34: =IF(I24>0,IF(I2<=year_end,assumptions!$E$75*(1+assumptions!$E$76)^production!I3,0),0) -> 0.47569295 | J34: =IF(J24>0,IF(J2<=year_end,assumptions!$E$75*(1+assumptions!$E$76)^production!J3,0),0) -> 0.47426587 | K34: =IF(K24>0,IF(K2<=year_end,assumptions!$E$75*(1+assumptions!$E$76)^production!K3,0),0) -> 0.47284307 | L34: =IF(L24>0,IF(L2<=year_end,assumptions!$E$75*(1+assumptions!$E$76)^production!L3,0),0) -> 0.47142454 | M34: =IF(M24>0,IF(M2<=year_end,assumptions!$E$75*(1+assumptions!$E$76)^production!M3,0),0) -> 0.47001027 | ... BI34: =IF(BI24>0,IF(BI2<=year_end,assumptions!$E$75*(1+assumptions!$E$76)^production!BI3,0),0) -> 0
C35: Au авалт | D35: харьцаа | E35: =AVERAGE(F35:BI35) -> 0.5174098 | F35: =IF(F24>0,assumptions!$E$77*(1+assumptions!$E$84)^F3,0) -> 0.75 | G35: =IF(G24>0,assumptions!$E$77*(1+assumptions!$E$84)^G3,0) -> 0.74775 | H35: =IF(H24>0,assumptions!$E$77*(1+assumptions!$E$84)^H3,0) -> 0.74550675 | I35: =IF(I24>0,assumptions!$E$77*(1+assumptions!$E$84)^I3,0) -> 0.74327023 | J35: =IF(J24>0,assumptions!$E$77*(1+assumptions!$E$84)^J3,0) -> 0.74104042 | K35: =IF(K24>0,assumptions!$E$77*(1+assumptions!$E$84)^K3,0) -> 0.7388173 | L35: =IF(L24>0,assumptions!$E$77*(1+assumptions!$E$84)^L3,0) -> 0.73660085 | M35: =IF(M24>0,assumptions!$E$77*(1+assumptions!$E$84)^M3,0) -> 0.73439104 | ... BI35: =IF(BI24>0,assumptions!$E$77*(1+assumptions!$E$84)^BI3,0) -> 0
C36: Ag авалт | D36: харьцаа | E36: =AVERAGE(F36:BI36) -> 0.58639778 | F36: =IF(F24>0,assumptions!$E$78*(1+assumptions!$E$86)^F3,0) -> 0.85 | G36: =IF(G24>0,assumptions!$E$78*(1+assumptions!$E$86)^G3,0) -> 0.84745 | H36: =IF(H24>0,assumptions!$E$78*(1+assumptions!$E$86)^H3,0) -> 0.84490765 | I36: =IF(I24>0,assumptions!$E$78*(1+assumptions!$E$86)^I3,0) -> 0.84237293 | J36: =IF(J24>0,assumptions!$E$78*(1+assumptions!$E$86)^J3,0) -> 0.83984581 | K36: =IF(K24>0,assumptions!$E$78*(1+assumptions!$E$86)^K3,0) -> 0.83732627 | L36: =IF(L24>0,assumptions!$E$78*(1+assumptions!$E$86)^L3,0) -> 0.83481429 | M36: =IF(M24>0,assumptions!$E$78*(1+assumptions!$E$86)^M3,0) -> 0.83230985 | ... BI36: =IF(BI24>0,assumptions!$E$78*(1+assumptions!$E$86)^BI3,0) -> 0
B38: баяжмал
C39: Cu баяжмалын хэмжээ | D39: мян. тонн | E39: =SUM(F39:BI39) -> 25660.576 | F39: =IF(F24>0,IF(F2<=year_end,F24*F27/100*F33/F29*1000,0),0) -> 549.86157 | G39: =IF(G24>0,IF(G2<=year_end,G24*G27/100*G33/G29*1000,0),0) -> 545.46267 | H39: =IF(H24>0,IF(H2<=year_end,H24*H27/100*H33/H29*1000,0),0) -> 541.09897 | I39: =IF(I24>0,IF(I2<=year_end,I24*I27/100*I33/I29*1000,0),0) -> 536.77018 | J39: =IF(J24>0,IF(J2<=year_end,J24*J27/100*J33/J29*1000,0),0) -> 532.47602 | K39: =IF(K24>0,IF(K2<=year_end,K24*K27/100*K33/K29*1000,0),0) -> 528.21621 | L39: =IF(L24>0,IF(L2<=year_end,L24*L27/100*L33/L29*1000,0),0) -> 589.48929 | M39: =IF(M24>0,IF(M2<=year_end,M24*M27/100*M33/M29*1000,0),0) -> 584.77338 | ... BI39: =IF(BI24>0,IF(BI2<=year_end,BI24*BI27/100*BI33/BI29*1000,0),0) -> 0
C40: Mo баяжмалын хэмжээ | D40: тонн | E40: =SUM(F40:BI40) -> 238373.25 | F40: =IF(F24>0,IF(F2<=year_end,F24*F28/100*F34/F30*1000000,0),0) -> 5107.9245 | G40: =IF(G24>0,IF(G2<=year_end,G24*G28/100*G34/G30*1000000,0),0) -> 5067.0611 | H40: =IF(H24>0,IF(H2<=year_end,H24*H28/100*H34/H30*1000000,0),0) -> 5026.5246 | I40: =IF(I24>0,IF(I2<=year_end,I24*I28/100*I34/I30*1000000,0),0) -> 4986.3124 | J40: =IF(J24>0,IF(J2<=year_end,J24*J28/100*J34/J30*1000000,0),0) -> 4946.4219 | K40: =IF(K24>0,IF(K2<=year_end,K24*K28/100*K34/K30*1000000,0),0) -> 4906.8506 | L40: =IF(L24>0,IF(L2<=year_end,L24*L28/100*L34/L30*1000000,0),0) -> 5476.0452 | M40: =IF(M24>0,IF(M2<=year_end,M24*M28/100*M34/M30*1000000,0),0) -> 5432.2369 | ... BI40: =IF(BI24>0,IF(BI2<=year_end,BI24*BI28/100*BI34/BI30*1000000,0),0) -> 0
C41: Cu баяжмал дахь хүнцэл | D41: тонн | E41: =SUM(F41:BI41) -> 76981.729 | F41: =IF(F24>0,assumptions!$E$115*F39/1000,0) -> 1649.5847 | G41: =IF(G24>0,assumptions!$E$115*G39/1000,0) -> 1636.388 | H41: =IF(H24>0,assumptions!$E$115*H39/1000,0) -> 1623.2969 | I41: =IF(I24>0,assumptions!$E$115*I39/1000,0) -> 1610.3105 | J41: =IF(J24>0,assumptions!$E$115*J39/1000,0) -> 1597.4281 | K41: =IF(K24>0,assumptions!$E$115*K39/1000,0) -> 1584.6486 | L41: =IF(L24>0,assumptions!$E$115*L39/1000,0) -> 1768.4679 | M41: =IF(M24>0,assumptions!$E$115*M39/1000,0) -> 1754.3201 | ... BI41: =IF(BI24>0,assumptions!$E$115*BI39/1000,0) -> 0
C42: Cu баяжмал дахь фтор | D42: тонн | E42: =SUM(F42:BI42) -> 30792.692 | F42: =IF(F24>0,assumptions!$E$118*F39/1000,0) -> 659.83388 | G42: =IF(G24>0,assumptions!$E$118*G39/1000,0) -> 654.55521 | H42: =IF(H24>0,assumptions!$E$118*H39/1000,0) -> 649.31877 | I42: =IF(I24>0,assumptions!$E$118*I39/1000,0) -> 644.12422 | J42: =IF(J24>0,assumptions!$E$118*J39/1000,0) -> 638.97122 | K42: =IF(K24>0,assumptions!$E$118*K39/1000,0) -> 633.85945 | L42: =IF(L24>0,assumptions!$E$118*L39/1000,0) -> 707.38715 | M42: =IF(M24>0,assumptions!$E$118*M39/1000,0) -> 701.72805 | ... BI42: =IF(BI24>0,assumptions!$E$118*BI39/1000,0) -> 0
B44: баяжмал дахь металл
C45: Cu | D45: мян. тонн | E45: =SUM(F45:BI45) -> 5325.7315 | F45: =IF(F24>0,IF(F2<=year_end,F39*F29,0),0) -> 126.46816 | G45: =IF(G24>0,IF(G2<=year_end,G39*G29,0),0) -> 124.82913 | H45: =IF(H24>0,IF(H2<=year_end,H39*H29,0),0) -> 123.21135 | I45: =IF(I24>0,IF(I2<=year_end,I39*I29,0),0) -> 121.61453 | J45: =IF(J24>0,IF(J2<=year_end,J39*J29,0),0) -> 120.0384 | K45: =IF(K24>0,IF(K2<=year_end,K39*K29,0),0) -> 118.48271 | L45: =IF(L24>0,IF(L2<=year_end,L39*L29,0),0) -> 131.56557 | M45: =IF(M24>0,IF(M2<=year_end,M39*M29,0),0) -> 129.86048 | ... BI45: =IF(BI24>0,IF(BI2<=year_end,BI39*BI29,0),0) -> 0
C46: Mo | D46: тонн | E46: =SUM(F46:BI46) -> 118744.34 | F46: =IF(F24>0,IF(F2<=year_end,F40*F30,0),0) -> 2707.2 | G46: =IF(G24>0,IF(G2<=year_end,G40*G30,0),0) -> 2677.4858 | H46: =IF(H24>0,IF(H2<=year_end,H40*H30,0),0) -> 2648.0977 | I46: =IF(I24>0,IF(I2<=year_end,I40*I30,0),0) -> 2619.0322 | J46: =IF(J24>0,IF(J2<=year_end,J40*J30,0),0) -> 2590.2857 | K46: =IF(K24>0,IF(K2<=year_end,K40*K30,0),0) -> 2561.8547 | L46: =IF(L24>0,IF(L2<=year_end,L40*L30,0),0) -> 2850.4528 | M46: =IF(M24>0,IF(M2<=year_end,M40*M30,0),0) -> 2819.1662 | ... BI46: =IF(BI24>0,IF(BI2<=year_end,BI40*BI30,0),0) -> 0
C47: Au | D47: мян. унц | E47: =SUM(F47:BI47) -> 232.626 | F47: =IF(F24>0,IF(F2<=year_end,F39*F31/g_oz,0),0) -> 5.3035379 | G47: =IF(G24>0,IF(G2<=year_end,G39*G31/g_oz,0),0) -> 5.2453263 | H47: =IF(H24>0,IF(H2<=year_end,H39*H31/g_oz,0),0) -> 5.1877536 | I47: =IF(I24>0,IF(I2<=year_end,I39*I31/g_oz,0),0) -> 5.1308128 | J47: =IF(J24>0,IF(J2<=year_end,J39*J31/g_oz,0),0) -> 5.074497 | K47: =IF(K24>0,IF(K2<=year_end,K39*K31/g_oz,0),0) -> 5.0187994 | L47: =IF(L24>0,IF(L2<=year_end,L39*L31/g_oz,0),0) -> 5.5841771 | M47: =IF(M24>0,IF(M2<=year_end,M39*M31/g_oz,0),0) -> 5.5228852 | ... BI47: =IF(BI24>0,IF(BI2<=year_end,BI39*BI31/g_oz,0),0) -> 0
C48: Ag | D48: мян. унц | E48: =SUM(F48:BI48) -> 54279.401 | F48: =IF(F24>0,IF(F2<=year_end,F39*F32/g_oz,0),0) -> 1237.4922 | G48: =IF(G24>0,IF(G2<=year_end,G39*G32/g_oz,0),0) -> 1223.9095 | H48: =IF(H24>0,IF(H2<=year_end,H39*H32/g_oz,0),0) -> 1210.4758 | I48: =IF(I24>0,IF(I2<=year_end,I39*I32/g_oz,0),0) -> 1197.1897 | J48: =IF(J24>0,IF(J2<=year_end,J39*J32/g_oz,0),0) -> 1184.0493 | K48: =IF(K24>0,IF(K2<=year_end,K39*K32/g_oz,0),0) -> 1171.0532 | L48: =IF(L24>0,IF(L2<=year_end,L39*L32/g_oz,0),0) -> 1302.9747 | M48: =IF(M24>0,IF(M2<=year_end,M39*M32/g_oz,0),0) -> 1288.6732 | ... BI48: =IF(BI24>0,IF(BI2<=year_end,BI39*BI32/g_oz,0),0) -> 0
C49: төлбөр тооцох Cu | D49: харьцаа | E49: =AVERAGEIF(F49:BI49,">0") -> 0.96 | F49: =IF(F24>0,IF(F2<=year_end,assumptions!$E$105,0),0) -> 0.96 | G49: =IF(G24>0,IF(G2<=year_end,assumptions!$E$105,0),0) -> 0.96 | H49: =IF(H24>0,IF(H2<=year_end,assumptions!$E$105,0),0) -> 0.96 | I49: =IF(I24>0,IF(I2<=year_end,assumptions!$E$105,0),0) -> 0.96 | J49: =IF(J24>0,IF(J2<=year_end,assumptions!$E$105,0),0) -> 0.96 | K49: =IF(K24>0,IF(K2<=year_end,assumptions!$E$105,0),0) -> 0.96 | L49: =IF(L24>0,IF(L2<=year_end,assumptions!$E$105,0),0) -> 0.96 | M49: =IF(M24>0,IF(M2<=year_end,assumptions!$E$105,0),0) -> 0.96 | ... BI49: =IF(BI24>0,IF(BI2<=year_end,assumptions!$E$105,0),0) -> 0
C50: төлбөр тооцох Mo | D50: харьцаа | E50: =AVERAGEIF(F50:BI50,">0") -> 0.9 | F50: =IF(F24>0,IF(F3<=year_end,assumptions!$E$106,0),0) -> 0.9 | G50: =IF(G24>0,IF(G3<=year_end,assumptions!$E$106,0),0) -> 0.9 | H50: =IF(H24>0,IF(H3<=year_end,assumptions!$E$106,0),0) -> 0.9 | I50: =IF(I24>0,IF(I3<=year_end,assumptions!$E$106,0),0) -> 0.9 | J50: =IF(J24>0,IF(J3<=year_end,assumptions!$E$106,0),0) -> 0.9 | K50: =IF(K24>0,IF(K3<=year_end,assumptions!$E$106,0),0) -> 0.9 | L50: =IF(L24>0,IF(L3<=year_end,assumptions!$E$106,0),0) -> 0.9 | M50: =IF(M24>0,IF(M3<=year_end,assumptions!$E$106,0),0) -> 0.9 | ... BI50: =IF(BI24>0,IF(BI3<=year_end,assumptions!$E$106,0),0) -> 0
C51: төлбөр тооцох Au | D51: харьцаа | E51: =AVERAGEIF(F51:BI51,">0") -> 0.95 | F51: =IF(F24>0,IF(F3<=year_end,assumptions!$E$107,0),0) -> 0.95 | G51: =IF(G24>0,IF(G3<=year_end,assumptions!$E$107,0),0) -> 0.95 | H51: =IF(H24>0,IF(H3<=year_end,assumptions!$E$107,0),0) -> 0.95 | I51: =IF(I24>0,IF(I3<=year_end,assumptions!$E$107,0),0) -> 0.95 | J51: =IF(J24>0,IF(J3<=year_end,assumptions!$E$107,0),0) -> 0.95 | K51: =IF(K24>0,IF(K3<=year_end,assumptions!$E$107,0),0) -> 0.95 | L51: =IF(L24>0,IF(L3<=year_end,assumptions!$E$107,0),0) -> 0.95 | M51: =IF(M24>0,IF(M3<=year_end,assumptions!$E$107,0),0) -> 0.95 | ... BI51: =IF(BI24>0,IF(BI3<=year_end,assumptions!$E$107,0),0) -> 0
C52: төлбөр тооцох Ag | D52: харьцаа | E52: =AVERAGEIF(F52:BI52,">0") -> 0.9 | F52: =IF(F24>0,IF(F3<=year_end,assumptions!$E$108,0),0) -> 0.9 | G52: =IF(G24>0,IF(G3<=year_end,assumptions!$E$108,0),0) -> 0.9 | H52: =IF(H24>0,IF(H3<=year_end,assumptions!$E$108,0),0) -> 0.9 | I52: =IF(I24>0,IF(I3<=year_end,assumptions!$E$108,0),0) -> 0.9 | J52: =IF(J24>0,IF(J3<=year_end,assumptions!$E$108,0),0) -> 0.9 | K52: =IF(K24>0,IF(K3<=year_end,assumptions!$E$108,0),0) -> 0.9 | L52: =IF(L24>0,IF(L3<=year_end,assumptions!$E$108,0),0) -> 0.9 | M52: =IF(M24>0,IF(M3<=year_end,assumptions!$E$108,0),0) -> 0.9 | ... BI52: =IF(BI24>0,IF(BI3<=year_end,assumptions!$E$108,0),0) -> 0
A54: ХАЙЛУУЛАХ ҮЙЛДВЭР
B56: хайлуулах
C57: баяжмалын орц | D57: мян. тонн | E57: =SUM(F57:BI57) -> 23487.383 | F57: =IF(F2>=smelter_start,F39*assumptions!$E$91,0) -> 0 | G57: =IF(G2>=smelter_start,G39*assumptions!$E$91,0) -> 0 | H57: =IF(H2>=smelter_start,H39*assumptions!$E$91,0) -> 0 | I57: =IF(I2>=smelter_start,I39*assumptions!$E$91,0) -> 0 | J57: =IF(J2>=smelter_start,J39*assumptions!$E$91,0) -> 532.47602 | K57: =IF(K2>=smelter_start,K39*assumptions!$E$91,0) -> 528.21621 | L57: =IF(L2>=smelter_start,L39*assumptions!$E$91,0) -> 589.48929 | M57: =IF(M2>=smelter_start,M39*assumptions!$E$91,0) -> 584.77338 | ... BI57: =IF(BI2>=smelter_start,BI39*assumptions!$E$91,0) -> 0
C58: анодын зэс | D58: мян. тонн | E58: =SUM(F58:BI58) -> 4636.424 | F58: =MIN(F57*assumptions!$E$93*F29,assumptions!$E$92) -> 0 | G58: =MIN(G57*assumptions!$E$93*G29,assumptions!$E$92) -> 0 | H58: =MIN(H57*assumptions!$E$93*H29,assumptions!$E$92) -> 0 | I58: =MIN(I57*assumptions!$E$93*I29,assumptions!$E$92) -> 0 | J58: =MIN(J57*assumptions!$E$93*J29,assumptions!$E$92) -> 115.23687 | K58: =MIN(K57*assumptions!$E$93*K29,assumptions!$E$92) -> 113.7434 | L58: =MIN(L57*assumptions!$E$93*L29,assumptions!$E$92) -> 126.30294 | M58: =MIN(M57*assumptions!$E$93*M29,assumptions!$E$92) -> 124.66606 | ... BI58: =MIN(BI57*assumptions!$E$93*BI29,assumptions!$E$92) -> 0
C59: Cu баяжмал дахь хүхэр | D59: мян. тонн | E59: =SUM(F59:BI59) -> 7868.2733 | F59: =IF(F2>=smelter_start,F39*assumptions!$E$97,0) -> 0 | G59: =IF(G2>=smelter_start,G39*assumptions!$E$97,0) -> 0 | H59: =IF(H2>=smelter_start,H39*assumptions!$E$97,0) -> 0 | I59: =IF(I2>=smelter_start,I39*assumptions!$E$97,0) -> 0 | J59: =IF(J2>=smelter_start,J39*assumptions!$E$97,0) -> 178.37947 | K59: =IF(K2>=smelter_start,K39*assumptions!$E$97,0) -> 176.95243 | L59: =IF(L2>=smelter_start,L39*assumptions!$E$97,0) -> 197.47891 | M59: =IF(M2>=smelter_start,M39*assumptions!$E$97,0) -> 195.89908 | ... BI59: =IF(BI2>=smelter_start,BI39*assumptions!$E$97,0) -> 0
C60: барих хүхэр | D60: мян. тонн | E60: =SUM(F60:BI60) -> 7671.5665 | F60: =F59*assumptions!$E$98 -> 0 | G60: =G59*assumptions!$E$98 -> 0 | H60: =H59*assumptions!$E$98 -> 0 | I60: =I59*assumptions!$E$98 -> 0 | J60: =J59*assumptions!$E$98 -> 173.91998 | K60: =K59*assumptions!$E$98 -> 172.52862 | L60: =L59*assumptions!$E$98 -> 192.54194 | M60: =M59*assumptions!$E$98 -> 191.0016 | ... XFD60: =XFD59*assumptions!$E$98 -> 0
B62: цэвэршүүлэлт
C63: анодын орц | D63: мян. тонн | E63: =SUM(F63:BI63) -> 4636.424 | F63: =F58 -> 0 | G63: =G58 -> 0 | H63: =H58 -> 0 | I63: =I58 -> 0 | J63: =J58 -> 115.23687 | K63: =K58 -> 113.7434 | L63: =L58 -> 126.30294 | M63: =M58 -> 124.66606 | ... BI63: =BI58 -> 0
C64: катодын зэс | D64: мян. тонн | E64: =SUM(F64:BI64) -> 4543.6955 | F64: =F63*assumptions!$E$94 -> 0 | G64: =G63*assumptions!$E$94 -> 0 | H64: =H63*assumptions!$E$94 -> 0 | I64: =I63*assumptions!$E$94 -> 0 | J64: =J63*assumptions!$E$94 -> 112.93213 | K64: =K63*assumptions!$E$94 -> 111.46853 | L64: =L63*assumptions!$E$94 -> 123.77688 | M64: =M63*assumptions!$E$94 -> 122.17274 | ... BI64: =BI63*assumptions!$E$94 -> 0
C65: алт | D65: мян. унц | E65: =SUM(F65:BI65) -> 209.64099 | F65: =IF(F2>=smelter_start,F47*assumptions!$E$95,0) -> 0 | G65: =IF(G2>=smelter_start,G47*assumptions!$E$95,0) -> 0 | H65: =IF(H2>=smelter_start,H47*assumptions!$E$95,0) -> 0 | I65: =IF(I2>=smelter_start,I47*assumptions!$E$95,0) -> 0 | J65: =IF(J2>=smelter_start,J47*assumptions!$E$95,0) -> 5.0237521 | K65: =IF(K2>=smelter_start,K47*assumptions!$E$95,0) -> 4.9686114 | L65: =IF(L2>=smelter_start,L47*assumptions!$E$95,0) -> 5.5283354 | M65: =IF(M2>=smelter_start,M47*assumptions!$E$95,0) -> 5.4676564 | ... BI65: =IF(BI2>=smelter_start,BI47*assumptions!$E$95,0) -> 0
C66: мөнгө | D66: мян. унц | E66: =SUM(F66:BI66) -> 48916.23 | F66: =IF(F2>=smelter_start,F48*assumptions!$E$96,0) -> 0 | G66: =IF(G2>=smelter_start,G48*assumptions!$E$96,0) -> 0 | H66: =IF(H2>=smelter_start,H48*assumptions!$E$96,0) -> 0 | I66: =IF(I2>=smelter_start,I48*assumptions!$E$96,0) -> 0 | J66: =IF(J2>=smelter_start,J48*assumptions!$E$96,0) -> 1172.2088 | K66: =IF(K2>=smelter_start,K48*assumptions!$E$96,0) -> 1159.3426 | L66: =IF(L2>=smelter_start,L48*assumptions!$E$96,0) -> 1289.9449 | M66: =IF(M2>=smelter_start,M48*assumptions!$E$96,0) -> 1275.7865 | ... BI66: =IF(BI2>=smelter_start,BI48*assumptions!$E$96,0) -> 0
B68: хүчлийн үйлдвэрлэл
C69: хүхрийн орц | D69: мян. тонн | E69: =SUM(F69:BI69) -> 7671.5665 | F69: =F60 -> 0 | G69: =G60 -> 0 | H69: =H60 -> 0 | I69: =I60 -> 0 | J69: =J60 -> 173.91998 | K69: =K60 -> 172.52862 | L69: =L60 -> 192.54194 | M69: =M60 -> 191.0016 | ... BI69: =BI60 -> 0
C70: хүхри��н давхар исэл | D70: мян. тонн | E70: =SUM(F70:BI70) -> 15343.133 | F70: =F60*2 -> 0 | G70: =G60*2 -> 0 | H70: =H60*2 -> 0 | I70: =I60*2 -> 0 | J70: =J60*2 -> 347.83996 | K70: =K60*2 -> 345.05724 | L70: =L60*2 -> 385.08388 | M70: =M60*2 -> 382.00321 | ... BI70: =BI60*2 -> 0
C71: хүхрийн хүчил | D71: мян. тонн | E71: =SUM(F71:BI71) -> 23259.231 | F71: =F69*assumptions!$E$99*assumptions!$E$100 -> 0 | G71: =G69*assumptions!$E$99*assumptions!$E$100 -> 0 | H71: =H69*assumptions!$E$99*assumptions!$E$100 -> 0 | I71: =I69*assumptions!$E$99*assumptions!$E$100 -> 0 | J71: =J69*assumptions!$E$99*assumptions!$E$100 -> 527.30364 | K71: =K69*assumptions!$E$99*assumptions!$E$100 -> 523.08521 | L71: =L69*assumptions!$E$99*assumptions!$E$100 -> 583.76309 | M71: =M69*assumptions!$E$99*assumptions!$E$100 -> 579.09299 | ... BI71: =BI69*assumptions!$E$99*assumptions!$E$100 -> 0
B73: гипсийн үйлдвэрлэл
C74: хүхрийн хүчлийн орц | D74: мян. тонн | E74: =SUM(F74:BI74) -> 16281.461 | F74: =F71*(1-assumptions!$E$18) -> 0 | G74: =G71*(1-assumptions!$E$18) -> 0 | H74: =H71*(1-assumptions!$E$18) -> 0 | I74: =I71*(1-assumptions!$E$18) -> 0 | J74: =J71*(1-assumptions!$E$18) -> 369.11255 | K74: =K71*(1-assumptions!$E$18) -> 366.15965 | L74: =L71*(1-assumptions!$E$18) -> 408.63416 | M74: =M71*(1-assumptions!$E$18) -> 405.36509 | ... BI74: =BI71*(1-assumptions!$E$18) -> 0
C75: гипс | D75: мян. тонн | E75: =SUM(F75:BI75) -> 28655.372 | F75: =F74*assumptions!$E$102 -> 0 | G75: =G74*assumptions!$E$102 -> 0 | H75: =H74*assumptions!$E$102 -> 0 | I75: =I74*assumptions!$E$102 -> 0 | J75: =J74*assumptions!$E$102 -> 649.63808 | K75: =K74*assumptions!$E$102 -> 644.44098 | L75: =L74*assumptions!$E$102 -> 719.19613 | M75: =M74*assumptions!$E$102 -> 713.44256 | ... BI75: =BI74*assumptions!$E$102 -> 0

Sheet revenue
A1: ОРЛОГО
E2: year_calendar--> | F2: =IF(year_start+(COLUMN()-COLUMN($F$2))<=year_end,year_start+(COLUMN()-COLUMN($F$2)),"") -> 2025 | G2: =IF(year_start+(COLUMN()-COLUMN($F$2))<=year_end,year_start+(COLUMN()-COLUMN($F$2)),"") -> 2026 | H2: =IF(year_start+(COLUMN()-COLUMN($F$2))<=year_end,year_start+(COLUMN()-COLUMN($F$2)),"") -> 2027 | I2: =IF(year_start+(COLUMN()-COLUMN($F$2))<=year_end,year_start+(COLUMN()-COLUMN($F$2)),"") -> 2028 | J2: =IF(year_start+(COLUMN()-COLUMN($F$2))<=year_end,year_start+(COLUMN()-COLUMN($F$2)),"") -> 2029 | K2: =IF(year_start+(COLUMN()-COLUMN($F$2))<=year_end,year_start+(COLUMN()-COLUMN($F$2)),"") -> 2030 | L2: =IF(year_start+(COLUMN()-COLUMN($F$2))<=year_end,year_start+(COLUMN()-COLUMN($F$2)),"") -> 2031 | M2: =IF(year_start+(COLUMN()-COLUMN($F$2))<=year_end,year_start+(COLUMN()-COLUMN($F$2)),"") -> 2032 | ... BW2: =IF(year_start+(COLUMN()-COLUMN($F$2))<=year_end,year_start+(COLUMN()-COLUMN($F$2)),"")
E3: year_start--> | F3: =IF(year_start+(COLUMN()-COLUMN($F$2))<=year_end,F2-year_start,"") -> 0 | G3: =IF(year_start+(COLUMN()-COLUMN($F$2))<=year_end,G2-year_start,"") -> 1 | H3: =IF(year_start+(COLUMN()-COLUMN($F$2))<=year_end,H2-year_start,"") -> 2 | I3: =IF(year_start+(COLUMN()-COLUMN($F$2))<=year_end,I2-year_start,"") -> 3 | J3: =IF(year_start+(COLUMN()-COLUMN($F$2))<=year_end,J2-year_start,"") -> 4 | K3: =IF(year_start+(COLUMN()-COLUMN($F$2))<=year_end,K2-year_start,"") -> 5 | L3: =IF(year_start+(COLUMN()-COLUMN($F$2))<=year_end,L2-year_start,"") -> 6 | M3: =IF(year_start+(COLUMN()-COLUMN($F$2))<=year_end,M2-year_start,"") -> 7 | ... BW3: =IF(year_start+(COLUMN()-COLUMN($F$2))<=year_end,BW2-year_start,"")
E4: year_end--> | F4: =IF(year_start+(COLUMN()-COLUMN($F$2))<=year_end,F3+1,"") -> 1 | G4: =IF(year_start+(COLUMN()-COLUMN($F$2))<=year_end,G3+1,"") -> 2 | H4: =IF(year_start+(COLUMN()-COLUMN($F$2))<=year_end,H3+1,"") -> 3 | I4: =IF(year_start+(COLUMN()-COLUMN($F$2))<=year_end,I3+1,"") -> 4 | J4: =IF(year_start+(COLUMN()-COLUMN($F$2))<=year_end,J3+1,"") -> 5 | K4: =IF(year_start+(COLUMN()-COLUMN($F$2))<=year_end,K3+1,"") -> 6 | L4: =IF(year_start+(COLUMN()-COLUMN($F$2))<=year_end,L3+1,"") -> 7 | M4: =IF(year_start+(COLUMN()-COLUMN($F$2))<=year_end,M3+1,"") -> 8 | ... BW4: =IF(year_start+(COLUMN()-COLUMN($F$2))<=year_end,BW3+1,"")
A5: хувьсагч | D5: нэгж | E5: total/average
A7: БОДИТ ҮНЭ
A9: үнэ
C10: зэс | D10: ам.доллар/тонн | E10: =AVERAGEIF(F10:BI10,">0") -> 12200.593 | F10: =IF(production!F24>0,IF(F2<=year_end,assumptions!$E$34*(1+assumptions!$E$35)^F3,0),0) -> 11023.1 | G10: =IF(production!G24>0,IF(G2<=year_end,assumptions!$E$34*(1+assumptions!$E$35)^G3,0),0) -> 11078.215 | H10: =IF(production!H24>0,IF(H2<=year_end,assumptions!$E$34*(1+assumptions!$E$35)^H3,0),0) -> 11133.607 | I10: =IF(production!I24>0,IF(I2<=year_end,assumptions!$E$34*(1+assumptions!$E$35)^I3,0),0) -> 11189.275 | J10: =IF(production!J24>0,IF(J2<=year_end,assumptions!$E$34*(1+assumptions!$E$35)^J3,0),0) -> 11245.221 | K10: =IF(production!K24>0,IF(K2<=year_end,assumptions!$E$34*(1+assumptions!$E$35)^K3,0),0) -> 11301.447 | L10: =IF(production!L24>0,IF(L2<=year_end,assumptions!$E$34*(1+assumptions!$E$35)^L3,0),0) -> 11357.954 | M10: =IF(production!M24>0,IF(M2<=year_end,assumptions!$E$34*(1+assumptions!$E$35)^M3,0),0) -> 11414.744 | ... BI10: =IF(production!BI24>0,IF(BI2<=year_end,assumptions!$E$34*(1+assumptions!$E$35)^BI3,0),0) -> 0
C11: молибден | D11: ам.доллар/тонн | E11: =AVERAGEIF(F11:BI11,">0") -> 61002.967 | F11: =IF(production!F24>0,IF(F2<=year_end,assumptions!$E$37*(1+assumptions!$E$38)^F3,0),0) -> 55115.5 | G11: =IF(production!G24>0,IF(G2<=year_end,assumptions!$E$37*(1+assumptions!$E$38)^G3,0),0) -> 55391.077 | H11: =IF(production!H24>0,IF(H2<=year_end,assumptions!$E$37*(1+assumptions!$E$38)^H3,0),0) -> 55668.033 | I11: =IF(production!I24>0,IF(I2<=year_end,assumptions!$E$37*(1+assumptions!$E$38)^I3,0),0) -> 55946.373 | J11: =IF(production!J24>0,IF(J2<=year_end,assumptions!$E$37*(1+assumptions!$E$38)^J3,0),0) -> 56226.105 | K11: =IF(production!K24>0,IF(K2<=year_end,assumptions!$E$37*(1+assumptions!$E$38)^K3,0),0) -> 56507.235 | L11: =IF(production!L24>0,IF(L2<=year_end,assumptions!$E$37*(1+assumptions!$E$38)^L3,0),0) -> 56789.772 | M11: =IF(production!M24>0,IF(M2<=year_end,assumptions!$E$37*(1+assumptions!$E$38)^M3,0),0) -> 57073.72 | ... BI11: =IF(production!BI24>0,IF(BI2<=year_end,assumptions!$E$37*(1+assumptions!$E$38)^BI3,0),0) -> 0
C12: алт | D12: ам.доллар/унц | E12: =AVERAGEIF(F12:BI12,">0") -> 3000 | F12: =IF(production!F24>0,IF(F2<=year_end,assumptions!$E$39,0),0) -> 3000 | G12: =IF(production!G24>0,IF(G2<=year_end,assumptions!$E$39,0),0) -> 3000 | H12: =IF(production!H24>0,IF(H2<=year_end,assumptions!$E$39,0),0) -> 3000 | I12: =IF(production!I24>0,IF(I2<=year_end,assumptions!$E$39,0),0) -> 3000 | J12: =IF(production!J24>0,IF(J2<=year_end,assumptions!$E$39,0),0) -> 3000 | K12: =IF(production!K24>0,IF(K2<=year_end,assumptions!$E$39,0),0) -> 3000 | L12: =IF(production!L24>0,IF(L2<=year_end,assumptions!$E$39,0),0) -> 3000 | M12: =IF(production!M24>0,IF(M2<=year_end,assumptions!$E$39,0),0) -> 3000 | ... BI12: =IF(production!BI24>0,IF(BI2<=year_end,assumptions!$E$39,0),0) -> 0
C13: мөнгө | D13: ам.доллар/унц | E13: =AVERAGEIF(F13:BI13,">0") -> 35 | F13: =IF(production!F24>0,IF(F2<=year_end,assumptions!$E$40,0),0) -> 35 | G13: =IF(production!G24>0,IF(G2<=year_end,assumptions!$E$40,0),0) -> 35 | H13: =IF(production!H24>0,IF(H2<=year_end,assumptions!$E$40,0),0) -> 35 | I13: =IF(production!I24>0,IF(I2<=year_end,assumptions!$E$40,0),0) -> 35 | J13: =IF(production!J24>0,IF(J2<=year_end,assumptions!$E$40,0),0) -> 35 | K13: =IF(production!K24>0,IF(K2<=year_end,assumptions!$E$40,0),0) -> 35 | L13: =IF(production!L24>0,IF(L2<=year_end,assumptions!$E$40,0),0) -> 35 | M13: =IF(production!M24>0,IF(M2<=year_end,assumptions!$E$40,0),0) -> 35 | ... BI13: =IF(production!BI24>0,IF(BI2<=year_end,assumptions!$E$40,0),0) -> 0
C14: боловсруулалтын төлбөр | D14: ам.доллар/тонн | E14: =AVERAGEIF(F14:BI14,">0") -> 50 | F14: =IF(production!F24>0,IF(F2<=year_end,assumptions!$E$41*(1+assumptions!$E$42)^F3,0),0) -> 50 | G14: =IF(production!G24>0,IF(G2<=year_end,assumptions!$E$41*(1+assumptions!$E$42)^G3,0),0) -> 50 | H14: =IF(production!H24>0,IF(H2<=year_end,assumptions!$E$41*(1+assumptions!$E$42)^H3,0),0) -> 50 | I14: =IF(production!I24>0,IF(I2<=year_end,assumptions!$E$41*(1+assumptions!$E$42)^I3,0),0) -> 50 | J14: =IF(production!J24>0,IF(J2<=year_end,assumptions!$E$41*(1+assumptions!$E$42)^J3,0),0) -> 50 | K14: =IF(production!K24>0,IF(K2<=year_end,assumptions!$E$41*(1+assumptions!$E$42)^K3,0),0) -> 50 | L14: =IF(production!L24>0,IF(L2<=year_end,assumptions!$E$41*(1+assumptions!$E$42)^L3,0),0) -> 50 | M14: =IF(production!M24>0,IF(M2<=year_end,assumptions!$E$41*(1+assumptions!$E$42)^M3,0),0) -> 50 | ... BI14: =IF(production!BI24>0,IF(BI2<=year_end,assumptions!$E$41*(1+assumptions!$E$42)^BI3,0),0) -> 0
C15: Cu цэвэршүүлэлтийн төлбөр | D15: цент/фунт | E15: =AVERAGEIF(F15:BI15,">0") -> 5 | F15: =IF(production!F24>0,IF(F2<=year_end,assumptions!$E$43*(1+assumptions!$E$44)^F3,0),0) -> 5 | G15: =IF(production!G24>0,IF(G2<=year_end,assumptions!$E$43*(1+assumptions!$E$44)^G3,0),0) -> 5 | H15: =IF(production!H24>0,IF(H2<=year_end,assumptions!$E$43*(1+assumptions!$E$44)^H3,0),0) -> 5 | I15: =IF(production!I24>0,IF(I2<=year_end,assumptions!$E$43*(1+assumptions!$E$44)^I3,0),0) -> 5 | J15: =IF(production!J24>0,IF(J2<=year_end,assumptions!$E$43*(1+assumptions!$E$44)^J3,0),0) -> 5 | K15: =IF(production!K24>0,IF(K2<=year_end,assumptions!$E$43*(1+assumptions!$E$44)^K3,0),0) -> 5 | L15: =IF(production!L24>0,IF(L2<=year_end,assumptions!$E$43*(1+assumptions!$E$44)^L3,0),0) -> 5 | M15: =IF(production!M24>0,IF(M2<=year_end,assumptions!$E$43*(1+assumptions!$E$44)^M3,0),0) -> 5 | ... BI15: =IF(production!BI24>0,IF(BI2<=year_end,assumptions!$E$43*(1+assumptions!$E$44)^BI3,0),0) -> 0
C16: Au цэвэршүүлэлтийн төлбөр | D16: ам.доллар/унц | E16: =AVERAGEIF(F16:BI16,">0") -> 8 | F16: =IF(production!F24>0,IF(F2<=year_end,assumptions!$E$47,0),0) -> 8 | G16: =IF(production!G24>0,IF(G2<=year_end,assumptions!$E$47,0),0) -> 8 | H16: =IF(production!H24>0,IF(H2<=year_end,assumptions!$E$47,0),0) -> 8 | I16: =IF(production!I24>0,IF(I2<=year_end,assumptions!$E$47,0),0) -> 8 | J16: =IF(production!J24>0,IF(J2<=year_end,assumptions!$E$47,0),0) -> 8 | K16: =IF(production!K24>0,IF(K2<=year_end,assumptions!$E$47,0),0) -> 8 | L16: =IF(production!L24>0,IF(L2<=year_end,assumptions!$E$47,0),0) -> 8 | M16: =IF(production!M24>0,IF(M2<=year_end,assumptions!$E$47,0),0) -> 8 | ... BI16: =IF(production!BI24>0,IF(BI2<=year_end,assumptions!$E$47,0),0) -> 0
C17: Ag цэвэршүүлэлтийн төлбөр | D17: ам.доллар/унц | E17: =AVERAGEIF(F17:BI17,">0") -> 0.5 | F17: =IF(production!F24>0,IF(F2<=year_end,assumptions!$E$48,0),0) -> 0.5 | G17: =IF(production!G24>0,IF(G2<=year_end,assumptions!$E$48,0),0) -> 0.5 | H17: =IF(production!H24>0,IF(H2<=year_end,assumptions!$E$48,0),0) -> 0.5 | I17: =IF(production!I24>0,IF(I2<=year_end,assumptions!$E$48,0),0) -> 0.5 | J17: =IF(production!J24>0,IF(J2<=year_end,assumptions!$E$48,0),0) -> 0.5 | K17: =IF(production!K24>0,IF(K2<=year_end,assumptions!$E$48,0),0) -> 0.5 | L17: =IF(production!L24>0,IF(L2<=year_end,assumptions!$E$48,0),0) -> 0.5 | M17: =IF(production!M24>0,IF(M2<=year_end,assumptions!$E$48,0),0) -> 0.5 | ... BI17: =IF(production!BI24>0,IF(BI2<=year_end,assumptions!$E$48,0),0) -> 0
C18: шатаалтын төлбөр | D18: ам.доллар/фунт | E18: =AVERAGEIF(F18:BI18,">0") -> 2 | F18: =IF(production!F24>0,IF(F2<=year_end,assumptions!$E$45*(1+assumptions!$E$46)^F3,0),0) -> 2 | G18: =IF(production!G24>0,IF(G2<=year_end,assumptions!$E$45*(1+assumptions!$E$46)^G3,0),0) -> 2 | H18: =IF(production!H24>0,IF(H2<=year_end,assumptions!$E$45*(1+assumptions!$E$46)^H3,0),0) -> 2 | I18: =IF(production!I24>0,IF(I2<=year_end,assumptions!$E$45*(1+assumptions!$E$46)^I3,0),0) -> 2 | J18: =IF(production!J24>0,IF(J2<=year_end,assumptions!$E$45*(1+assumptions!$E$46)^J3,0),0) -> 2 | K18: =IF(production!K24>0,IF(K2<=year_end,assumptions!$E$45*(1+assumptions!$E$46)^K3,0),0) -> 2 | L18: =IF(production!L24>0,IF(L2<=year_end,assumptions!$E$45*(1+assumptions!$E$46)^L3,0),0) -> 2 | M18: =IF(production!M24>0,IF(M2<=year_end,assumptions!$E$45*(1+assumptions!$E$46)^M3,0),0) -> 2 | ... BI18: =IF(production!BI24>0,IF(BI2<=year_end,assumptions!$E$45*(1+assumptions!$E$46)^BI3,0),0) -> 0
C19: хүхрийн хүчил | D19: ам.доллар/тонн | E19: =AVERAGEIF(F19:BI19,">0") -> 80 | F19: =IF(production!F24>0,assumptions!$E$49,0) -> 80 | G19: =IF(production!G24>0,assumptions!$E$49,0) -> 80 | H19: =IF(production!H24>0,assumptions!$E$49,0) -> 80 | I19: =IF(production!I24>0,assumptions!$E$49,0) -> 80 | J19: =IF(production!J24>0,assumptions!$E$49,0) -> 80 | K19: =IF(production!K24>0,assumptions!$E$49,0) -> 80 | L19: =IF(production!L24>0,assumptions!$E$49,0) -> 80 | M19: =IF(production!M24>0,assumptions!$E$49,0) -> 80 | ... BI19: =IF(production!BI24>0,assumptions!$E$49,0) -> 0
A21: олборлолт
A23: орлого
B24: нийт орлого
C25: зэс | D25: сая ам.доллар | E25: =SUM(F25:AX25) -> 57428.946 | F25: =IF(F2<=year_end,F10*production!F45*production!F49*(1-moist_cu)/1000,0) -> 1231.2437 | G25: =IF(G2<=year_end,G10*production!G45*production!G49*(1-moist_cu)/1000,0) -> 1221.3632 | H25: =IF(H2<=year_end,H10*production!H45*production!H49*(1-moist_cu)/1000,0) -> 1211.562 | I25: =IF(I2<=year_end,I10*production!I45*production!I49*(1-moist_cu)/1000,0) -> 1201.8394 | J25: =IF(J2<=year_end,J10*production!J45*production!J49*(1-moist_cu)/1000,0) -> 1192.1949 | K25: =IF(K2<=year_end,K10*production!K45*production!K49*(1-moist_cu)/1000,0) -> 1182.6278 | L25: =IF(L2<=year_end,L10*production!L45*production!L49*(1-moist_cu)/1000,0) -> 1319.7796 | M25: =IF(M2<=year_end,M10*production!M45*production!M49*(1-moist_cu)/1000,0) -> 1309.1887 | ... BI25: =IF(BI2<=year_end,BI10*production!BI45*production!BI49*(1-moist_cu)/1000,0) -> 0
C26: молибден | D26: сая ам.доллар | E26: =SUM(F26:AX26) -> 6010.3142 | F26: =IF(F2<=year_end,F11*production!F46*production!F50*(1-moist_mo)/1000000,0) -> 123.54479 | G26: =IF(G2<=year_end,G11*production!G46*production!G50*(1-moist_mo)/1000000,0) -> 122.7997 | H26: =IF(H2<=year_end,H11*production!H46*production!H50*(1-moist_mo)/1000000,0) -> 122.05911 | I26: =IF(I2<=year_end,I11*production!I46*production!I50*(1-moist_mo)/1000000,0) -> 121.32299 | J26: =IF(J2<=year_end,J11*production!J46*production!J50*(1-moist_mo)/1000000,0) -> 120.59131 | K26: =IF(K2<=year_end,K11*production!K46*production!K50*(1-moist_mo)/1000000,0) -> 119.86403 | L26: =IF(L2<=year_end,L11*production!L46*production!L50*(1-moist_mo)/1000000,0) -> 134.03379 | M26: =IF(M2<=year_end,M11*production!M46*production!M50*(1-moist_mo)/1000000,0) -> 133.22545 | ... BI26: =IF(BI2<=year_end,BI11*production!BI46*production!BI50*(1-moist_mo)/1000000,0) -> 0
C27: алт | D27: сая ам.доллар | E27: =SUM(F27:AX27) -> 609.94538 | F27: =IF(F2<=year_end,F12*production!F47*production!F51*(1-moist_cu)/1000,0) -> 13.905877 | G27: =IF(G2<=year_end,G12*production!G47*production!G51*(1-moist_cu)/1000,0) -> 13.753246 | H27: =IF(H2<=year_end,H12*production!H47*production!H51*(1-moist_cu)/1000,0) -> 13.60229 | I27: =IF(I2<=year_end,I12*production!I47*production!I51*(1-moist_cu)/1000,0) -> 13.452991 | J27: =IF(J2<=year_end,J12*production!J47*production!J51*(1-moist_cu)/1000,0) -> 13.305331 | K27: =IF(K2<=year_end,K12*production!K47*production!K51*(1-moist_cu)/1000,0) -> 13.159292 | L27: =IF(L2<=year_end,L12*production!L47*production!L51*(1-moist_cu)/1000,0) -> 14.641712 | M27: =IF(M2<=year_end,M12*production!M47*production!M51*(1-moist_cu)/1000,0) -> 14.481005 | ... BI27: =IF(BI2<=year_end,BI12*production!BI47*production!BI51*(1-moist_cu)/1000,0) -> 0
C28: мөнгө | D28: сая ам.доллар | E28: =SUM(F28:AX28) -> 1573.017 | F28: =IF(F3<=year_end,F13*production!F48*production!F52*(1-moist_cu)/1000,0) -> 35.862524 | G28: =IF(G3<=year_end,G13*production!G48*production!G52*(1-moist_cu)/1000,0) -> 35.468897 | H28: =IF(H3<=year_end,H13*production!H48*production!H52*(1-moist_cu)/1000,0) -> 35.07959 | I28: =IF(I3<=year_end,I13*production!I48*production!I52*(1-moist_cu)/1000,0) -> 34.694556 | J28: =IF(J3<=year_end,J13*production!J48*production!J52*(1-moist_cu)/1000,0) -> 34.313749 | K28: =IF(K3<=year_end,K13*production!K48*production!K52*(1-moist_cu)/1000,0) -> 33.937121 | L28: =IF(L3<=year_end,L13*production!L48*production!L52*(1-moist_cu)/1000,0) -> 37.760206 | M28: =IF(M3<=year_end,M13*production!M48*production!M52*(1-moist_cu)/1000,0) -> 37.34575 | ... BI28: =IF(BI3<=year_end,BI13*production!BI48*production!BI52*(1-moist_cu)/1000,0) -> 0
B29: нийт орлогын дүн | D29: сая ам.доллар | E29: =SUM(F29:AX29) -> 65622.223 | F29: =SUM(F25:F28) -> 1404.5568 | G29: =SUM(G25:G28) -> 1393.385 | H29: =SUM(H25:H28) -> 1382.303 | I29: =SUM(I25:I28) -> 1371.31 | J29: =SUM(J25:J28) -> 1360.4053 | K29: =SUM(K25:K28) -> 1349.5882 | L29: =SUM(L25:L28) -> 1506.2153 | M29: =SUM(M25:M28) -> 1494.2409 | ... BI29: =SUM(BI25:BI28) -> 0
B31: боловсруулалтын төлбөр
C32: зэс | D32: сая ам.доллар | E32: =SUM(F32:AX32) -> 1180.3865 | F32: =IF(production!F24>0,IF(F2<=year_end,F14*production!F39*(1-moist_cu)/1000,0),0) -> 25.293632 | G32: =IF(production!G24>0,IF(G2<=year_end,G14*production!G39*(1-moist_cu)/1000,0),0) -> 25.091283 | H32: =IF(production!H24>0,IF(H2<=year_end,H14*production!H39*(1-moist_cu)/1000,0),0) -> 24.890553 | I32: =IF(production!I24>0,IF(I2<=year_end,I14*production!I39*(1-moist_cu)/1000,0),0) -> 24.691428 | J32: =IF(production!J24>0,IF(J2<=year_end,J14*production!J39*(1-moist_cu)/1000,0),0) -> 24.493897 | K32: =IF(production!K24>0,IF(K2<=year_end,K14*production!K39*(1-moist_cu)/1000,0),0) -> 24.297946 | L32: =IF(production!L24>0,IF(L2<=year_end,L14*production!L39*(1-moist_cu)/1000,0),0) -> 27.116507 | M32: =IF(production!M24>0,IF(M2<=year_end,M14*production!M39*(1-moist_cu)/1000,0),0) -> 26.899575 | ... BI32: =IF(production!BI24>0,IF(BI2<=year_end,BI14*production!BI39*(1-moist_cu)/1000,0),0) -> 0
B33: цэвэршүүлэлтийн төлбөр
C34: зэс | D34: сая ам.доллар | E34: =SUM(F34:AX34) -> 587.06071 | F34: =IF(production!F24>0,IF(F2<=year_end,production!F45/1000*assumptions!$E$22*F15/100,0),0) -> 13.940712 | G34: =IF(production!G24>0,IF(G2<=year_end,production!G45/1000*assumptions!$E$22*G15/100,0),0) -> 13.76004 | H34: =IF(production!H24>0,IF(H2<=year_end,production!H45/1000*assumptions!$E$22*H15/100,0),0) -> 13.58171 | I34: =IF(production!I24>0,IF(I2<=year_end,production!I45/1000*assumptions!$E$22*I15/100,0),0) -> 13.405691 | J34: =IF(production!J24>0,IF(J2<=year_end,production!J45/1000*assumptions!$E$22*J15/100,0),0) -> 13.231953 | K34: =IF(production!K24>0,IF(K2<=year_end,production!K45/1000*assumptions!$E$22*K15/100,0),0) -> 13.060467 | L34: =IF(production!L24>0,IF(L2<=year_end,production!L45/1000*assumptions!$E$22*L15/100,0),0) -> 14.502604 | M34: =IF(production!M24>0,IF(M2<=year_end,production!M45/1000*assumptions!$E$22*M15/100,0),0) -> 14.31465 | ... BI34: =IF(production!BI24>0,IF(BI2<=year_end,production!BI45/1000*assumptions!$E$22*BI15/100,0),0) -> 0
C35: алт | D35: сая ам.доллар | E35: =SUM(F35:AX35) -> 1.861008 | F35: =IF(production!F24>0,IF(F2<=year_end,production!F47*F16/1000,0),0) -> 0.042428304 | G35: =IF(production!G24>0,IF(G2<=year_end,production!G47*G16/1000,0),0) -> 0.041962611 | H35: =IF(production!H24>0,IF(H2<=year_end,production!H47*H16/1000,0),0) -> 0.041502029 | I35: =IF(production!I24>0,IF(I2<=year_end,production!I47*I16/1000,0),0) -> 0.041046503 | J35: =IF(production!J24>0,IF(J2<=year_end,production!J47*J16/1000,0),0) -> 0.040595976 | K35: =IF(production!K24>0,IF(K2<=year_end,production!K47*K16/1000,0),0) -> 0.040150395 | L35: =IF(production!L24>0,IF(L2<=year_end,production!L47*L16/1000,0),0) -> 0.044673417 | M35: =IF(production!M24>0,IF(M2<=year_end,production!M47*M16/1000,0),0) -> 0.044183082 | ... BI35: =IF(production!BI24>0,IF(BI2<=year_end,production!BI47*BI16/1000,0),0) -> 0
C36: мөнгө | D36: сая ам.доллар | E36: =SUM(F36:AX36) -> 27.1397 | F36: =IF(production!F24>0,IF(F2<=year_end,production!F48*F17/1000,0),0) -> 0.61874609 | G36: =IF(production!G24>0,IF(G2<=year_end,production!G48*G17/1000,0),0) -> 0.61195474 | H36: =IF(production!H24>0,IF(H2<=year_end,production!H48*H17/1000,0),0) -> 0.60523792 | I36: =IF(production!I24>0,IF(I2<=year_end,production!I48*I17/1000,0),0) -> 0.59859483 | J36: =IF(production!J24>0,IF(J2<=year_end,production!J48*J17/1000,0),0) -> 0.59202465 | K36: =IF(production!K24>0,IF(K2<=year_end,production!K48*K17/1000,0),0) -> 0.58552659 | L36: =IF(production!L24>0,IF(L2<=year_end,production!L48*L17/1000,0),0) -> 0.65148733 | M36: =IF(production!M24>0,IF(M2<=year_end,production!M48*M17/1000,0),0) -> 0.64433661 | ... BI36: =IF(production!BI24>0,IF(BI2<=year_end,production!BI48*BI17/1000,0),0) -> 0
B37: боловсруулалтын төлбөр
C38: молибден | D38: сая ам.доллар | E38: =SUM(F38:AT38) -> 481.68651 | F38: =IF(production!F24>0,IF(F2<=year_end,production!F46*(1-assumptions!$E$88)*assumptions!$E$22*F18/1000000,0),0) -> 10.981759 | G38: =IF(production!G24>0,IF(G2<=year_end,production!G46*(1-assumptions!$E$88)*assumptions!$E$22*G18/1000000,0),0) -> 10.861223 | H38: =IF(production!H24>0,IF(H2<=year_end,production!H46*(1-assumptions!$E$88)*assumptions!$E$22*H18/1000000,0),0) -> 10.74201 | I38: =IF(production!I24>0,IF(I2<=year_end,production!I46*(1-assumptions!$E$88)*assumptions!$E$22*I18/1000000,0),0) -> 10.624106 | J38: =IF(production!J24>0,IF(J2<=year_end,production!J46*(1-assumptions!$E$88)*assumptions!$E$22*J18/1000000,0),0) -> 10.507496 | K38: =IF(production!K24>0,IF(K2<=year_end,production!K46*(1-assumptions!$E$88)*assumptions!$E$22*K18/1000000,0),0) -> 10.392166 | L38: =IF(production!L24>0,IF(L2<=year_end,production!L46*(1-assumptions!$E$88)*assumptions!$E$22*L18/1000000,0),0) -> 11.562864 | M38: =IF(production!M24>0,IF(M2<=year_end,production!M46*(1-assumptions!$E$88)*assumptions!$E$22*M18/1000000,0),0) -> 11.43595 | ... BI38: =IF(production!BI24>0,IF(BI2<=year_end,production!BI46*(1-assumptions!$E$88)*assumptions!$E$22*BI18/1000000,0),0) -> 0
B39: торгууль
C40: Cu баяжмал дахь хүнцэл | D40: сая ам.доллар | E40: =SUM(F40:AX40) -> 77.90551 | F40: =IF(production!F24>0,IF(F2<=year_end,MAX(0,production!F39*(1-moist_cu)*(assumptions!$E$115-assumptions!$E$114)*assumptions!$E$116/1000000),0),0) -> 1.6693797 | G40: =IF(production!G24>0,IF(G2<=year_end,MAX(0,production!G39*(1-moist_cu)*(assumptions!$E$115-assumptions!$E$114)*assumptions!$E$116/1000000),0),0) -> 1.6560247 | H40: =IF(production!H24>0,IF(H2<=year_end,MAX(0,production!H39*(1-moist_cu)*(assumptions!$E$115-assumptions!$E$114)*assumptions!$E$116/1000000),0),0) -> 1.6427765 | I40: =IF(production!I24>0,IF(I2<=year_end,MAX(0,production!I39*(1-moist_cu)*(assumptions!$E$115-assumptions!$E$114)*assumptions!$E$116/1000000),0),0) -> 1.6296343 | J40: =IF(production!J24>0,IF(J2<=year_end,MAX(0,production!J39*(1-moist_cu)*(assumptions!$E$115-assumptions!$E$114)*assumptions!$E$116/1000000),0),0) -> 1.6165972 | K40: =IF(production!K24>0,IF(K2<=year_end,MAX(0,production!K39*(1-moist_cu)*(assumptions!$E$115-assumptions!$E$114)*assumptions!$E$116/1000000),0),0) -> 1.6036644 | L40: =IF(production!L24>0,IF(L2<=year_end,MAX(0,production!L39*(1-moist_cu)*(assumptions!$E$115-assumptions!$E$114)*assumptions!$E$116/1000000),0),0) -> 1.7896895 | M40: =IF(production!M24>0,IF(M2<=year_end,MAX(0,production!M39*(1-moist_cu)*(assumptions!$E$115-assumptions!$E$114)*assumptions!$E$116/1000000),0),0) -> 1.775372 | ... BI40: =IF(production!BI24>0,IF(BI2<=year_end,MAX(0,production!BI39*(1-moist_cu)*(assumptions!$E$115-assumptions!$E$114)*assumptions!$E$116/1000000),0),0) -> 0
C41: Cu баяжмал дахь фтор | D41: сая ам.доллар | E41: =SUM(F41:AX41) -> 33.050822 | F41: =IF(production!F24>0,IF(F2<=year_end,MAX(0,production!F39*(1-assumptions!$E$87)*(assumptions!$E$118-assumptions!$E$117)*assumptions!$E$119/1000000),0),0) -> 0.7082217 | G41: =IF(production!G24>0,IF(G2<=year_end,MAX(0,production!G39*(1-assumptions!$E$87)*(assumptions!$E$118-assumptions!$E$117)*assumptions!$E$119/1000000),0),0) -> 0.70255592 | H41: =IF(production!H24>0,IF(H2<=year_end,MAX(0,production!H39*(1-assumptions!$E$87)*(assumptions!$E$118-assumptions!$E$117)*assumptions!$E$119/1000000),0),0) -> 0.69693548 | I41: =IF(production!I24>0,IF(I2<=year_end,MAX(0,production!I39*(1-assumptions!$E$87)*(assumptions!$E$118-assumptions!$E$117)*assumptions!$E$119/1000000),0),0) -> 0.69135999 | J41: =IF(production!J24>0,IF(J2<=year_end,MAX(0,production!J39*(1-assumptions!$E$87)*(assumptions!$E$118-assumptions!$E$117)*assumptions!$E$119/1000000),0),0) -> 0.68582911 | K41: =IF(production!K24>0,IF(K2<=year_end,MAX(0,production!K39*(1-assumptions!$E$87)*(assumptions!$E$118-assumptions!$E$117)*assumptions!$E$119/1000000),0),0) -> 0.68034248 | L41: =IF(production!L24>0,IF(L2<=year_end,MAX(0,production!L39*(1-assumptions!$E$87)*(assumptions!$E$118-assumptions!$E$117)*assumptions!$E$119/1000000),0),0) -> 0.75926221 | M41: =IF(production!M24>0,IF(M2<=year_end,MAX(0,production!M39*(1-assumptions!$E$87)*(assumptions!$E$118-assumptions!$E$117)*assumptions!$E$119/1000000),0),0) -> 0.75318811 | ... BI41: =IF(production!BI24>0,IF(BI2<=year_end,MAX(0,production!BI39*(1-assumptions!$E$87)*(assumptions!$E$118-assumptions!$E$117)*assumptions!$E$119/1000000),0),0) -> 0
C42: Mo-ийн торгууль | D42: сая ам.доллар | E42: =SUM(F42:AX42) -> 2.1930339 | F42: =IF(production!F24>0,IF(F2<=year_end,assumptions!$E$120*production!F40*(1-moist_mo)/1000000,0),0) -> 0.046992906 | G42: =IF(production!G24>0,IF(G2<=year_end,assumptions!$E$120*production!G40*(1-moist_mo)/1000000,0),0) -> 0.046616962 | H42: =IF(production!H24>0,IF(H2<=year_end,assumptions!$E$120*production!H40*(1-moist_mo)/1000000,0),0) -> 0.046244027 | I42: =IF(production!I24>0,IF(I2<=year_end,assumptions!$E$120*production!I40*(1-moist_mo)/1000000,0),0) -> 0.045874075 | J42: =IF(production!J24>0,IF(J2<=year_end,assumptions!$E$120*production!J40*(1-moist_mo)/1000000,0),0) -> 0.045507082 | K42: =IF(production!K24>0,IF(K2<=year_end,assumptions!$E$120*production!K40*(1-moist_mo)/1000000,0),0) -> 0.045143025 | L42: =IF(production!L24>0,IF(L2<=year_end,assumptions!$E$120*production!L40*(1-moist_mo)/1000000,0),0) -> 0.050379616 | M42: =IF(production!M24>0,IF(M2<=year_end,assumptions!$E$120*production!M40*(1-moist_mo)/1000000,0),0) -> 0.049976579 | ... BI42: =IF(production!BI24>0,IF(BI2<=year_end,assumptions!$E$120*production!BI40*(1-moist_mo)/1000000,0),0) -> 0
B43: боловсруулалтын суутгал | D43: сая ам.доллар | E43: =SUM(F43:AX43) -> 2391.2838 | F43: =F32+F34+F35+F36+F38+F40+F41+F42 -> 53.301871 | G43: =G32+G34+G35+G36+G38+G40+G41+G42 -> 52.771661 | H43: =H32+H34+H35+H36+H38+H40+H41+H42 -> 52.246969 | I43: =I32+I34+I35+I36+I38+I40+I41+I42 -> 51.727735 | J43: =J32+J34+J35+J36+J38+J40+J41+J42 -> 51.2139 | K43: =K32+K34+K35+K36+K38+K40+K41+K42 -> 50.705405 | L43: =L32+L34+L35+L36+L38+L40+L41+L42 -> 56.477467 | M43: =M32+M34+M35+M36+M38+M40+M41+M42 -> 55.917232 | ... BI43: =BI32+BI34+BI35+BI36+BI38+BI40+BI41+BI42 -> 0
B45: баяжмалын тээвэр
C46: зэс | D46: сая ам.доллар | E46: =SUM(F46:AX46) -> 495.97513 | F46: =IF(production!F24>0,IF(F2<=year_end,assumptions!$E$109*production!$F$39/1000,0),0) -> 12.096954 | G46: =IF(production!G24>0,IF(G2<=year_end,assumptions!$E$109*production!$F$39/1000,0),0) -> 12.096954 | H46: =IF(production!H24>0,IF(H2<=year_end,assumptions!$E$109*production!$F$39/1000,0),0) -> 12.096954 | I46: =IF(production!I24>0,IF(I2<=year_end,assumptions!$E$109*production!$F$39/1000,0),0) -> 12.096954 | J46: =IF(production!J24>0,IF(J2<=year_end,assumptions!$E$109*production!$F$39/1000,0),0) -> 12.096954 | K46: =IF(production!K24>0,IF(K2<=year_end,assumptions!$E$109*production!$F$39/1000,0),0) -> 12.096954 | L46: =IF(production!L24>0,IF(L2<=year_end,assumptions!$E$109*production!$F$39/1000,0),0) -> 12.096954 | M46: =IF(production!M24>0,IF(M2<=year_end,assumptions!$E$109*production!$F$39/1000,0),0) -> 12.096954 | ... BI46: =IF(production!BI24>0,IF(BI2<=year_end,assumptions!$E$109*production!$F$39/1000,0),0) -> 0
C47: молибден | D47: сая ам.доллар | E47: =SUM(F47:AX47) -> 5.2356226 | F47: =IF(production!F24>0,IF(F2<=year_end,assumptions!$E$110*production!$F$40/1000000,0),0) -> 0.12769811 | G47: =IF(production!G24>0,IF(G2<=year_end,assumptions!$E$110*production!$F$40/1000000,0),0) -> 0.12769811 | H47: =IF(production!H24>0,IF(H2<=year_end,assumptions!$E$110*production!$F$40/1000000,0),0) -> 0.12769811 | I47: =IF(production!I24>0,IF(I2<=year_end,assumptions!$E$110*production!$F$40/1000000,0),0) -> 0.12769811 | J47: =IF(production!J24>0,IF(J2<=year_end,assumptions!$E$110*production!$F$40/1000000,0),0) -> 0.12769811 | K47: =IF(production!K24>0,IF(K2<=year_end,assumptions!$E$110*production!$F$40/1000000,0),0) -> 0.12769811 | L47: =IF(production!L24>0,IF(L2<=year_end,assumptions!$E$110*production!$F$40/1000000,0),0) -> 0.12769811 | M47: =IF(production!M24>0,IF(M2<=year_end,assumptions!$E$110*production!$F$40/1000000,0),0) -> 0.12769811 | ... BI47: =IF(production!BI24>0,IF(BI2<=year_end,assumptions!$E$110*production!$F$40/1000000,0),0) -> 0
B48: тээврийн нийт зардал | D48: сая ам.доллар | E48: =SUM(F48:AX48) -> 501.21075 | F48: =F46+F47 -> 12.224653 | G48: =G46+G47 -> 12.224653 | H48: =H46+H47 -> 12.224653 | I48: =I46+I47 -> 12.224653 | J48: =J46+J47 -> 12.224653 | K48: =K46+K47 -> 12.224653 | L48: =L46+L47 -> 12.224653 | M48: =M46+M47 -> 12.224653 | ... BI48: =BI46+BI47 -> 0
B50: борлуулалтын орлого
C51: зэс | D51: сая ам.доллар | E51: =SUM(F51:AX51) -> 55054.568 | F51: =F25-F32-F34-F40-F41-F46 -> 1177.5348 | G51: =G25-G32-G34-G40-G41-G46 -> 1168.0563 | H51: =H25-H32-H34-H40-H41-H46 -> 1158.6531 | I51: =I25-I32-I34-I40-I41-I46 -> 1149.3244 | J51: =J25-J32-J34-J40-J41-J46 -> 1140.0697 | K51: =K25-K32-K34-K40-K41-K46 -> 1130.8884 | L51: =L25-L32-L34-L40-L41-L46 -> 1263.5146 | M51: =M25-M32-M34-M40-M41-M46 -> 1253.3489 | ... BI51: =BI25-BI32-BI34-BI40-BI41-BI46 -> 0
C52: молибден | D52: сая ам.доллар | E52: =SUM(F52:AX52) -> 5521.199 | F52: =F26-F38-F42-F47 -> 112.38834 | G52: =G26-G38-G42-G47 -> 111.76417 | H52: =H26-H38-H42-H47 -> 111.14316 | I52: =I26-I38-I42-I47 -> 110.52531 | J52: =J26-J38-J42-J47 -> 109.9106 | K52: =K26-K38-K42-K47 -> 109.29903 | L52: =L26-L38-L42-L47 -> 122.29285 | M52: =M26-M38-M42-M47 -> 121.61183 | ... BI52: =BI26-BI38-BI42-BI47 -> 0
C53: алт | D53: сая ам.доллар | E53: =SUM(F53:AX53) -> 608.08437 | F53: =F27-F35 -> 13.863448 | G53: =G27-G35 -> 13.711283 | H53: =H27-H35 -> 13.560788 | I53: =I27-I35 -> 13.411945 | J53: =J27-J35 -> 13.264735 | K53: =K27-K35 -> 13.119142 | L53: =L27-L35 -> 14.597039 | M53: =M27-M35 -> 14.436822 | ... BI53: =BI27-BI35 -> 0
C54: мөнгө | D54: сая ам.доллар | E54: =SUM(F54:AX54) -> 1545.8773 | F54: =F28-F36 -> 35.243778 | G54: =G28-G36 -> 34.856942 | H54: =H28-H36 -> 34.474352 | I54: =I28-I36 -> 34.095962 | J54: =J28-J36 -> 33.721724 | K54: =K28-K36 -> 33.351595 | L54: =L28-L36 -> 37.108718 | M54: =M28-M36 -> 36.701413 | ... BI54: =BI28-BI36 -> 0
B55: борлуулалтын орлого | D55: сая ам.доллар | E55: =SUM(F55:AX55) -> 62729.728 | F55: =F29-F43-F48 -> 1339.0303 | G55: =G29-G43-G48 -> 1328.3887 | H55: =H29-H43-H48 -> 1317.8314 | I55: =I29-I43-I48 -> 1307.3576 | J55: =J29-J43-J48 -> 1296.9668 | K55: =K29-K43-K48 -> 1286.6582 | L55: =L29-L43-L48 -> 1437.5132 | M55: =M29-M43-M48 -> 1426.099 | ... BI55: =BI29-BI43-BI48 -> 0
A57: нөөц ашигласны төлбөр
B58: зэс | D58: сая ам.доллар | E58: =SUM(F58:BI58) -> 13004.743 | F58: =IF(production!F24>0,IF(F2<=year_end,F59+F60,0),0) -> 278.81423 | G58: =IF(production!G24>0,IF(G2<=year_end,G59+G60,0),0) -> 276.57681 | H58: =IF(production!H24>0,IF(H2<=year_end,H59+H60,0),0) -> 274.35733 | I58: =IF(production!I24>0,IF(I2<=year_end,I59+I60,0),0) -> 272.15567 | J58: =IF(production!J24>0,IF(J2<=year_end,J59+J60,0),0) -> 269.97168 | K58: =IF(production!K24>0,IF(K2<=year_end,K59+K60,0),0) -> 267.80521 | L58: =IF(production!L24>0,IF(L2<=year_end,L59+L60,0),0) -> 298.86314 | M58: =IF(production!M24>0,IF(M2<=year_end,M59+M60,0),0) -> 296.46482 | ... BI58: =IF(production!BI24>0,IF(BI2<=year_end,BI59+BI60,0),0) -> 0
C59: суурь | D59: сая ам.доллар | E59: =SUM(F59:BI59) -> 3251.1858 | F59: =IF(production!F24>0,IF(F2<=year_end,assumptions!$E$123*F10*production!F45/1000/100,0),0) -> 69.703559 | G59: =IF(production!G24>0,IF(G2<=year_end,assumptions!$E$123*G10*production!G45/1000/100,0),0) -> 69.144202 | H59: =IF(production!H24>0,IF(H2<=year_end,assumptions!$E$123*H10*production!H45/1000/100,0),0) -> 68.589333 | I59: =IF(production!I24>0,IF(I2<=year_end,assumptions!$E$123*I10*production!I45/1000/100,0),0) -> 68.038918 | J59: =IF(production!J24>0,IF(J2<=year_end,assumptions!$E$123*J10*production!J45/1000/100,0),0) -> 67.492919 | K59: =IF(production!K24>0,IF(K2<=year_end,assumptions!$E$123*K10*production!K45/1000/100,0),0) -> 66.951302 | L59: =IF(production!L24>0,IF(L2<=year_end,assumptions!$E$123*L10*production!L45/1000/100,0),0) -> 74.715785 | M59: =IF(production!M24>0,IF(M2<=year_end,assumptions!$E$123*M10*production!M45/1000/100,0),0) -> 74.116205 | ... BI59: =IF(production!BI24>0,IF(BI2<=year_end,assumptions!$E$123*BI10*production!BI45/1000/100,0),0) -> 0
C60: нэмэлт | D60: сая ам.доллар | E60: =SUM(F60:BI60) -> 9753.5575 | F60: {=IF(production!F24>0,IF(F2<=year_end,_xlfn.IFS(F10<assumptions!$E$132,assumptions!$E$126,F10<assumptions!$E$133,assumptions!$E$127,F10<assumptions!$E$134,assumptions!$E$128,F10<assumptions!$E$135,assumptions!$E$129,F10<assumptions!$E$136,assumptions!$E$130,F10>=assumptions!$E$136,assumptions!$E$131)*production!F45*F10/100/1000,0),0)} -> 209.11068 | G60: {=IF(production!G24>0,IF(G2<=year_end,_xlfn.IFS(G10<assumptions!$E$132,assumptions!$E$126,G10<assumptions!$E$133,assumptions!$E$127,G10<assumptions!$E$134,assumptions!$E$128,G10<assumptions!$E$135,assumptions!$E$129,G10<assumptions!$E$136,assumptions!$E$130,G10>=assumptions!$E$136,assumptions!$E$131)*production!G45*G10/100/1000,0),0)} -> 207.4326 | H60: {=IF(production!H24>0,IF(H2<=year_end,_xlfn.IFS(H10<assumptions!$E$132,assumptions!$E$126,H10<assumptions!$E$133,assumptions!$E$127,H10<assumptions!$E$134,assumptions!$E$128,H10<assumptions!$E$135,assumptions!$E$129,H10<assumptions!$E$136,assumptions!$E$130,H10>=assumptions!$E$136,assumptions!$E$131)*production!H45*H10/100/1000,0),0)} -> 205.768 | I60: {=IF(production!I24>0,IF(I2<=year_end,_xlfn.IFS(I10<assumptions!$E$132,assumptions!$E$126,I10<assumptions!$E$133,assumptions!$E$127,I10<assumptions!$E$134,assumptions!$E$128,I10<assumptions!$E$135,assumptions!$E$129,I10<assumptions!$E$136,assumptions!$E$130,I10>=assumptions!$E$136,assumptions!$E$131)*production!I45*I10/100/1000,0),0)} -> 204.11675 | J60: {=IF(production!J24>0,IF(J2<=year_end,_xlfn.IFS(J10<assumptions!$E$132,assumptions!$E$126,J10<assumptions!$E$133,assumptions!$E$127,J10<assumptions!$E$134,assumptions!$E$128,J10<assumptions!$E$135,assumptions!$E$129,J10<assumptions!$E$136,assumptions!$E$130,J10>=assumptions!$E$136,assumptions!$E$131)*production!J45*J10/100/1000,0),0)} -> 202.47876 | K60: {=IF(production!K24>0,IF(K2<=year_end,_xlfn.IFS(K10<assumptions!$E$132,assumptions!$E$126,K10<assumptions!$E$133,assumptions!$E$127,K10<assumptions!$E$134,assumptions!$E$128,K10<assumptions!$E$135,assumptions!$E$129,K10<assumptions!$E$136,assumptions!$E$130,K10>=assumptions!$E$136,assumptions!$E$131)*production!K45*K10/100/1000,0),0)} -> 200.8539 | L60: {=IF(production!L24>0,IF(L2<=year_end,_xlfn.IFS(L10<assumptions!$E$132,assumptions!$E$126,L10<assumptions!$E$133,assumptions!$E$127,L10<assumptions!$E$134,assumptions!$E$128,L10<assumptions!$E$135,assumptions!$E$129,L10<assumptions!$E$136,assumptions!$E$130,L10>=assumptions!$E$136,assumptions!$E$131)*production!L45*L10/100/1000,0),0)} -> 224.14735 | M60: {=IF(production!M24>0,IF(M2<=year_end,_xlfn.IFS(M10<assumptions!$E$132,assumptions!$E$126,M10<assumptions!$E$133,assumptions!$E$127,M10<assumptions!$E$134,assumptions!$E$128,M10<assumptions!$E$135,assumptions!$E$129,M10<assumptions!$E$136,assumptions!$E$130,M10>=assumptions!$E$136,assumptions!$E$131)*production!M45*M10/100/1000,0),0)} -> 222.34862 | ... BI60: {=IF(production!BI24>0,IF(BI2<=year_end,_xlfn.IFS(BI10<assumptions!$E$132,assumptions!$E$126,BI10<assumptions!$E$133,assumptions!$E$127,BI10<assumptions!$E$134,assumptions!$E$128,BI10<assumptions!$E$135,assumptions!$E$129,BI10<assumptions!$E$136,assumptions!$E$130,BI10>=assumptions!$E$136,assumptions!$E$131)*production!BI45*BI10/100/1000,0),0)} -> 0
B61: молибден | D61: сая ам.доллар | E61: =SUM(F61:BI61) -> 653.29502 | F61: =IF(production!F24>0,IF(F2<=year_end,SUM(F62:F63),0),0) -> 13.428781 | G61: =IF(production!G24>0,IF(G2<=year_end,SUM(G62:G63),0),0) -> 13.347794 | H61: =IF(production!H24>0,IF(H2<=year_end,SUM(H62:H63),0),0) -> 13.267295 | I61: =IF(production!I24>0,IF(I2<=year_end,SUM(I62:I63),0),0) -> 13.187282 | J61: =IF(production!J24>0,IF(J2<=year_end,SUM(J62:J63),0),0) -> 13.107751 | K61: =IF(production!K24>0,IF(K2<=year_end,SUM(K62:K63),0),0) -> 13.028699 | L61: =IF(production!L24>0,IF(L2<=year_end,SUM(L62:L63),0),0) -> 14.56889 | M61: =IF(production!M24>0,IF(M2<=year_end,SUM(M62:M63),0),0) -> 14.481027 | ... BI61: =IF(production!BI24>0,IF(BI2<=year_end,SUM(BI62:BI63),0),0) -> 0
C62: суурь | D62: сая ам.доллар | E62: =SUM(F62:BI62) -> 362.94168 | F62: =IF(production!F24>0,IF(F2<=year_end,assumptions!$E$123/100*production!F46*F11/1000000,0),0) -> 7.4604341 | G62: =IF(production!G24>0,IF(G2<=year_end,assumptions!$E$123/100*production!G46*G11/1000000,0),0) -> 7.4154411 | H62: =IF(production!H24>0,IF(H2<=year_end,assumptions!$E$123/100*production!H46*H11/1000000,0),0) -> 7.3707195 | I62: =IF(production!I24>0,IF(I2<=year_end,assumptions!$E$123/100*production!I46*I11/1000000,0),0) -> 7.3262675 | J62: =IF(production!J24>0,IF(J2<=year_end,assumptions!$E$123/100*production!J46*J11/1000000,0),0) -> 7.2820837 | K62: =IF(production!K24>0,IF(K2<=year_end,assumptions!$E$123/100*production!K46*K11/1000000,0),0) -> 7.2381663 | L62: =IF(production!L24>0,IF(L2<=year_end,assumptions!$E$123/100*production!L46*L11/1000000,0),0) -> 8.093828 | M62: =IF(production!M24>0,IF(M2<=year_end,assumptions!$E$123/100*production!M46*M11/1000000,0),0) -> 8.0450151 | ... BI62: =IF(production!BI24>0,IF(BI2<=year_end,assumptions!$E$123/100*production!BI46*BI11/1000000,0),0) -> 0
C63: нэмэлт | D63: сая ам.доллар | E63: =SUM(F63:BI63) -> 290.35334 | F63: {=IF(production!F24>0,IF(F2<=year_end,_xlfn.IFS(F11<assumptions!$E$144,assumptions!$E$138,F11<assumptions!$E$145,assumptions!$E$139,F11<assumptions!$E$146,assumptions!$E$140,F11<assumptions!$E$147,assumptions!$E$141,F11<assumptions!$E$148,assumptions!$E$142,F11>=assumptions!$E$148,assumptions!$E$143)/100*production!F46*F11/1000000,0),0)} -> 5.9683473 | G63: {=IF(production!G24>0,IF(G2<=year_end,_xlfn.IFS(G11<assumptions!$E$144,assumptions!$E$138,G11<assumptions!$E$145,assumptions!$E$139,G11<assumptions!$E$146,assumptions!$E$140,G11<assumptions!$E$147,assumptions!$E$141,G11<assumptions!$E$148,assumptions!$E$142,G11>=assumptions!$E$148,assumptions!$E$143)/100*production!G46*G11/1000000,0),0)} -> 5.9323529 | H63: {=IF(production!H24>0,IF(H2<=year_end,_xlfn.IFS(H11<assumptions!$E$144,assumptions!$E$138,H11<assumptions!$E$145,assumptions!$E$139,H11<assumptions!$E$146,assumptions!$E$140,H11<assumptions!$E$147,assumptions!$E$141,H11<assumptions!$E$148,assumptions!$E$142,H11>=assumptions!$E$148,assumptions!$E$143)/100*production!H46*H11/1000000,0),0)} -> 5.8965756 | I63: {=IF(production!I24>0,IF(I2<=year_end,_xlfn.IFS(I11<assumptions!$E$144,assumptions!$E$138,I11<assumptions!$E$145,assumptions!$E$139,I11<assumptions!$E$146,assumptions!$E$140,I11<assumptions!$E$147,assumptions!$E$141,I11<assumptions!$E$148,assumptions!$E$142,I11>=assumptions!$E$148,assumptions!$E$143)/100*production!I46*I11/1000000,0),0)} -> 5.861014 | J63: {=IF(production!J24>0,IF(J2<=year_end,_xlfn.IFS(J11<assumptions!$E$144,assumptions!$E$138,J11<assumptions!$E$145,assumptions!$E$139,J11<assumptions!$E$146,assumptions!$E$140,J11<assumptions!$E$147,assumptions!$E$141,J11<assumptions!$E$148,assumptions!$E$142,J11>=assumptions!$E$148,assumptions!$E$143)/100*production!J46*J11/1000000,0),0)} -> 5.825667 | K63: {=IF(production!K24>0,IF(K2<=year_end,_xlfn.IFS(K11<assumptions!$E$144,assumptions!$E$138,K11<assumptions!$E$145,assumptions!$E$139,K11<assumptions!$E$146,assumptions!$E$140,K11<assumptions!$E$147,assumptions!$E$141,K11<assumptions!$E$148,assumptions!$E$142,K11>=assumptions!$E$148,assumptions!$E$143)/100*production!K46*K11/1000000,0),0)} -> 5.7905331 | L63: {=IF(production!L24>0,IF(L2<=year_end,_xlfn.IFS(L11<assumptions!$E$144,assumptions!$E$138,L11<assumptions!$E$145,assumptions!$E$139,L11<assumptions!$E$146,assumptions!$E$140,L11<assumptions!$E$147,assumptions!$E$141,L11<assumptions!$E$148,assumptions!$E$142,L11>=assumptions!$E$148,assumptions!$E$143)/100*production!L46*L11/1000000,0),0)} -> 6.4750624 | M63: {=IF(production!M24>0,IF(M2<=year_end,_xlfn.IFS(M11<assumptions!$E$144,assumptions!$E$138,M11<assumptions!$E$145,assumptions!$E$139,M11<assumptions!$E$146,assumptions!$E$140,M11<assumptions!$E$147,assumptions!$E$141,M11<assumptions!$E$148,assumptions!$E$142,M11>=assumptions!$E$148,assumptions!$E$143)/100*production!M46*M11/1000000,0),0)} -> 6.4360121 | ... BI63: {=IF(production!BI24>0,IF(BI2<=year_end,_xlfn.IFS(BI11<assumptions!$E$144,assumptions!$E$138,BI11<assumptions!$E$145,assumptions!$E$139,BI11<assumptions!$E$146,assumptions!$E$140,BI11<assumptions!$E$147,assumptions!$E$141,BI11<assumptions!$E$148,assumptions!$E$142,BI11>=assumptions!$E$148,assumptions!$E$143)/100*production!BI46*BI11/1000000,0),0)} -> 0
B64: алт | D64: сая ам.доллар | E64: =SUM(F64:BI64) -> 69.787801 | F64: =SUM(F65:F66) -> 1.5910614 | G64: =SUM(G65:G66) -> 1.5735979 | H64: =SUM(H65:H66) -> 1.5563261 | I64: =SUM(I65:I66) -> 1.5392438 | J64: =SUM(J65:J66) -> 1.5223491 | K64: =SUM(K65:K66) -> 1.5056398 | L64: =SUM(L65:L66) -> 1.6752531 | M64: =SUM(M65:M66) -> 1.6568656 | ... BI64: =SUM(BI65:BI66) -> 0
C65: суурь | D65: сая ам.доллар | E65: =SUM(F65:BI65) -> 34.8939 | F65: =IF(production!F24>0,IF(F2<=year_end,assumptions!$E$123/100*production!F47*F12/1000,0),0) -> 0.79553069 | G65: =IF(production!G24>0,IF(G2<=year_end,assumptions!$E$123/100*production!G47*G12/1000,0),0) -> 0.78679895 | H65: =IF(production!H24>0,IF(H2<=year_end,assumptions!$E$123/100*production!H47*H12/1000,0),0) -> 0.77816304 | I65: =IF(production!I24>0,IF(I2<=year_end,assumptions!$E$123/100*production!I47*I12/1000,0),0) -> 0.76962192 | J65: =IF(production!J24>0,IF(J2<=year_end,assumptions!$E$123/100*production!J47*J12/1000,0),0) -> 0.76117455 | K65: =IF(production!K24>0,IF(K2<=year_end,assumptions!$E$123/100*production!K47*K12/1000,0),0) -> 0.7528199 | L65: =IF(production!L24>0,IF(L2<=year_end,assumptions!$E$123/100*production!L47*L12/1000,0),0) -> 0.83762657 | M65: =IF(production!M24>0,IF(M2<=year_end,assumptions!$E$123/100*production!M47*M12/1000,0),0) -> 0.82843278 | ... BI65: =IF(production!BI24>0,IF(BI2<=year_end,assumptions!$E$123/100*production!BI47*BI12/1000,0),0) -> 0
C66: нэмэлт | D66: сая ам.доллар | E66: =SUM(F66:BI66) -> 34.8939 | F66: {=_xlfn.IFS(F12<assumptions!$E$168,assumptions!$E$162,F12<assumptions!$E$169,assumptions!$E$163,F12<assumptions!$E$170,assumptions!$E$164,F12<assumptions!$E$171,assumptions!$E$165,F12<assumptions!$E$172,assumptions!$E$166,TRUE, assumptions!$E$167)/100*production!F47*F12/1000} -> 0.79553069 | G66: {=_xlfn.IFS(G12<assumptions!$E$168,assumptions!$E$162,G12<assumptions!$E$169,assumptions!$E$163,G12<assumptions!$E$170,assumptions!$E$164,G12<assumptions!$E$171,assumptions!$E$165,G12<assumptions!$E$172,assumptions!$E$166,TRUE, assumptions!$E$167)/100*production!G47*G12/1000} -> 0.78679895 | H66: {=_xlfn.IFS(H12<assumptions!$E$168,assumptions!$E$162,H12<assumptions!$E$169,assumptions!$E$163,H12<assumptions!$E$170,assumptions!$E$164,H12<assumptions!$E$171,assumptions!$E$165,H12<assumptions!$E$172,assumptions!$E$166,TRUE, assumptions!$E$167)/100*production!H47*H12/1000} -> 0.77816304 | I66: {=_xlfn.IFS(I12<assumptions!$E$168,assumptions!$E$162,I12<assumptions!$E$169,assumptions!$E$163,I12<assumptions!$E$170,assumptions!$E$164,I12<assumptions!$E$171,assumptions!$E$165,I12<assumptions!$E$172,assumptions!$E$166,TRUE, assumptions!$E$167)/100*production!I47*I12/1000} -> 0.76962192 | J66: {=_xlfn.IFS(J12<assumptions!$E$168,assumptions!$E$162,J12<assumptions!$E$169,assumptions!$E$163,J12<assumptions!$E$170,assumptions!$E$164,J12<assumptions!$E$171,assumptions!$E$165,J12<assumptions!$E$172,assumptions!$E$166,TRUE, assumptions!$E$167)/100*production!J47*J12/1000} -> 0.76117455 | K66: {=_xlfn.IFS(K12<assumptions!$E$168,assumptions!$E$162,K12<assumptions!$E$169,assumptions!$E$163,K12<assumptions!$E$170,assumptions!$E$164,K12<assumptions!$E$171,assumptions!$E$165,K12<assumptions!$E$172,assumptions!$E$166,TRUE, assumptions!$E$167)/100*production!K47*K12/1000} -> 0.7528199 | L66: {=_xlfn.IFS(L12<assumptions!$E$168,assumptions!$E$162,L12<assumptions!$E$169,assumptions!$E$163,L12<assumptions!$E$170,assumptions!$E$164,L12<assumptions!$E$171,assumptions!$E$165,L12<assumptions!$E$172,assumptions!$E$166,TRUE, assumptions!$E$167)/100*production!L47*L12/1000} -> 0.83762657 | M66: {=_xlfn.IFS(M12<assumptions!$E$168,assumptions!$E$162,M12<assumptions!$E$169,assumptions!$E$163,M12<assumptions!$E$170,assumptions!$E$164,M12<assumptions!$E$171,assumptions!$E$165,M12<assumptions!$E$172,assumptions!$E$166,TRUE, assumptions!$E$167)/100*production!M47*M12/1000} -> 0.82843278 | ... BI66: {=_xlfn.IFS(BI12<assumptions!$E$168,assumptions!$E$162,BI12<assumptions!$E$169,assumptions!$E$163,BI12<assumptions!$E$170,assumptions!$E$164,BI12<assumptions!$E$171,assumptions!$E$165,BI12<assumptions!$E$172,assumptions!$E$166,TRUE, assumptions!$E$167)/100*production!BI47*BI12/1000} -> 0
B67: мөнгө | D67: сая ам.доллар | E67: =SUM(F67:BI67) -> 151.98232 | F67: =SUM(F68:F69) -> 3.4649781 | G67: =SUM(G68:G69) -> 3.4269465 | H67: =SUM(H68:H69) -> 3.3893324 | I67: =SUM(I68:I69) -> 3.352131 | J67: =SUM(J68:J69) -> 3.3153381 | K67: =SUM(K68:K69) -> 3.2789489 | L67: =SUM(L68:L69) -> 3.6483291 | M67: =SUM(M68:M69) -> 3.608285 | ... BI67: =SUM(BI68:BI69) -> 0
C68: суурь | D68: сая ам.доллар | E68: =SUM(F68:BI68) -> 94.988951 | F68: =IF(production!F24>0,IF(F2<=year_end,assumptions!$E$123/100*production!F48*F13/1000,0),0) -> 2.1656113 | G68: =IF(production!G24>0,IF(G2<=year_end,assumptions!$E$123/100*production!G48*G13/1000,0),0) -> 2.1418416 | H68: =IF(production!H24>0,IF(H2<=year_end,assumptions!$E$123/100*production!H48*H13/1000,0),0) -> 2.1183327 | I68: =IF(production!I24>0,IF(I2<=year_end,assumptions!$E$123/100*production!I48*I13/1000,0),0) -> 2.0950819 | J68: =IF(production!J24>0,IF(J2<=year_end,assumptions!$E$123/100*production!J48*J13/1000,0),0) -> 2.0720863 | K68: =IF(production!K24>0,IF(K2<=year_end,assumptions!$E$123/100*production!K48*K13/1000,0),0) -> 2.0493431 | L68: =IF(production!L24>0,IF(L2<=year_end,assumptions!$E$123/100*production!L48*L13/1000,0),0) -> 2.2802057 | M68: =IF(production!M24>0,IF(M2<=year_end,assumptions!$E$123/100*production!M48*M13/1000,0),0) -> 2.2551781 | ... BI68: =IF(production!BI24>0,IF(BI2<=year_end,assumptions!$E$123/100*production!BI48*BI13/1000,0),0) -> 0
C69: нэмэлт | D69: сая ам.доллар | E69: =SUM(F69:BI69) -> 56.993371 | F69: {=_xlfn.IFS(F13<assumptions!$E$180,assumptions!$E$174,F13<assumptions!$E$181,assumptions!$E$175,F13<assumptions!$E$182,assumptions!$E$176,F13<assumptions!$E$184,assumptions!$E$177,F13<assumptions!$E$185,assumptions!$E$178,TRUE, assumptions!$E$179)/100*production!F48*F13/1000} -> 1.2993668 | G69: {=_xlfn.IFS(G13<assumptions!$E$180,assumptions!$E$174,G13<assumptions!$E$181,assumptions!$E$175,G13<assumptions!$E$182,assumptions!$E$176,G13<assumptions!$E$184,assumptions!$E$177,G13<assumptions!$E$185,assumptions!$E$178,TRUE, assumptions!$E$179)/100*production!G48*G13/1000} -> 1.2851049 | H69: {=_xlfn.IFS(H13<assumptions!$E$180,assumptions!$E$174,H13<assumptions!$E$181,assumptions!$E$175,H13<assumptions!$E$182,assumptions!$E$176,H13<assumptions!$E$184,assumptions!$E$177,H13<assumptions!$E$185,assumptions!$E$178,TRUE, assumptions!$E$179)/100*production!H48*H13/1000} -> 1.2709996 | I69: {=_xlfn.IFS(I13<assumptions!$E$180,assumptions!$E$174,I13<assumptions!$E$181,assumptions!$E$175,I13<assumptions!$E$182,assumptions!$E$176,I13<assumptions!$E$184,assumptions!$E$177,I13<assumptions!$E$185,assumptions!$E$178,TRUE, assumptions!$E$179)/100*production!I48*I13/1000} -> 1.2570491 | J69: {=_xlfn.IFS(J13<assumptions!$E$180,assumptions!$E$174,J13<assumptions!$E$181,assumptions!$E$175,J13<assumptions!$E$182,assumptions!$E$176,J13<assumptions!$E$184,assumptions!$E$177,J13<assumptions!$E$185,assumptions!$E$178,TRUE, assumptions!$E$179)/100*production!J48*J13/1000} -> 1.2432518 | K69: {=_xlfn.IFS(K13<assumptions!$E$180,assumptions!$E$174,K13<assumptions!$E$181,assumptions!$E$175,K13<assumptions!$E$182,assumptions!$E$176,K13<assumptions!$E$184,assumptions!$E$177,K13<assumptions!$E$185,assumptions!$E$178,TRUE, assumptions!$E$179)/100*production!K48*K13/1000} -> 1.2296058 | L69: {=_xlfn.IFS(L13<assumptions!$E$180,assumptions!$E$174,L13<assumptions!$E$181,assumptions!$E$175,L13<assumptions!$E$182,assumptions!$E$176,L13<assumptions!$E$184,assumptions!$E$177,L13<assumptions!$E$185,assumptions!$E$178,TRUE, assumptions!$E$179)/100*production!L48*L13/1000} -> 1.3681234 | M69: {=_xlfn.IFS(M13<assumptions!$E$180,assumptions!$E$174,M13<assumptions!$E$181,assumptions!$E$175,M13<assumptions!$E$182,assumptions!$E$176,M13<assumptions!$E$184,assumptions!$E$177,M13<assumptions!$E$185,assumptions!$E$178,TRUE, assumptions!$E$179)/100*production!M48*M13/1000} -> 1.3531069 | ... BI69: {=_xlfn.IFS(BI13<assumptions!$E$180,assumptions!$E$174,BI13<assumptions!$E$181,assumptions!$E$175,BI13<assumptions!$E$182,assumptions!$E$176,BI13<assumptions!$E$184,assumptions!$E$177,BI13<assumptions!$E$185,assumptions!$E$178,TRUE, assumptions!$E$179)/100*production!BI48*BI13/1000} -> 0
B70: нийт роялти | D70: сая ам.доллар | E70: =SUM(F70:AU70) -> 13879.808 | F70: =IF(production!F24>0,IF(F2<=year_end,SUM(F61,F58,F64,F67),0),0) -> 297.29906 | G70: =IF(production!G24>0,IF(G2<=year_end,SUM(G61,G58,G64,G67),0),0) -> 294.92514 | H70: =IF(production!H24>0,IF(H2<=year_end,SUM(H61,H58,H64,H67),0),0) -> 292.57029 | I70: =IF(production!I24>0,IF(I2<=year_end,SUM(I61,I58,I64,I67),0),0) -> 290.23433 | J70: =IF(production!J24>0,IF(J2<=year_end,SUM(J61,J58,J64,J67),0),0) -> 287.91711 | K70: =IF(production!K24>0,IF(K2<=year_end,SUM(K61,K58,K64,K67),0),0) -> 285.61849 | L70: =IF(production!L24>0,IF(L2<=year_end,SUM(L61,L58,L64,L67),0),0) -> 318.75561 | M70: =IF(production!M24>0,IF(M2<=year_end,SUM(M61,M58,M64,M67),0),0) -> 316.211 | ... BI70: =IF(production!BI24>0,IF(BI2<=year_end,SUM(BI61,BI58,BI64,BI67),0),0) -> 0
B72: цэвэр орлого
C73: зэс | D73: сая ам.доллар | E73: =SUM(F73:AU73) -> 42047.631 | F73: =IF(F2<=year_end,F25-F32-F34-F40-F41-F42-F46-F58,0) -> 898.67353 | G73: =IF(G2<=year_end,G25-G32-G34-G40-G41-G42-G46-G58,0) -> 891.4329 | H73: =IF(H2<=year_end,H25-H32-H34-H40-H41-H42-H46-H58,0) -> 884.24948 | I73: =IF(I2<=year_end,I25-I32-I34-I40-I41-I42-I46-I58,0) -> 877.12283 | J73: =IF(J2<=year_end,J25-J32-J34-J40-J41-J42-J46-J58,0) -> 870.0525 | K73: =IF(K2<=year_end,K25-K32-K34-K40-K41-K42-K46-K58,0) -> 863.03807 | L73: =IF(L2<=year_end,L25-L32-L34-L40-L41-L42-L46-L58,0) -> 964.60109 | M73: =IF(M2<=year_end,M25-M32-M34-M40-M41-M42-M46-M58,0) -> 956.83412 | ... BI73: =IF(BI2<=year_end,BI25-BI32-BI34-BI40-BI41-BI42-BI46-BI58,0) -> 0
C74: молибден | D74: сая ам.доллар | E74: =SUM(F74:AU74) -> 4870.097 | F74: =IF(F2<=year_end,F26-F38-F47-F61,0) -> 99.00655 | G74: =IF(G2<=year_end,G26-G38-G47-G61,0) -> 98.462989 | H74: =IF(H2<=year_end,H26-H38-H47-H61,0) -> 97.922111 | I74: =IF(I2<=year_end,I26-I38-I47-I61,0) -> 97.383905 | J74: =IF(J2<=year_end,J26-J38-J47-J61,0) -> 96.848361 | K74: =IF(K2<=year_end,K26-K38-K47-K61,0) -> 96.315471 | L74: =IF(L2<=year_end,L26-L38-L47-L61,0) -> 107.77434 | M74: =IF(M2<=year_end,M26-M38-M47-M61,0) -> 107.18078 | ... BI74: =IF(BI2<=year_end,BI26-BI38-BI47-BI61,0) -> 0
C75: алт | D75: сая ам.доллар | E75: =SUM(F75:AU75) -> 538.29657 | F75: =F27-F35-F64 -> 12.272387 | G75: =G27-G35-G64 -> 12.137685 | H75: =H27-H35-H64 -> 12.004462 | I75: =I27-I35-I64 -> 11.872701 | J75: =J27-J35-J64 -> 11.742386 | K75: =K27-K35-K64 -> 11.613502 | L75: =L27-L35-L64 -> 12.921786 | M75: =M27-M35-M64 -> 12.779956 | ... BI75: =BI27-BI35-BI64 -> 0
C76: мөнгө | D76: сая ам.доллар | E76: =SUM(F76:AU76) -> 1393.895 | F76: =F28-F36-F67 -> 31.778799 | G76: =G28-G36-G67 -> 31.429995 | H76: =H28-H36-H67 -> 31.08502 | I76: =I28-I36-I67 -> 30.74383 | J76: =J28-J36-J67 -> 30.406386 | K76: =K28-K36-K67 -> 30.072646 | L76: =L28-L36-L67 -> 33.460389 | M76: =M28-M36-M67 -> 33.093128 | ... BI76: =BI28-BI36-BI67 -> 0
B77: цэвэр орлогын дүн | D77: сая ам.доллар | E77: =SUM(F77:AU77) -> 48849.92 | F77: =IF(F2<=year_end,SUM(F73:F76),0) -> 1041.7313 | G77: =IF(G2<=year_end,SUM(G73:G76),0) -> 1033.4636 | H77: =IF(H2<=year_end,SUM(H73:H76),0) -> 1025.2611 | I77: =IF(I2<=year_end,SUM(I73:I76),0) -> 1017.1233 | J77: =IF(J2<=year_end,SUM(J73:J76),0) -> 1009.0496 | K77: =IF(K2<=year_end,SUM(K73:K76),0) -> 1001.0397 | L77: =IF(L2<=year_end,SUM(L73:L76),0) -> 1118.7576 | M77: =IF(M2<=year_end,SUM(M73:M76),0) -> 1109.888 | ... BI77: =IF(BI2<=year_end,SUM(BI73:BI76),0) -> 0
A79: нэгдмэл хайлуулах үйлдвэр
B80: нэгдмэл хайлуулах үйлдвэрийн орлого
C81: зэс | D81: сая ам.доллар | E81: =SUM(F81:AU81) -> 55990.956 | F81: =F10*production!F64/1000 -> 0 | G81: =G10*production!G64/1000 -> 0 | H81: =H10*production!H64/1000 -> 0 | I81: =I10*production!I64/1000 -> 0 | J81: =J10*production!J64/1000 -> 1269.9468 | K81: =K10*production!K64/1000 -> 1259.7557 | L81: =L10*production!L64/1000 -> 1405.8522 | M81: =M10*production!M64/1000 -> 1394.5705 | ... BI81: =BI10*production!BI64/1000 -> 0
C82: молибден | D82: сая ам.доллар | E82: =SUM(F82:AU82) -> 5520.5876 | F82: =IF(F2>=smelter_start,F26,0) -> 0 | G82: =IF(G2>=smelter_start,G26,0) -> 0 | H82: =IF(H2>=smelter_start,H26,0) -> 0 | I82: =IF(I2>=smelter_start,I26,0) -> 0 | J82: =IF(J2>=smelter_start,J26,0) -> 120.59131 | K82: =IF(K2>=smelter_start,K26,0) -> 119.86403 | L82: =IF(L2>=smelter_start,L26,0) -> 134.03379 | M82: =IF(M2>=smelter_start,M26,0) -> 133.22545 | ... BI82: =IF(BI2>=smelter_start,BI26,0) -> 0
C83: алт | D83: сая ам.доллар | E83: =SUM(F83:AU83) -> 628.92296 | F83: =F12*production!F65/1000 -> 0 | G83: =G12*production!G65/1000 -> 0 | H83: =H12*production!H65/1000 -> 0 | I83: =I12*production!I65/1000 -> 0 | J83: =J12*production!J65/1000 -> 15.071256 | K83: =K12*production!K65/1000 -> 14.905834 | L83: =L12*production!L65/1000 -> 16.585006 | M83: =M12*production!M65/1000 -> 16.402969 | ... BI83: =BI12*production!BI65/1000 -> 0
C84: мөнгө | D84: сая ам.доллар | E84: =SUM(F84:AU84) -> 1712.0681 | F84: =F13*production!F66/1000 -> 0 | G84: =G13*production!G66/1000 -> 0 | H84: =H13*production!H66/1000 -> 0 | I84: =I13*production!I66/1000 -> 0 | J84: =J13*production!J66/1000 -> 41.027308 | K84: =K13*production!K66/1000 -> 40.576993 | L84: =L13*production!L66/1000 -> 45.148072 | M84: =M13*production!M66/1000 -> 44.652527 | ... BI84: =BI13*production!BI66/1000 -> 0
C85: хүхрийн хүчил | D85: сая ам.доллар | E85: =SUM(F85:AU85) -> 558.22153 | F85: =F19*production!F71/1000*assumptions!$E$18 -> 0 | G85: =G19*production!G71/1000*assumptions!$E$18 -> 0 | H85: =H19*production!H71/1000*assumptions!$E$18 -> 0 | I85: =I19*production!I71/1000*assumptions!$E$18 -> 0 | J85: =J19*production!J71/1000*assumptions!$E$18 -> 12.655287 | K85: =K19*production!K71/1000*assumptions!$E$18 -> 12.554045 | L85: =L19*production!L71/1000*assumptions!$E$18 -> 14.010314 | M85: =M19*production!M71/1000*assumptions!$E$18 -> 13.898232 | ... BI85: =BI19*production!BI71/1000*assumptions!$E$18 -> 0
B86: нэгдмэл хайлуулах үйлдвэрийн нийт орлого | D86: сая ам.доллар | E86: =SUM(F86:AU86) -> 64410.756 | F86: =SUM(F81:F85) -> 0 | G86: =SUM(G81:G85) -> 0 | H86: =SUM(H81:H85) -> 0 | I86: =SUM(I81:I85) -> 0 | J86: =SUM(J81:J85) -> 1459.2919 | K86: =SUM(K81:K85) -> 1447.6566 | L86: =SUM(L81:L85) -> 1615.6294 | M86: =SUM(M81:M85) -> 1602.7497 | ... BI86: =SUM(BI81:BI85) -> 0
B88: нэгдмэл хайлуулах үйлдвэрийн тээвэр
C89: зэс | D89: сая ам.доллар | E89: =SUM(F89:AU89) -> 99.961302 | F89: =IF(F86>0,assumptions!$E$109*production!F$64/1000,0) -> 0 | G89: =IF(G86>0,assumptions!$E$109*production!G$64/1000,0) -> 0 | H89: =IF(H86>0,assumptions!$E$109*production!H$64/1000,0) -> 0 | I89: =IF(I86>0,assumptions!$E$109*production!I$64/1000,0) -> 0 | J89: =IF(J86>0,assumptions!$E$109*production!J$64/1000,0) -> 2.4845069 | K89: =IF(K86>0,assumptions!$E$109*production!K$64/1000,0) -> 2.4523077 | L89: =IF(L86>0,assumptions!$E$109*production!L$64/1000,0) -> 2.7230915 | M89: =IF(M86>0,assumptions!$E$109*production!M$64/1000,0) -> 2.6878002 | ... BI89: =IF(BI86>0,assumptions!$E$109*production!BI$64/1000,0) -> 0
C90: молибден | D90: сая ам.доллар | E90: =SUM(F90:AU90) -> 4.7248302 | F90: =IF(F86>0,assumptions!$E$110*production!$F$40/1000000,0) -> 0 | G90: =IF(G86>0,assumptions!$E$110*production!$F$40/1000000,0) -> 0 | H90: =IF(H86>0,assumptions!$E$110*production!$F$40/1000000,0) -> 0 | I90: =IF(I86>0,assumptions!$E$110*production!$F$40/1000000,0) -> 0 | J90: =IF(J86>0,assumptions!$E$110*production!$F$40/1000000,0) -> 0.12769811 | K90: =IF(K86>0,assumptions!$E$110*production!$F$40/1000000,0) -> 0.12769811 | L90: =IF(L86>0,assumptions!$E$110*production!$F$40/1000000,0) -> 0.12769811 | M90: =IF(M86>0,assumptions!$E$110*production!$F$40/1000000,0) -> 0.12769811 | ... BI90: =IF(BI86>0,assumptions!$E$110*production!$F$40/1000000,0) -> 0
C91: хүхрийн хүчил | D91: сая ам.доллар | E91: =SUM(F91:AU91) -> 167.46646 | F91: =IF(F86>0,assumptions!$E$50*(production!F71-production!F74)/1000,0) -> 0 | G91: =IF(G86>0,assumptions!$E$50*(production!G71-production!G74)/1000,0) -> 0 | H91: =IF(H86>0,assumptions!$E$50*(production!H71-production!H74)/1000,0) -> 0 | I91: =IF(I86>0,assumptions!$E$50*(production!I71-production!I74)/1000,0) -> 0 | J91: =IF(J86>0,assumptions!$E$50*(production!J71-production!J74)/1000,0) -> 3.7965862 | K91: =IF(K86>0,assumptions!$E$50*(production!K71-production!K74)/1000,0) -> 3.7662135 | L91: =IF(L86>0,assumptions!$E$50*(production!L71-production!L74)/1000,0) -> 4.2030943 | M91: =IF(M86>0,assumptions!$E$50*(production!M71-production!M74)/1000,0) -> 4.1694695 | ... BI91: =IF(BI86>0,assumptions!$E$50*(production!BI71-production!BI74)/1000,0) -> 0
B92: тээврийн нийт зардал | D92: сая ам.доллар | E92: =SUM(F92:AU92) -> 272.15259 | F92: =IFERROR(SUM(F89:F91),"") -> 0 | G92: =IFERROR(SUM(G89:G91),"") -> 0 | H92: =IFERROR(SUM(H89:H91),"") -> 0 | I92: =IFERROR(SUM(I89:I91),"") -> 0 | J92: =IFERROR(SUM(J89:J91),"") -> 6.4087912 | K92: =IFERROR(SUM(K89:K91),"") -> 6.3462193 | L92: =IFERROR(SUM(L89:L91),"") -> 7.0538838 | M92: =IFERROR(SUM(M89:M91),"") -> 6.9849678 | ... BI92: =IFERROR(SUM(BI89:BI91),"") -> 0
B94: борлуулалтын орлого
C95: зэс | D95: сая ам.доллар | E95: =SUM(F95:AU95) -> 55890.994 | F95: =F81-F89 -> 0 | G95: =G81-G89 -> 0 | H95: =H81-H89 -> 0 | I95: =I81-I89 -> 0 | J95: =J81-J89 -> 1267.4623 | K95: =K81-K89 -> 1257.3034 | L95: =L81-L89 -> 1403.1291 | M95: =M81-M89 -> 1391.8827 | ... BI95: =BI81-BI89 -> 0
C96: молибден | D96: сая ам.доллар | E96: =SUM(F96:AU96) -> 5515.8628 | F96: =F82-F90 -> 0 | G96: =G82-G90 -> 0 | H96: =H82-H90 -> 0 | I96: =I82-I90 -> 0 | J96: =J82-J90 -> 120.46361 | K96: =K82-K90 -> 119.73634 | L96: =L82-L90 -> 133.90609 | M96: =M82-M90 -> 133.09775 | ... BI96: =BI82-BI90 -> 0
C97: алт | D97: сая ам.доллар | E97: =SUM(F97:AU97) -> 628.92296 | F97: =F83 -> 0 | G97: =G83 -> 0 | H97: =H83 -> 0 | I97: =I83 -> 0 | J97: =J83 -> 15.071256 | K97: =K83 -> 14.905834 | L97: =L83 -> 16.585006 | M97: =M83 -> 16.402969 | ... BI97: =BI83 -> 0
C98: мөнгө | D98: сая ам.доллар | E98: =SUM(F98:AU98) -> 1712.0681 | F98: =F84 -> 0 | G98: =G84 -> 0 | H98: =H84 -> 0 | I98: =I84 -> 0 | J98: =J84 -> 41.027308 | K98: =K84 -> 40.576993 | L98: =L84 -> 45.148072 | M98: =M84 -> 44.652527 | ... BI98: =BI84 -> 0
C99: хүхрийн хүчил | D99: сая ам.доллар | E99: =SUM(F99:AU99) -> 390.75507 | F99: =F85-F91 -> 0 | G99: =G85-G91 -> 0 | H99: =H85-H91 -> 0 | I99: =I85-I91 -> 0 | J99: =J85-J91 -> 8.8587011 | K99: =K85-K91 -> 8.7878315 | L99: =L85-L91 -> 9.80722 | M99: =M85-M91 -> 9.7287622 | ... BI99: =BI85-BI91 -> 0
B100: хайлуулах үйлдвэрийн борлуулалтын орлого | D100: сая ам.доллар | E100: =SUM(F100:AU100) -> 64138.603 | F100: =SUM(F95:F99) -> 0 | G100: =SUM(G95:G99) -> 0 | H100: =SUM(H95:H99) -> 0 | I100: =SUM(I95:I99) -> 0 | J100: =SUM(J95:J99) -> 1452.8831 | K100: =SUM(K95:K99) -> 1441.3104 | L100: =SUM(L95:L99) -> 1608.5755 | M100: =SUM(M95:M99) -> 1595.7647 | ... BI100: =SUM(BI95:BI99) -> 0
B102: нэгдмэл хайлуулах үйлдвэрийн роялти
B103: зэс | D103: сая ам.доллар | E103: =SUM(F103:AU103) -> 5599.0956 | F103: =SUM(F104:F105) -> 0 | G103: =SUM(G104:G105) -> 0 | H103: =SUM(H104:H105) -> 0 | I103: =SUM(I104:I105) -> 0 | J103: =SUM(J104:J105) -> 126.99468 | K103: =SUM(K104:K105) -> 125.97557 | L103: =SUM(L104:L105) -> 140.58522 | M103: =SUM(M104:M105) -> 139.45705 | ... BI103: =SUM(BI104:BI105) -> 0
C104: суурь | D104: сая ам.доллар | E104: =SUM(F104:AU104) -> 2799.5478 | F104: =IF(F81>0,F81*assumptions!$E$123/100,0) -> 0 | G104: =IF(G81>0,G81*assumptions!$E$123/100,0) -> 0 | H104: =IF(H81>0,H81*assumptions!$E$123/100,0) -> 0 | I104: =IF(I81>0,I81*assumptions!$E$123/100,0) -> 0 | J104: =IF(J81>0,J81*assumptions!$E$123/100,0) -> 63.497338 | K104: =IF(K81>0,K81*assumptions!$E$123/100,0) -> 62.987785 | L104: =IF(L81>0,L81*assumptions!$E$123/100,0) -> 70.29261 | M104: =IF(M81>0,M81*assumptions!$E$123/100,0) -> 69.728526 | ... BI104: =IF(BI81>0,BI81*assumptions!$E$123/100,0) -> 0
C105: нэмэлт | D105: сая ам.доллар | E105: =SUM(F105:AU105) -> 2799.5478 | F105: {=IF(F81>0,IF(F3<=year_end,_xlfn.IFS(F10<assumptions!$E$156,assumptions!$E$150,F10<assumptions!$E$157,assumptions!$E$151,F10<assumptions!$E$158,assumptions!$E$152,F10<assumptions!$E$159,assumptions!$E$153,F10<assumptions!$E$160,assumptions!$E$154,F10>=assumptions!$E$185,assumptions!$E$155)*production!F64*F10/100/1000,0),0)} -> 0 | G105: {=IF(G81>0,IF(G3<=year_end,_xlfn.IFS(G10<assumptions!$E$156,assumptions!$E$150,G10<assumptions!$E$157,assumptions!$E$151,G10<assumptions!$E$158,assumptions!$E$152,G10<assumptions!$E$159,assumptions!$E$153,G10<assumptions!$E$160,assumptions!$E$154,G10>=assumptions!$E$185,assumptions!$E$155)*production!G64*G10/100/1000,0),0)} -> 0 | H105: {=IF(H81>0,IF(H3<=year_end,_xlfn.IFS(H10<assumptions!$E$156,assumptions!$E$150,H10<assumptions!$E$157,assumptions!$E$151,H10<assumptions!$E$158,assumptions!$E$152,H10<assumptions!$E$159,assumptions!$E$153,H10<assumptions!$E$160,assumptions!$E$154,H10>=assumptions!$E$185,assumptions!$E$155)*production!H64*H10/100/1000,0),0)} -> 0 | I105: {=IF(I81>0,IF(I3<=year_end,_xlfn.IFS(I10<assumptions!$E$156,assumptions!$E$150,I10<assumptions!$E$157,assumptions!$E$151,I10<assumptions!$E$158,assumptions!$E$152,I10<assumptions!$E$159,assumptions!$E$153,I10<assumptions!$E$160,assumptions!$E$154,I10>=assumptions!$E$185,assumptions!$E$155)*production!I64*I10/100/1000,0),0)} -> 0 | J105: {=IF(J81>0,IF(J3<=year_end,_xlfn.IFS(J10<assumptions!$E$156,assumptions!$E$150,J10<assumptions!$E$157,assumptions!$E$151,J10<assumptions!$E$158,assumptions!$E$152,J10<assumptions!$E$159,assumptions!$E$153,J10<assumptions!$E$160,assumptions!$E$154,J10>=assumptions!$E$185,assumptions!$E$155)*production!J64*J10/100/1000,0),0)} -> 63.497338 | K105: {=IF(K81>0,IF(K3<=year_end,_xlfn.IFS(K10<assumptions!$E$156,assumptions!$E$150,K10<assumptions!$E$157,assumptions!$E$151,K10<assumptions!$E$158,assumptions!$E$152,K10<assumptions!$E$159,assumptions!$E$153,K10<assumptions!$E$160,assumptions!$E$154,K10>=assumptions!$E$185,assumptions!$E$155)*production!K64*K10/100/1000,0),0)} -> 62.987785 | L105: {=IF(L81>0,IF(L3<=year_end,_xlfn.IFS(L10<assumptions!$E$156,assumptions!$E$150,L10<assumptions!$E$157,assumptions!$E$151,L10<assumptions!$E$158,assumptions!$E$152,L10<assumptions!$E$159,assumptions!$E$153,L10<assumptions!$E$160,assumptions!$E$154,L10>=assumptions!$E$185,assumptions!$E$155)*production!L64*L10/100/1000,0),0)} -> 70.29261 | M105: {=IF(M81>0,IF(M3<=year_end,_xlfn.IFS(M10<assumptions!$E$156,assumptions!$E$150,M10<assumptions!$E$157,assumptions!$E$151,M10<assumptions!$E$158,assumptions!$E$152,M10<assumptions!$E$159,assumptions!$E$153,M10<assumptions!$E$160,assumptions!$E$154,M10>=assumptions!$E$185,assumptions!$E$155)*production!M64*M10/100/1000,0),0)} -> 69.728526 | ... BI105: {=IF(BI81>0,IF(BI3<=year_end,_xlfn.IFS(BI10<assumptions!$E$156,assumptions!$E$150,BI10<assumptions!$E$157,assumptions!$E$151,BI10<assumptions!$E$158,assumptions!$E$152,BI10<assumptions!$E$159,assumptions!$E$153,BI10<assumptions!$E$160,assumptions!$E$154,BI10>=assumptions!$E$185,assumptions!$E$155)*production!BI64*BI10/100/1000,0),0)} -> 0
B106: молибден | D106: сая ам.доллар | E106: =SUM(F106:AU106) -> 600.06387 | F106: =SUM(F107:F108) -> 0 | G106: =SUM(G107:G108) -> 0 | H106: =SUM(H107:H108) -> 0 | I106: =SUM(I107:I108) -> 0 | J106: =SUM(J107:J108) -> 13.107751 | K106: =SUM(K107:K108) -> 13.028699 | L106: =SUM(L107:L108) -> 14.56889 | M106: =SUM(M107:M108) -> 14.481027 | ... BI106: =SUM(BI107:BI108) -> 0
C107: суурь | D107: сая ам.доллар | E107: =SUM(F107:AU107) -> 333.36882 | F107: =IF(F2>=smelter_start,F62,0) -> 0 | G107: =IF(G2>=smelter_start,G62,0) -> 0 | H107: =IF(H2>=smelter_start,H62,0) -> 0 | I107: =IF(I2>=smelter_start,I62,0) -> 0 | J107: =IF(J2>=smelter_start,J62,0) -> 7.2820837 | K107: =IF(K2>=smelter_start,K62,0) -> 7.2381663 | L107: =IF(L2>=smelter_start,L62,0) -> 8.093828 | M107: =IF(M2>=smelter_start,M62,0) -> 8.0450151 | ... BI107: =IF(BI2>=smelter_start,BI62,0) -> 0
C108: нэмэлт | D108: сая ам.доллар | E108: =SUM(F108:AU108) -> 266.69505 | F108: =IF(F2>=smelter_start,F63,0) -> 0 | G108: =IF(G2>=smelter_start,G63,0) -> 0 | H108: =IF(H2>=smelter_start,H63,0) -> 0 | I108: =IF(I2>=smelter_start,I63,0) -> 0 | J108: =IF(J2>=smelter_start,J63,0) -> 5.825667 | K108: =IF(K2>=smelter_start,K63,0) -> 5.7905331 | L108: =IF(L2>=smelter_start,L63,0) -> 6.4750624 | M108: =IF(M2>=smelter_start,M63,0) -> 6.4360121 | ... BI108: =IF(BI2>=smelter_start,BI63,0) -> 0
B109: алт | D109: сая ам.доллар | E109: =SUM(F109:AU109) -> 62.892296 | F109: =SUM(F110:F111) -> 0 | G109: =SUM(G110:G111) -> 0 | H109: =SUM(H110:H111) -> 0 | I109: =SUM(I110:I111) -> 0 | J109: =SUM(J110:J111) -> 1.5071256 | K109: =SUM(K110:K111) -> 1.4905834 | L109: =SUM(L110:L111) -> 1.6585006 | M109: =SUM(M110:M111) -> 1.6402969 | ... BI109: =SUM(BI110:BI111) -> 0
C110: суурь | D110: сая ам.доллар | E110: =SUM(F110:AU110) -> 31.446148 | F110: =assumptions!$E$123/100*F97 -> 0 | G110: =assumptions!$E$123/100*G97 -> 0 | H110: =assumptions!$E$123/100*H97 -> 0 | I110: =assumptions!$E$123/100*I97 -> 0 | J110: =assumptions!$E$123/100*J97 -> 0.75356281 | K110: =assumptions!$E$123/100*K97 -> 0.7452917 | L110: =assumptions!$E$123/100*L97 -> 0.8292503 | M110: =assumptions!$E$123/100*M97 -> 0.82014845 | ... BI110: =assumptions!$E$123/100*BI97 -> 0
C111: нэмэлт | D111: сая ам.доллар | E111: =SUM(F111:AU111) -> 31.446148 | F111: {=_xlfn.IFS(F12<assumptions!$E$168,assumptions!$E$162,F12<assumptions!$E$169,assumptions!$E$163,F12<assumptions!$E$170,assumptions!$E$164,F12<assumptions!$E$171,assumptions!$E$165,F12<assumptions!$E$172,assumptions!$E$166,TRUE, assumptions!$E$167)/100*F97} -> 0 | G111: {=_xlfn.IFS(G12<assumptions!$E$168,assumptions!$E$162,G12<assumptions!$E$169,assumptions!$E$163,G12<assumptions!$E$170,assumptions!$E$164,G12<assumptions!$E$171,assumptions!$E$165,G12<assumptions!$E$172,assumptions!$E$166,TRUE, assumptions!$E$167)/100*G97} -> 0 | H111: {=_xlfn.IFS(H12<assumptions!$E$168,assumptions!$E$162,H12<assumptions!$E$169,assumptions!$E$163,H12<assumptions!$E$170,assumptions!$E$164,H12<assumptions!$E$171,assumptions!$E$165,H12<assumptions!$E$172,assumptions!$E$166,TRUE, assumptions!$E$167)/100*H97} -> 0 | I111: {=_xlfn.IFS(I12<assumptions!$E$168,assumptions!$E$162,I12<assumptions!$E$169,assumptions!$E$163,I12<assumptions!$E$170,assumptions!$E$164,I12<assumptions!$E$171,assumptions!$E$165,I12<assumptions!$E$172,assumptions!$E$166,TRUE, assumptions!$E$167)/100*I97} -> 0 | J111: {=_xlfn.IFS(J12<assumptions!$E$168,assumptions!$E$162,J12<assumptions!$E$169,assumptions!$E$163,J12<assumptions!$E$170,assumptions!$E$164,J12<assumptions!$E$171,assumptions!$E$165,J12<assumptions!$E$172,assumptions!$E$166,TRUE, assumptions!$E$167)/100*J97} -> 0.75356281 | K111: {=_xlfn.IFS(K12<assumptions!$E$168,assumptions!$E$162,K12<assumptions!$E$169,assumptions!$E$163,K12<assumptions!$E$170,assumptions!$E$164,K12<assumptions!$E$171,assumptions!$E$165,K12<assumptions!$E$172,assumptions!$E$166,TRUE, assumptions!$E$167)/100*K97} -> 0.7452917 | L111: {=_xlfn.IFS(L12<assumptions!$E$168,assumptions!$E$162,L12<assumptions!$E$169,assumptions!$E$163,L12<assumptions!$E$170,assumptions!$E$164,L12<assumptions!$E$171,assumptions!$E$165,L12<assumptions!$E$172,assumptions!$E$166,TRUE, assumptions!$E$167)/100*L97} -> 0.8292503 | M111: {=_xlfn.IFS(M12<assumptions!$E$168,assumptions!$E$162,M12<assumptions!$E$169,assumptions!$E$163,M12<assumptions!$E$170,assumptions!$E$164,M12<assumptions!$E$171,assumptions!$E$165,M12<assumptions!$E$172,assumptions!$E$166,TRUE, assumptions!$E$167)/100*M97} -> 0.82014845 | ... BI111: {=_xlfn.IFS(BI12<assumptions!$E$168,assumptions!$E$162,BI12<assumptions!$E$169,assumptions!$E$163,BI12<assumptions!$E$170,assumptions!$E$164,BI12<assumptions!$E$171,assumptions!$E$165,BI12<assumptions!$E$172,assumptions!$E$166,TRUE, assumptions!$E$167)/100*BI97} -> 0
B112: мөнгө | D112: сая ам.доллар | E112: =SUM(F112:AU112) -> 136.96544 | F112: =SUM(F113:F114) -> 0 | G112: =SUM(G113:G114) -> 0 | H112: =SUM(H113:H114) -> 0 | I112: =SUM(I113:I114) -> 0 | J112: =SUM(J113:J114) -> 3.2821847 | K112: =SUM(K113:K114) -> 3.2461594 | L112: =SUM(L113:L114) -> 3.6118458 | M112: =SUM(M113:M114) -> 3.5722022 | ... BI112: =SUM(BI113:BI114) -> 0
C113: суурь | D113: сая ам.доллар | E113: =SUM(F113:AU113) -> 85.603403 | F113: =assumptions!$E$123/100*F98 -> 0 | G113: =assumptions!$E$123/100*G98 -> 0 | H113: =assumptions!$E$123/100*H98 -> 0 | I113: =assumptions!$E$123/100*I98 -> 0 | J113: =assumptions!$E$123/100*J98 -> 2.0513654 | K113: =assumptions!$E$123/100*K98 -> 2.0288496 | L113: =assumptions!$E$123/100*L98 -> 2.2574036 | M113: =assumptions!$E$123/100*M98 -> 2.2326263 | ... BI113: =assumptions!$E$123/100*BI98 -> 0
...

Sheet opex
A1: ҮЙЛ АЖИЛЛАГААНЫ ЗАРДАЛ
E2: year_calendar--> | F2: =IF(year_start+(COLUMN()-COLUMN($F$2))<=year_end,year_start+(COLUMN()-COLUMN($F$2)),"") -> 2025 | G2: =IF(year_start+(COLUMN()-COLUMN($F$2))<=year_end,year_start+(COLUMN()-COLUMN($F$2)),"") -> 2026 | H2: =IF(year_start+(COLUMN()-COLUMN($F$2))<=year_end,year_start+(COLUMN()-COLUMN($F$2)),"") -> 2027 | I2: =IF(year_start+(COLUMN()-COLUMN($F$2))<=year_end,year_start+(COLUMN()-COLUMN($F$2)),"") -> 2028 | J2: =IF(year_start+(COLUMN()-COLUMN($F$2))<=year_end,year_start+(COLUMN()-COLUMN($F$2)),"") -> 2029 | K2: =IF(year_start+(COLUMN()-COLUMN($F$2))<=year_end,year_start+(COLUMN()-COLUMN($F$2)),"") -> 2030 | L2: =IF(year_start+(COLUMN()-COLUMN($F$2))<=year_end,year_start+(COLUMN()-COLUMN($F$2)),"") -> 2031 | M2: =IF(year_start+(COLUMN()-COLUMN($F$2))<=year_end,year_start+(COLUMN()-COLUMN($F$2)),"") -> 2032 | ... BW2: =IF(year_start+(COLUMN()-COLUMN($F$2))<=year_end,year_start+(COLUMN()-COLUMN($F$2)),"")
E3: year_start--> | F3: =IF(year_start+(COLUMN()-COLUMN($F$2))<=year_end,F2-year_start,"") -> 0 | G3: =IF(year_start+(COLUMN()-COLUMN($F$2))<=year_end,G2-year_start,"") -> 1 | H3: =IF(year_start+(COLUMN()-COLUMN($F$2))<=year_end,H2-year_start,"") -> 2 | I3: =IF(year_start+(COLUMN()-COLUMN($F$2))<=year_end,I2-year_start,"") -> 3 | J3: =IF(year_start+(COLUMN()-COLUMN($F$2))<=year_end,J2-year_start,"") -> 4 | K3: =IF(year_start+(COLUMN()-COLUMN($F$2))<=year_end,K2-year_start,"") -> 5 | L3: =IF(year_start+(COLUMN()-COLUMN($F$2))<=year_end,L2-year_start,"") -> 6 | M3: =IF(year_start+(COLUMN()-COLUMN($F$2))<=year_end,M2-year_start,"") -> 7 | ... BW3: =IF(year_start+(COLUMN()-COLUMN($F$2))<=year_end,BW2-year_start,"")
E4: year_end--> | F4: =IF(year_start+(COLUMN()-COLUMN($F$2))<=year_end,F3+1,"") -> 1 | G4: =IF(year_start+(COLUMN()-COLUMN($F$2))<=year_end,G3+1,"") -> 2 | H4: =IF(year_start+(COLUMN()-COLUMN($F$2))<=year_end,H3+1,"") -> 3 | I4: =IF(year_start+(COLUMN()-COLUMN($F$2))<=year_end,I3+1,"") -> 4 | J4: =IF(year_start+(COLUMN()-COLUMN($F$2))<=year_end,J3+1,"") -> 5 | K4: =IF(year_start+(COLUMN()-COLUMN($F$2))<=year_end,K3+1,"") -> 6 | L4: =IF(year_start+(COLUMN()-COLUMN($F$2))<=year_end,L3+1,"") -> 7 | M4: =IF(year_start+(COLUMN()-COLUMN($F$2))<=year_end,M3+1,"") -> 8 | ... BW4: =IF(year_start+(COLUMN()-COLUMN($F$2))<=year_end,BW3+1,"")
A5: хувьсагч | D5: нэгж | E5: total/average
A7: БОДИТ
A9: уурхай
B11: нэгж зардал
C12: цалин хөлс | D12: боловсруулсан тонн тутамд ам.доллар | E12: =AVERAGE(F12:BI12) -> 3.7479835 | F12: =IF(F2<=year_stop,assumptions!$E192*(1+assumptions!$E199)^F3,0) -> 4.1664732 | G12: =IF(G2<=year_stop,assumptions!$E192*(1+assumptions!$E199)^G3,0) -> 4.2081379 | H12: =IF(H2<=year_stop,assumptions!$E192*(1+assumptions!$E199)^H3,0) -> 4.2502193 | I12: =IF(I2<=year_stop,assumptions!$E192*(1+assumptions!$E199)^I3,0) -> 4.2927215 | J12: =IF(J2<=year_stop,assumptions!$E192*(1+assumptions!$E199)^J3,0) -> 4.3356487 | K12: =IF(K2<=year_stop,assumptions!$E192*(1+assumptions!$E199)^K3,0) -> 4.3790052 | L12: =IF(L2<=year_stop,assumptions!$E192*(1+assumptions!$E199)^L3,0) -> 4.4227952 | M12: =IF(M2<=year_stop,assumptions!$E192*(1+assumptions!$E199)^M3,0) -> 4.4670232 | ... BI12: =IF(BI2<=year_stop,assumptions!$E192*(1+assumptions!$E199)^BI3,0) -> 0
C13: материал | D13: ам.доллар/тонн | E13: =AVERAGE(F13:BI13) -> 2.7489508 | F13: =IF(F2<=year_stop,assumptions!$E193*(1+assumptions!$E199)^F3,0) -> 3.0558912 | G13: =IF(G2<=year_stop,assumptions!$E193*(1+assumptions!$E199)^G3,0) -> 3.0864501 | H13: =IF(H2<=year_stop,assumptions!$E193*(1+assumptions!$E199)^H3,0) -> 3.1173146 | I13: =IF(I2<=year_stop,assumptions!$E193*(1+assumptions!$E199)^I3,0) -> 3.1484878 | J13: =IF(J2<=year_stop,assumptions!$E193*(1+assumptions!$E199)^J3,0) -> 3.1799727 | K13: =IF(K2<=year_stop,assumptions!$E193*(1+assumptions!$E199)^K3,0) -> 3.2117724 | L13: =IF(L2<=year_stop,assumptions!$E193*(1+assumptions!$E199)^L3,0) -> 3.2438901 | M13: =IF(M2<=year_stop,assumptions!$E193*(1+assumptions!$E199)^M3,0) -> 3.276329 | ... BI13: =IF(BI2<=year_stop,assumptions!$E193*(1+assumptions!$E199)^BI3,0) -> 0
C14: цахилгаан, ус дулаан | D14: ам.доллар/тонн | E14: =AVERAGE(F14:BI14) -> 2.30786 | F14: =IF(F2<=year_stop,assumptions!$E194*(1+assumptions!$E199)^F3,0) -> 2.5655494 | G14: =IF(G2<=year_stop,assumptions!$E194*(1+assumptions!$E199)^G3,0) -> 2.5912049 | H14: =IF(H2<=year_stop,assumptions!$E194*(1+assumptions!$E199)^H3,0) -> 2.617117 | I14: =IF(I2<=year_stop,assumptions!$E194*(1+assumptions!$E199)^I3,0) -> 2.6432881 | J14: =IF(J2<=year_stop,assumptions!$E194*(1+assumptions!$E199)^J3,0) -> 2.669721 | K14: =IF(K2<=year_stop,assumptions!$E194*(1+assumptions!$E199)^K3,0) -> 2.6964182 | L14: =IF(L2<=year_stop,assumptions!$E194*(1+assumptions!$E199)^L3,0) -> 2.7233824 | M14: =IF(M2<=year_stop,assumptions!$E194*(1+assumptions!$E199)^M3,0) -> 2.7506162 | ... BI14: =IF(BI2<=year_stop,assumptions!$E194*(1+assumptions!$E199)^BI3,0) -> 0
C15: түлш ба тээвэр | D15: ам.доллар/тонн | E15: =AVERAGE(F15:BI15) -> 2.7559242 | F15: =IF(F2<=year_stop,assumptions!$E195*(1+assumptions!$E199)^F3,0) -> 3.0636432 | G15: =IF(G2<=year_stop,assumptions!$E195*(1+assumptions!$E199)^G3,0) -> 3.0942797 | H15: =IF(H2<=year_stop,assumptions!$E195*(1+assumptions!$E199)^H3,0) -> 3.1252225 | I15: =IF(I2<=year_stop,assumptions!$E195*(1+assumptions!$E199)^I3,0) -> 3.1564747 | J15: =IF(J2<=year_stop,assumptions!$E195*(1+assumptions!$E199)^J3,0) -> 3.1880394 | K15: =IF(K2<=year_stop,assumptions!$E195*(1+assumptions!$E199)^K3,0) -> 3.2199198 | L15: =IF(L2<=year_stop,assumptions!$E195*(1+assumptions!$E199)^L3,0) -> 3.252119 | M15: =IF(M2<=year_stop,assumptions!$E195*(1+assumptions!$E199)^M3,0) -> 3.2846402 | ... BI15: =IF(BI2<=year_stop,assumptions!$E195*(1+assumptions!$E199)^BI3,0) -> 0
C16: бусад | D16: ам.доллар/тонн | E16: =AVERAGE(F16:BI16) -> 1.0518714 | F16: =IF(F2<=year_stop,assumptions!$E196*(1+assumptions!$E199)^F3,0) -> 1.1693206 | G16: =IF(G2<=year_stop,assumptions!$E196*(1+assumptions!$E199)^G3,0) -> 1.1810138 | H16: =IF(H2<=year_stop,assumptions!$E196*(1+assumptions!$E199)^H3,0) -> 1.1928239 | I16: =IF(I2<=year_stop,assumptions!$E196*(1+assumptions!$E199)^I3,0) -> 1.2047521 | J16: =IF(J2<=year_stop,assumptions!$E196*(1+assumptions!$E199)^J3,0) -> 1.2167997 | K16: =IF(K2<=year_stop,assumptions!$E196*(1+assumptions!$E199)^K3,0) -> 1.2289677 | L16: =IF(L2<=year_stop,assumptions!$E196*(1+assumptions!$E199)^L3,0) -> 1.2412573 | M16: =IF(M2<=year_stop,assumptions!$E196*(1+assumptions!$E199)^M3,0) -> 1.2536699 | ... BI16: =IF(BI2<=year_stop,assumptions!$E196*(1+assumptions!$E199)^BI3,0) -> 0
B17: нийт нэгж зардал | D17: ам.доллар/тонн | E17: =AVERAGE(F17:BI17) -> 12.61259 | F17: =SUM(F12:F16) -> 14.020878 | G17: =SUM(G12:G16) -> 14.161086 | H17: =SUM(H12:H16) -> 14.302697 | I17: =SUM(I12:I16) -> 14.445724 | J17: =SUM(J12:J16) -> 14.590181 | K17: =SUM(K12:K16) -> 14.736083 | L17: =SUM(L12:L16) -> 14.883444 | M17: =SUM(M12:M16) -> 15.032279 | ... BI17: =SUM(BI12:BI16) -> 0
B19: үйлдвэрлэл
C20: боловсруулсан хүдэр | D20: сая тонн | E20: =SUM(F20:BI20) -> 2216.4 | F20: =production!F24 -> 40 | G20: =production!G24 -> 40 | H20: =production!H24 -> 40 | I20: =production!I24 -> 40 | J20: =production!J24 -> 40 | K20: =production!K24 -> 40 | L20: =production!L24 -> 45 | M20: =production!M24 -> 45 | ... BI20: =production!BI24 -> 0
B22: үйл ажиллагааны зардал
C23: цалин хөлс | D23: сая ам.доллар | E23: =SUM(F23:BI23) -> 11560.742 | F23: =F12*F$20 -> 166.65893 | G23: =G12*G$20 -> 168.32552 | H23: =H12*H$20 -> 170.00877 | I23: =I12*I$20 -> 171.70886 | J23: =J12*J$20 -> 173.42595 | K23: =K12*K$20 -> 175.16021 | L23: =L12*L$20 -> 199.02579 | M23: =M12*M$20 -> 201.01604 | ... BI23: =BI12*BI$20 -> 0
C24: материал | D24: сая ам.доллар | E24: =SUM(F24:BI24) -> 8479.2025 | F24: =F13*F$20 -> 122.23565 | G24: =G13*G$20 -> 123.45801 | H24: =H13*H$20 -> 124.69259 | I24: =I13*I$20 -> 125.93951 | J24: =J13*J$20 -> 127.19891 | K24: =K13*K$20 -> 128.4709 | L24: =L13*L$20 -> 145.97506 | M24: =M13*M$20 -> 147.43481 | ... BI24: =BI13*BI$20 -> 0
C25: цахилгаан, ус дулаан | D25: сая ам.доллар | E25: =SUM(F25:BI25) -> 7118.6477 | F25: =F14*F$20 -> 102.62198 | G25: =G14*G$20 -> 103.6482 | H25: =H14*H$20 -> 104.68468 | I25: =I14*I$20 -> 105.73152 | J25: =J14*J$20 -> 106.78884 | K25: =K14*K$20 -> 107.85673 | L25: =L14*L$20 -> 122.55221 | M25: =M14*M$20 -> 123.77773 | ... BI25: =BI14*BI$20 -> 0
C26: түлш ба тээвэр | D26: сая ам.доллар | E26: =SUM(F26:BI26) -> 8500.7121 | F26: =F15*F$20 -> 122.54573 | G26: =G15*G$20 -> 123.77119 | H26: =H15*H$20 -> 125.0089 | I26: =I15*I$20 -> 126.25899 | J26: =J15*J$20 -> 127.52158 | K26: =K15*K$20 -> 128.79679 | L26: =L15*L$20 -> 146.34536 | M26: =M15*M$20 -> 147.80881 | ... BI26: =BI15*BI$20 -> 0
C27: бусад | D27: сая ам.доллар | E27: =SUM(F27:BI27) -> 3244.5218 | F27: =F16*F$20 -> 46.772823 | G27: =G16*G$20 -> 47.240551 | H27: =H16*H$20 -> 47.712956 | I27: =I16*I$20 -> 48.190086 | J27: =J16*J$20 -> 48.671987 | K27: =K16*K$20 -> 49.158707 | L27: =L16*L$20 -> 55.85658 | M27: =M16*M$20 -> 56.415146 | ... BI27: =BI16*BI$20 -> 0
B28: нийт үйл ажиллагааны зардал | D28: сая ам.доллар | E28: =SUM(F28:BI28) -> 38903.826 | F28: =SUM(F23:F27) -> 560.83511 | G28: =SUM(G23:G27) -> 566.44346 | H28: =SUM(H23:H27) -> 572.10789 | I28: =SUM(I23:I27) -> 577.82897 | J28: =SUM(J23:J27) -> 583.60726 | K28: =SUM(K23:K27) -> 589.44333 | L28: =SUM(L23:L27) -> 669.75499 | M28: =SUM(M23:M27) -> 676.45254 | ... BI28: =SUM(BI23:BI27) -> 0
A30: хайлуулах үйлдвэр
B32: хайлуулах үйлдвэр
C33: цалин хөлс | D33: сая ам.доллар | E33: =SUM(F33:BI33) -> 555.77803 | F33: =IF(AND(F2>=smelter_start,production!F24>0),assumptions!$E203*(1+assumptions!$E221)^F$3,0) -> 0 | G33: =IF(AND(G2>=smelter_start,production!G24>0),assumptions!$E203*(1+assumptions!$E221)^G$3,0) -> 0 | H33: =IF(AND(H2>=smelter_start,production!H24>0),assumptions!$E203*(1+assumptions!$E221)^H$3,0) -> 0 | I33: =IF(AND(I2>=smelter_start,production!I24>0),assumptions!$E203*(1+assumptions!$E221)^I$3,0) -> 0 | J33: =IF(AND(J2>=smelter_start,production!J24>0),assumptions!$E203*(1+assumptions!$E221)^J$3,0) -> 12.487248 | K33: =IF(AND(K2>=smelter_start,production!K24>0),assumptions!$E203*(1+assumptions!$E221)^K$3,0) -> 12.612121 | L33: =IF(AND(L2>=smelter_start,production!L24>0),assumptions!$E203*(1+assumptions!$E221)^L$3,0) -> 12.738242 | M33: =IF(AND(M2>=smelter_start,production!M24>0),assumptions!$E203*(1+assumptions!$E221)^M$3,0) -> 12.865624 | ... BI33: =IF(AND(BI2>=smelter_start,production!BI24>0),assumptions!$E203*(1+assumptions!$E221)^BI$3,0) -> 0
C34: материал | D34: сая ам.доллар | E34: =SUM(F34:BI34) -> 1183.1258 | F34: =IF(F2>=smelter_start,assumptions!$E204*production!F$39*(1+assumptions!$E221)^F$3/1000,0) -> 0 | G34: =IF(G2>=smelter_start,assumptions!$E204*production!G$39*(1+assumptions!$E221)^G$3/1000,0) -> 0 | H34: =IF(H2>=smelter_start,assumptions!$E204*production!H$39*(1+assumptions!$E221)^H$3/1000,0) -> 0 | I34: =IF(I2>=smelter_start,assumptions!$E204*production!I$39*(1+assumptions!$E221)^I$3/1000,0) -> 0 | J34: =IF(J2>=smelter_start,assumptions!$E204*production!J$39*(1+assumptions!$E221)^J$3/1000,0) -> 22.163867 | K34: =IF(K2>=smelter_start,assumptions!$E204*production!K$39*(1+assumptions!$E221)^K$3/1000,0) -> 22.206422 | L34: =IF(L2>=smelter_start,assumptions!$E204*production!L$39*(1+assumptions!$E221)^L$3/1000,0) -> 25.03019 | M34: =IF(M2>=smelter_start,assumptions!$E204*production!M$39*(1+assumptions!$E221)^M$3/1000,0) -> 25.078248 | ... BI34: =IF(BI2>=smelter_start,assumptions!$E204*production!BI$39*(1+assumptions!$E221)^BI$3/1000,0) -> 0
C35: цахилгаан | D35: сая ам.доллар | E35: =SUM(F35:BI35) -> 709.87551 | F35: =IF(F2>=smelter_start,assumptions!$E$51*assumptions!$E205*production!F$39*(1+assumptions!$E221)^F$3/1000,0) -> 0 | G35: =IF(G2>=smelter_start,assumptions!$E$51*assumptions!$E205*production!G$39*(1+assumptions!$E221)^G$3/1000,0) -> 0 | H35: =IF(H2>=smelter_start,assumptions!$E$51*assumptions!$E205*production!H$39*(1+assumptions!$E221)^H$3/1000,0) -> 0 | I35: =IF(I2>=smelter_start,assumptions!$E$51*assumptions!$E205*production!I$39*(1+assumptions!$E221)^I$3/1000,0) -> 0 | J35: =IF(J2>=smelter_start,assumptions!$E$51*assumptions!$E205*production!J$39*(1+assumptions!$E221)^J$3/1000,0) -> 13.29832 | K35: =IF(K2>=smelter_start,assumptions!$E$51*assumptions!$E205*production!K$39*(1+assumptions!$E221)^K$3/1000,0) -> 13.323853 | L35: =IF(L2>=smelter_start,assumptions!$E$51*assumptions!$E205*production!L$39*(1+assumptions!$E221)^L$3/1000,0) -> 15.018114 | M35: =IF(M2>=smelter_start,assumptions!$E$51*assumptions!$E205*production!M$39*(1+assumptions!$E221)^M$3/1000,0) -> 15.046949 | ... BI35: =IF(BI2>=smelter_start,assumptions!$E$51*assumptions!$E205*production!BI$39*(1+assumptions!$E221)^BI$3/1000,0) -> 0
C36: түлш ба тээвэр | D36: сая ам.доллар | E36: =SUM(F36:BI36) -> 443.67219 | F36: =IF(F2>=smelter_start,assumptions!$E206*production!F$39*(1+assumptions!$E221)^F$3/1000,0) -> 0 | G36: =IF(G2>=smelter_start,assumptions!$E206*production!G$39*(1+assumptions!$E221)^G$3/1000,0) -> 0 | H36: =IF(H2>=smelter_start,assumptions!$E206*production!H$39*(1+assumptions!$E221)^H$3/1000,0) -> 0 | I36: =IF(I2>=smelter_start,assumptions!$E206*production!I$39*(1+assumptions!$E221)^I$3/1000,0) -> 0 | J36: =IF(J2>=smelter_start,assumptions!$E206*production!J$39*(1+assumptions!$E221)^J$3/1000,0) -> 8.3114502 | K36: =IF(K2>=smelter_start,assumptions!$E206*production!K$39*(1+assumptions!$E221)^K$3/1000,0) -> 8.3274082 | L36: =IF(L2>=smelter_start,assumptions!$E206*production!L$39*(1+assumptions!$E221)^L$3/1000,0) -> 9.3863214 | M36: =IF(M2>=smelter_start,assumptions!$E206*production!M$39*(1+assumptions!$E221)^M$3/1000,0) -> 9.4043431 | ... BI36: =IF(BI2>=smelter_start,assumptions!$E206*production!BI$39*(1+assumptions!$E221)^BI$3/1000,0) -> 0
C37: бусад | D37: сая ам.доллар | E37: =SUM(F37:BI37) -> 739.45365 | F37: =IF(F2>=smelter_start,assumptions!$E207*production!F$39*(1+assumptions!$E221)^F$3/1000,0) -> 0 | G37: =IF(G2>=smelter_start,assumptions!$E207*production!G$39*(1+assumptions!$E221)^G$3/1000,0) -> 0 | H37: =IF(H2>=smelter_start,assumptions!$E207*production!H$39*(1+assumptions!$E221)^H$3/1000,0) -> 0 | I37: =IF(I2>=smelter_start,assumptions!$E207*production!I$39*(1+assumptions!$E221)^I$3/1000,0) -> 0 | J37: =IF(J2>=smelter_start,assumptions!$E207*production!J$39*(1+assumptions!$E221)^J$3/1000,0) -> 13.852417 | K37: =IF(K2>=smelter_start,assumptions!$E207*production!K$39*(1+assumptions!$E221)^K$3/1000,0) -> 13.879014 | L37: =IF(L2>=smelter_start,assumptions!$E207*production!L$39*(1+assumptions!$E221)^L$3/1000,0) -> 15.643869 | M37: =IF(M2>=smelter_start,assumptions!$E207*production!M$39*(1+assumptions!$E221)^M$3/1000,0) -> 15.673905 | ... BI37: =IF(BI2>=smelter_start,assumptions!$E207*production!BI$39*(1+assumptions!$E221)^BI$3/1000,0) -> 0
B38: хайлуулах үйлдвэрийн нийт зардал | D38: сая ам.доллар | E38: =SUM(F38:BI38) -> 3631.9052 | F38: =SUM(F33:F37) -> 0 | G38: =SUM(G33:G37) -> 0 | H38: =SUM(H33:H37) -> 0 | I38: =SUM(I33:I37) -> 0 | J38: =SUM(J33:J37) -> 70.113303 | K38: =SUM(K33:K37) -> 70.348817 | L38: =SUM(L33:L37) -> 77.816737 | M38: =SUM(M33:M37) -> 78.06907 | ... BI38: =SUM(BI33:BI37) -> 0
B40: цэвэршүүлэх үйлдвэр
C41: цалин хөлс | D41: сая ам.доллар | E41: =SUM(F41:BI41) -> 277.88902 | F41: =IF(AND(F$2>=smelter_start,production!F$58>0),assumptions!$E209*(1+assumptions!$E221)^F$3,0) -> 0 | G41: =IF(AND(G$2>=smelter_start,production!G$58>0),assumptions!$E209*(1+assumptions!$E221)^G$3,0) -> 0 | H41: =IF(AND(H$2>=smelter_start,production!H$58>0),assumptions!$E209*(1+assumptions!$E221)^H$3,0) -> 0 | I41: =IF(AND(I$2>=smelter_start,production!I$58>0),assumptions!$E209*(1+assumptions!$E221)^I$3,0) -> 0 | J41: =IF(AND(J$2>=smelter_start,production!J$58>0),assumptions!$E209*(1+assumptions!$E221)^J$3,0) -> 6.2436241 | K41: =IF(AND(K$2>=smelter_start,production!K$58>0),assumptions!$E209*(1+assumptions!$E221)^K$3,0) -> 6.3060603 | L41: =IF(AND(L$2>=smelter_start,production!L$58>0),assumptions!$E209*(1+assumptions!$E221)^L$3,0) -> 6.3691209 | M41: =IF(AND(M$2>=smelter_start,production!M$58>0),assumptions!$E209*(1+assumptions!$E221)^M$3,0) -> 6.4328121 | ... BI41: =IF(AND(BI$2>=smelter_start,production!BI$58>0),assumptions!$E209*(1+assumptions!$E221)^BI$3,0) -> 0
C42: материал | D42: сая ам.доллар | E42: =SUM(F42:BI42) -> 203.23767 | F42: =production!F$58*assumptions!$E210/1000*(1+assumptions!$E221)^F$3 -> 0 | G42: =production!G$58*assumptions!$E210/1000*(1+assumptions!$E221)^G$3 -> 0 | H42: =production!H$58*assumptions!$E210/1000*(1+assumptions!$E221)^H$3 -> 0 | I42: =production!I$58*assumptions!$E210/1000*(1+assumptions!$E221)^I$3 -> 0 | J42: =production!J$58*assumptions!$E210/1000*(1+assumptions!$E221)^J$3 -> 4.1970581 | K42: =production!K$58*assumptions!$E210/1000*(1+assumptions!$E221)^K$3 -> 4.1840909 | L42: =production!L$58*assumptions!$E210/1000*(1+assumptions!$E221)^L$3 -> 4.6925592 | M42: =production!M$58*assumptions!$E210/1000*(1+assumptions!$E221)^M$3 -> 4.6780611 | ... BI42: =production!BI$58*assumptions!$E210/1000*(1+assumptions!$E221)^BI$3 -> 0
C43: цахилгаан, ус дулаан | D43: сая ам.доллар | E43: =SUM(F43:BI43) -> 162.59014 | F43: =IF(F2>=smelter_start,assumptions!$E$51*assumptions!$E211*production!F$58*(1+assumptions!$E221)^F$3/1000,0) -> 0 | G43: =IF(G2>=smelter_start,assumptions!$E$51*assumptions!$E211*production!G$58*(1+assumptions!$E221)^G$3/1000,0) -> 0 | H43: =IF(H2>=smelter_start,assumptions!$E$51*assumptions!$E211*production!H$58*(1+assumptions!$E221)^H$3/1000,0) -> 0 | I43: =IF(I2>=smelter_start,assumptions!$E$51*assumptions!$E211*production!I$58*(1+assumptions!$E221)^I$3/1000,0) -> 0 | J43: =IF(J2>=smelter_start,assumptions!$E$51*assumptions!$E211*production!J$58*(1+assumptions!$E221)^J$3/1000,0) -> 3.3576465 | K43: =IF(K2>=smelter_start,assumptions!$E$51*assumptions!$E211*production!K$58*(1+assumptions!$E221)^K$3/1000,0) -> 3.3472727 | L43: =IF(L2>=smelter_start,assumptions!$E$51*assumptions!$E211*production!L$58*(1+assumptions!$E221)^L$3/1000,0) -> 3.7540474 | M43: =IF(M2>=smelter_start,assumptions!$E$51*assumptions!$E211*production!M$58*(1+assumptions!$E221)^M$3/1000,0) -> 3.7424489 | ... BI43: =IF(BI2>=smelter_start,assumptions!$E$51*assumptions!$E211*production!BI$58*(1+assumptions!$E221)^BI$3/1000,0) -> 0
C44: түлш ба тээвэр | D44: сая ам.доллар | E44: =SUM(F44:BI44) -> 58.067906 | F44: =production!F$58*assumptions!$E212/1000*(1+assumptions!$E221)^F$3 -> 0 | G44: =production!G$58*assumptions!$E212/1000*(1+assumptions!$E221)^G$3 -> 0 | H44: =production!H$58*assumptions!$E212/1000*(1+assumptions!$E221)^H$3 -> 0 | I44: =production!I$58*assumptions!$E212/1000*(1+assumptions!$E221)^I$3 -> 0 | J44: =production!J$58*assumptions!$E212/1000*(1+assumptions!$E221)^J$3 -> 1.1991595 | K44: =production!K$58*assumptions!$E212/1000*(1+assumptions!$E221)^K$3 -> 1.1954545 | L44: =production!L$58*assumptions!$E212/1000*(1+assumptions!$E221)^L$3 -> 1.3407312 | M44: =production!M$58*assumptions!$E212/1000*(1+assumptions!$E221)^M$3 -> 1.3365889 | ... BI44: =production!BI$58*assumptions!$E212/1000*(1+assumptions!$E221)^BI$3 -> 0
C45: бусад | D45: сая ам.доллар | E45: =SUM(F45:BI45) -> 116.13581 | F45: =assumptions!$E213*production!F$58*(1+assumptions!$E221)^F$3/1000 -> 0 | G45: =assumptions!$E213*production!G$58*(1+assumptions!$E221)^G$3/1000 -> 0 | H45: =assumptions!$E213*production!H$58*(1+assumptions!$E221)^H$3/1000 -> 0 | I45: =assumptions!$E213*production!I$58*(1+assumptions!$E221)^I$3/1000 -> 0 | J45: =assumptions!$E213*production!J$58*(1+assumptions!$E221)^J$3/1000 -> 2.3983189 | K45: =assumptions!$E213*production!K$58*(1+assumptions!$E221)^K$3/1000 -> 2.3909091 | L45: =assumptions!$E213*production!L$58*(1+assumptions!$E221)^L$3/1000 -> 2.6814624 | M45: =assumptions!$E213*production!M$58*(1+assumptions!$E221)^M$3/1000 -> 2.6731778 | ... BI45: =assumptions!$E213*production!BI$58*(1+assumptions!$E221)^BI$3/1000 -> 0
B46: цэвэршүүлэх үйлдвэрийн нийт зардал | D46: сая ам.доллар | E46: =SUM(F46:BI46) -> 817.92055 | F46: =SUM(F41:F45) -> 0 | G46: =SUM(G41:G45) -> 0 | H46: =SUM(H41:H45) -> 0 | I46: =SUM(I41:I45) -> 0 | J46: =SUM(J41:J45) -> 17.395807 | K46: =SUM(K41:K45) -> 17.423788 | L46: =SUM(L41:L45) -> 18.837921 | M46: =SUM(M41:M45) -> 18.863089 | ... BI46: =SUM(BI41:BI45) -> 0
B48: хүчлийн үйлдвэр
C49: цалин хөлс | D49: сая ам.доллар | E49: =SUM(F49:BI49) -> 111.15561 | F49: =IF(AND(F2>=smelter_start,production!F24>0),assumptions!$E215*(1+assumptions!$E221)^F$3,0) -> 0 | G49: =IF(AND(G2>=smelter_start,production!G24>0),assumptions!$E215*(1+assumptions!$E221)^G$3,0) -> 0 | H49: =IF(AND(H2>=smelter_start,production!H24>0),assumptions!$E215*(1+assumptions!$E221)^H$3,0) -> 0 | I49: =IF(AND(I2>=smelter_start,production!I24>0),assumptions!$E215*(1+assumptions!$E221)^I$3,0) -> 0 | J49: =IF(AND(J2>=smelter_start,production!J24>0),assumptions!$E215*(1+assumptions!$E221)^J$3,0) -> 2.4974496 | K49: =IF(AND(K2>=smelter_start,production!K24>0),assumptions!$E215*(1+assumptions!$E221)^K$3,0) -> 2.5224241 | L49: =IF(AND(L2>=smelter_start,production!L24>0),assumptions!$E215*(1+assumptions!$E221)^L$3,0) -> 2.5476484 | M49: =IF(AND(M2>=smelter_start,production!M24>0),assumptions!$E215*(1+assumptions!$E221)^M$3,0) -> 2.5731248 | ... BI49: =IF(AND(BI2>=smelter_start,production!BI24>0),assumptions!$E215*(1+assumptions!$E221)^BI$3,0) -> 0
C50: материал | D50: сая ам.доллар | E50: =SUM(F50:BI50) -> 87.872487 | F50: =IF(F2>=smelter_start,assumptions!$E216*production!F$71*(1+assumptions!$E221)^F$3/1000,0) -> 0 | G50: =IF(G2>=smelter_start,assumptions!$E216*production!G$71*(1+assumptions!$E221)^G$3/1000,0) -> 0 | H50: =IF(H2>=smelter_start,assumptions!$E216*production!H$71*(1+assumptions!$E221)^H$3/1000,0) -> 0 | I50: =IF(I2>=smelter_start,assumptions!$E216*production!I$71*(1+assumptions!$E221)^I$3/1000,0) -> 0 | J50: =IF(J2>=smelter_start,assumptions!$E216*production!J$71*(1+assumptions!$E221)^J$3/1000,0) -> 1.6461428 | K50: =IF(K2>=smelter_start,assumptions!$E216*production!K$71*(1+assumptions!$E221)^K$3/1000,0) -> 1.6493034 | L50: =IF(L2>=smelter_start,assumptions!$E216*production!L$71*(1+assumptions!$E221)^L$3/1000,0) -> 1.8590289 | M50: =IF(M2>=smelter_start,assumptions!$E216*production!M$71*(1+assumptions!$E221)^M$3/1000,0) -> 1.8625982 | ... BI50: =IF(BI2>=smelter_start,assumptions!$E216*production!BI$71*(1+assumptions!$E221)^BI$3/1000,0) -> 0
C51: цахилгаан, ус дулаан | D51: сая ам.доллар | E51: =SUM(F51:BI51) -> 58.581658 | F51: =IF(F2>=smelter_start,assumptions!$E$51*assumptions!$E217*production!F$71*(1+assumptions!$E221)^F$3/1000,0) -> 0 | G51: =IF(G2>=smelter_start,assumptions!$E$51*assumptions!$E217*production!G$71*(1+assumptions!$E221)^G$3/1000,0) -> 0 | H51: =IF(H2>=smelter_start,assumptions!$E$51*assumptions!$E217*production!H$71*(1+assumptions!$E221)^H$3/1000,0) -> 0 | I51: =IF(I2>=smelter_start,assumptions!$E$51*assumptions!$E217*production!I$71*(1+assumptions!$E221)^I$3/1000,0) -> 0 | J51: =IF(J2>=smelter_start,assumptions!$E$51*assumptions!$E217*production!J$71*(1+assumptions!$E221)^J$3/1000,0) -> 1.0974286 | K51: =IF(K2>=smelter_start,assumptions!$E$51*assumptions!$E217*production!K$71*(1+assumptions!$E221)^K$3/1000,0) -> 1.0995356 | L51: =IF(L2>=smelter_start,assumptions!$E$51*assumptions!$E217*production!L$71*(1+assumptions!$E221)^L$3/1000,0) -> 1.2393526 | M51: =IF(M2>=smelter_start,assumptions!$E$51*assumptions!$E217*production!M$71*(1+assumptions!$E221)^M$3/1000,0) -> 1.2417321 | ... BI51: =IF(BI2>=smelter_start,assumptions!$E$51*assumptions!$E217*production!BI$71*(1+assumptions!$E221)^BI$3/1000,0) -> 0
C52: түлш ба тээвэр | D52: сая ам.доллар | E52: =SUM(F52:BI52) -> 29.290829 | F52: =IF(F2>=smelter_start,assumptions!$E218*production!F$71*(1+assumptions!$E221)^F$3/1000,0) -> 0 | G52: =IF(G2>=smelter_start,assumptions!$E218*production!G$71*(1+assumptions!$E221)^G$3/1000,0) -> 0 | H52: =IF(H2>=smelter_start,assumptions!$E218*production!H$71*(1+assumptions!$E221)^H$3/1000,0) -> 0 | I52: =IF(I2>=smelter_start,assumptions!$E218*production!I$71*(1+assumptions!$E221)^I$3/1000,0) -> 0 | J52: =IF(J2>=smelter_start,assumptions!$E218*production!J$71*(1+assumptions!$E221)^J$3/1000,0) -> 0.54871428 | K52: =IF(K2>=smelter_start,assumptions!$E218*production!K$71*(1+assumptions!$E221)^K$3/1000,0) -> 0.54976781 | L52: =IF(L2>=smelter_start,assumptions!$E218*production!L$71*(1+assumptions!$E221)^L$3/1000,0) -> 0.61967629 | M52: =IF(M2>=smelter_start,assumptions!$E218*production!M$71*(1+assumptions!$E221)^M$3/1000,0) -> 0.62086606 | ... BI52: =IF(BI2>=smelter_start,assumptions!$E218*production!BI$71*(1+assumptions!$E221)^BI$3/1000,0) -> 0
C53: бусад | D53: сая ам.доллар | E53: =SUM(F53:BI53) -> 18.146221 | F53: =IF(F2>=smelter_start,assumptions!$E219*production!F$45*(1+assumptions!$E221)^F$3/1000,0) -> 0 | G53: =IF(G2>=smelter_start,assumptions!$E219*production!G$45*(1+assumptions!$E221)^G$3/1000,0) -> 0 | H53: =IF(H2>=smelter_start,assumptions!$E219*production!H$45*(1+assumptions!$E221)^H$3/1000,0) -> 0 | I53: =IF(I2>=smelter_start,assumptions!$E219*production!I$45*(1+assumptions!$E221)^I$3/1000,0) -> 0 | J53: =IF(J2>=smelter_start,assumptions!$E219*production!J$45*(1+assumptions!$E221)^J$3/1000,0) -> 0.37473733 | K53: =IF(K2>=smelter_start,assumptions!$E219*production!K$45*(1+assumptions!$E221)^K$3/1000,0) -> 0.37357954 | L53: =IF(L2>=smelter_start,assumptions!$E219*production!L$45*(1+assumptions!$E221)^L$3/1000,0) -> 0.4189785 | M53: =IF(M2>=smelter_start,assumptions!$E219*production!M$45*(1+assumptions!$E221)^M$3/1000,0) -> 0.41768402 | ... BI53: =IF(BI2>=smelter_start,assumptions!$E219*production!BI$45*(1+assumptions!$E221)^BI$3/1000,0) -> 0
B54: хүчлийн үйлдвэрийн нийт зардал | D54: сая ам.доллар | E54: =SUM(F54:BI54) -> 305.0468 | F54: =SUM(F49:F53) -> 0 | G54: =SUM(G49:G53) -> 0 | H54: =SUM(H49:H53) -> 0 | I54: =SUM(I49:I53) -> 0 | J54: =SUM(J49:J53) -> 6.1644726 | K54: =SUM(K49:K53) -> 6.1946105 | L54: =SUM(L49:L53) -> 6.6846846 | M54: =SUM(M49:M53) -> 6.7160053 | ... BI54: =SUM(BI49:BI53) -> 0
B56: хүчил саармагжуулах үйлдвэр
C57: шохойн чулуу | D57: сая ам.доллар | E57: =SUM(F57:BI57) -> 369.06445 | F57: =production!F74*assumptions!$E$224*assumptions!$E$225/1000*(1+assumptions!$E$229)^F3 -> 0 | G57: =production!G74*assumptions!$E$224*assumptions!$E$225/1000*(1+assumptions!$E$229)^G3 -> 0 | H57: =production!H74*assumptions!$E$224*assumptions!$E$225/1000*(1+assumptions!$E$229)^H3 -> 0 | I57: =production!I74*assumptions!$E$224*assumptions!$E$225/1000*(1+assumptions!$E$229)^I3 -> 0 | J57: =production!J74*assumptions!$E$224*assumptions!$E$225/1000*(1+assumptions!$E$229)^J3 -> 6.9137999 | K57: =production!K74*assumptions!$E$224*assumptions!$E$225/1000*(1+assumptions!$E$229)^K3 -> 6.9270744 | L57: =production!L74*assumptions!$E$224*assumptions!$E$225/1000*(1+assumptions!$E$229)^L3 -> 7.8079212 | M57: =production!M74*assumptions!$E$224*assumptions!$E$225/1000*(1+assumptions!$E$229)^M3 -> 7.8229124 | ... BI57: =production!BI74*assumptions!$E$224*assumptions!$E$225/1000*(1+assumptions!$E$229)^BI3 -> 0
C58: гипс зайлуулах | D58: сая ам.доллар | E58: =SUM(F58:BI58) -> 360.86301 | F58: =assumptions!$E$226*production!F75/1000*(1+assumptions!$E$229)^F3 -> 0 | G58: =assumptions!$E$226*production!G75/1000*(1+assumptions!$E$229)^G3 -> 0 | H58: =assumptions!$E$226*production!H75/1000*(1+assumptions!$E$229)^H3 -> 0 | I58: =assumptions!$E$226*production!I75/1000*(1+assumptions!$E$229)^I3 -> 0 | J58: =assumptions!$E$226*production!J75/1000*(1+assumptions!$E$229)^J3 -> 6.7601599 | K58: =assumptions!$E$226*production!K75/1000*(1+assumptions!$E$229)^K3 -> 6.7731394 | L58: =assumptions!$E$226*production!L75/1000*(1+assumptions!$E$229)^L3 -> 7.6344118 | M58: =assumptions!$E$226*production!M75/1000*(1+assumptions!$E$229)^M3 -> 7.6490699 | ... BI58: =assumptions!$E$226*production!BI75/1000*(1+assumptions!$E$229)^BI3 -> 0
C59: саармагжуулалтын бусад зардал | D59: сая ам.доллар | E59: =SUM(F59:BI59) -> 41.007161 | F59: =assumptions!$E$227*production!F74/1000*(1+assumptions!$E$229)^F3 -> 0 | G59: =assumptions!$E$227*production!G74/1000*(1+assumptions!$E$229)^G3 -> 0 | H59: =assumptions!$E$227*production!H74/1000*(1+assumptions!$E$229)^H3 -> 0 | I59: =assumptions!$E$227*production!I74/1000*(1+assumptions!$E$229)^I3 -> 0 | J59: =assumptions!$E$227*production!J74/1000*(1+assumptions!$E$229)^J3 -> 0.76819999 | K59: =assumptions!$E$227*production!K74/1000*(1+assumptions!$E$229)^K3 -> 0.76967494 | L59: =assumptions!$E$227*production!L74/1000*(1+assumptions!$E$229)^L3 -> 0.8675468 | M59: =assumptions!$E$227*production!M74/1000*(1+assumptions!$E$229)^M3 -> 0.86921249 | ... BI59: =assumptions!$E$227*production!BI74/1000*(1+assumptions!$E$229)^BI3 -> 0
B60: хүчил саармагжуулалтын нийт зардал | D60: сая ам.доллар | E60: =SUM(F60:BI60) -> 770.93462 | F60: =SUM(F57:F59) -> 0 | G60: =SUM(G57:G59) -> 0 | H60: =SUM(H57:H59) -> 0 | I60: =SUM(I57:I59) -> 0 | J60: =SUM(J57:J59) -> 14.44216 | K60: =SUM(K57:K59) -> 14.469889 | L60: =SUM(L57:L59) -> 16.30988 | M60: =SUM(M57:M59) -> 16.341195 | ... BI60: =SUM(BI57:BI59) -> 0
A62: НЭРЛЭСЭН ҮНЭ
A64: инфляц
C65: инфляцын индекс | F65: =IF(F20>0,(1+inflation)^F$3,0) -> 1 | G65: =IF(G20>0,(1+inflation)^G$3,0) -> 1.02 | H65: =IF(H20>0,(1+inflation)^H$3,0) -> 1.0404 | I65: =IF(I20>0,(1+inflation)^I$3,0) -> 1.061208 | J65: =IF(J20>0,(1+inflation)^J$3,0) -> 1.0824322 | K65: =IF(K20>0,(1+inflation)^K$3,0) -> 1.1040808 | L65: =IF(L20>0,(1+inflation)^L$3,0) -> 1.1261624 | M65: =IF(M20>0,(1+inflation)^M$3,0) -> 1.1486857 | ... BI65: =IF(BI20>0,(1+inflation)^BI$3,0) -> 0
A67: уурхай
B69: нэгж зардал
C70: цалин хөлс | D70: боловсруулсан тонн тутамд ам.доллар | E70: =AVERAGE(F70:BI70) -> 5.8800481 | F70: =F12*F$65 -> 4.1664732 | G70: =G12*G$65 -> 4.2923007 | H70: =H12*H$65 -> 4.4219282 | I70: =I12*I$65 -> 4.5554704 | J70: =J12*J$65 -> 4.6930456 | K70: =K12*K$65 -> 4.8347756 | L70: =L12*L$65 -> 4.9807858 | M70: =M12*M$65 -> 5.1312055 | ... BI70: =BI12*BI$65 -> 0
C71: материал | D71: ам.доллар/тонн | E71: =AVERAGE(F71:BI71) -> 4.3127092 | F71: =F13*F$65 -> 3.0558912 | G71: =G13*G$65 -> 3.1481791 | H71: =H13*H$65 -> 3.2432542 | I71: =I13*I$65 -> 3.3412004 | J71: =J13*J$65 -> 3.4421047 | K71: =K13*K$65 -> 3.5460562 | L71: =L13*L$65 -> 3.6531471 | M71: =M13*M$65 -> 3.7634722 | ... BI71: =BI13*BI$65 -> 0
C72: цахилгаан, ус дулаан | D72: ам.доллар/тонн | E72: =AVERAGE(F72:BI72) -> 3.6207011 | F72: =F14*F$65 -> 2.5655494 | G72: =G14*G$65 -> 2.643029 | H72: =H14*H$65 -> 2.7228485 | I72: =I14*I$65 -> 2.8050785 | J72: =J14*J$65 -> 2.8897919 | K72: =K14*K$65 -> 2.9770636 | L72: =L14*L$65 -> 3.0669709 | M72: =M14*M$65 -> 3.1595934 | ... BI72: =BI14*BI$65 -> 0
C73: түлш ба тээвэр | D73: ам.доллар/тонн | E73: =AVERAGE(F73:BI73) -> 4.3236494 | F73: =F15*F$65 -> 3.0636432 | G73: =G15*G$65 -> 3.1561653 | H73: =H15*H$65 -> 3.2514815 | I73: =I15*I$65 -> 3.3496762 | J73: =J15*J$65 -> 3.4508364 | K73: =K15*K$65 -> 3.5550517 | L73: =L15*L$65 -> 3.6624142 | M73: =M15*M$65 -> 3.7730191 | ... BI73: =BI15*BI$65 -> 0
C74: бусад | D74: ам.доллар/тонн | E74: =AVERAGE(F74:BI74) -> 1.6502353 | F74: =F16*F$65 -> 1.1693206 | G74: =G16*G$65 -> 1.204634 | H74: =H16*H$65 -> 1.241014 | I74: =I16*I$65 -> 1.2784926 | J74: =J16*J$65 -> 1.3171031 | K74: =K16*K$65 -> 1.3568796 | L74: =L16*L$65 -> 1.3978574 | M74: =M16*M$65 -> 1.4400727 | ... BI74: =BI16*BI$65 -> 0
B75: нийт нэгж зардал | D75: ам.доллар/тонн | E75: =AVERAGE(F75:BI75) -> 19.787343 | F75: =SUM(F70:F74) -> 14.020878 | G75: =SUM(G70:G74) -> 14.444308 | H75: =SUM(H70:H74) -> 14.880526 | I75: =SUM(I70:I74) -> 15.329918 | J75: =SUM(J70:J74) -> 15.792882 | K75: =SUM(K70:K74) -> 16.269827 | L75: =SUM(L70:L74) -> 16.761175 | M75: =SUM(M70:M74) -> 17.267363 | ... BI75: =SUM(BI70:BI74) -> 0
B77: үйлдвэрлэл
C78: боловсруулсан хүдэр | D78: сая тонн | E78: =SUM(F78:BI78) -> 3510.0077 | F78: =F20*(1+inflation)^F$3 -> 40 | G78: =G20*(1+inflation)^G$3 -> 40.8 | H78: =H20*(1+inflation)^H$3 -> 41.616 | I78: =I20*(1+inflation)^I$3 -> 42.44832 | J78: =J20*(1+inflation)^J$3 -> 43.297286 | K78: =K20*(1+inflation)^K$3 -> 44.163232 | L78: =L20*(1+inflation)^L$3 -> 50.677309 | M78: =M20*(1+inflation)^M$3 -> 51.690855 | ... BI78: =BI20*(1+inflation)^BI$3 -> 0
B79: үйл ажиллагааны зардал
C80: цалин хөлс | D80: сая ам.доллар | E80: =SUM(F80:BI80) -> 18770.275 | F80: =F23*F$65 -> 166.65893 | G80: =G23*G$65 -> 171.69203 | H80: =H23*H$65 -> 176.87713 | I80: =I23*I$65 -> 182.21882 | J80: =J23*J$65 -> 187.72182 | K80: =K23*K$65 -> 193.39102 | L80: =L23*L$65 -> 224.13536 | M80: =M23*M$65 -> 230.90425 | ... BI80: =BI23*BI$65 -> 0
C81: материал | D81: сая ам.доллар | E81: =SUM(F81:BI81) -> 13767.02 | F81: =F24*F$65 -> 122.23565 | G81: =G24*G$65 -> 125.92717 | H81: =H24*H$65 -> 129.73017 | I81: =I24*I$65 -> 133.64802 | J81: =J24*J$65 -> 137.68419 | K81: =K24*K$65 -> 141.84225 | L81: =L24*L$65 -> 164.39162 | M81: =M24*M$65 -> 169.35625 | ... BI81: =BI24*BI$65 -> 0
C82: цахилгаан, ус дулаан | D82: сая ам.доллар | E82: =SUM(F82:BI82) -> 11557.993 | F82: =F25*F$65 -> 102.62198 | G82: =G25*G$65 -> 105.72116 | H82: =H25*H$65 -> 108.91394 | I82: =I25*I$65 -> 112.20314 | J82: =J25*J$65 -> 115.59168 | K82: =K25*K$65 -> 119.08254 | L82: =L25*L$65 -> 138.01369 | M82: =M25*M$65 -> 142.1817 | ... BI82: =BI25*BI$65 -> 0
C83: түлш ба тээвэр | D83: сая ам.доллар | E83: =SUM(F83:BI83) -> 13801.943 | F83: =F26*F$65 -> 122.54573 | G83: =G26*G$65 -> 126.24661 | H83: =H26*H$65 -> 130.05926 | I83: =I26*I$65 -> 133.98705 | J83: =J26*J$65 -> 138.03346 | K83: =K26*K$65 -> 142.20207 | L83: =L26*L$65 -> 164.80864 | M83: =M26*M$65 -> 169.78586 | ... BI83: =BI26*BI$65 -> 0
C84: бусад | D84: сая ам.доллар | E84: =SUM(F84:BI84) -> 5267.8771 | F84: =F27*F$65 -> 46.772823 | G84: =G27*G$65 -> 48.185362 | H84: =H27*H$65 -> 49.64056 | I84: =I27*I$65 -> 51.139705 | J84: =J27*J$65 -> 52.684124 | K84: =K27*K$65 -> 54.275184 | L84: =L27*L$65 -> 62.903582 | M84: =M27*M$65 -> 64.80327 | ... BI84: =BI27*BI$65 -> 0
B85: уурхайн нийт үйл ажиллагааны зардал | D85: сая ам.доллар | E85: =SUM(F85:BI85) -> 63165.109 | F85: =SUM(F80:F84) -> 560.83511 | G85: =SUM(G80:G84) -> 577.77233 | H85: =SUM(H80:H84) -> 595.22105 | I85: =SUM(I80:I84) -> 613.19673 | J85: =SUM(J80:J84) -> 631.71527 | K85: =SUM(K80:K84) -> 650.79307 | L85: =SUM(L80:L84) -> 754.2529 | M85: =SUM(M80:M84) -> 777.03133 | ... BI85: =SUM(BI80:BI84) -> 0
A87: хайлуулах үйлдвэр
B89: хайлуулах үйлдвэр
C90: цалин хөлс | D90: сая ам.доллар | E90: =SUM(F90:BI90) -> 898.15968 | F90: =F33*F$65 -> 0 | G90: =G33*G$65 -> 0 | H90: =H33*H$65 -> 0 | I90: =I33*I$65 -> 0 | J90: =J33*J$65 -> 13.516599 | K90: =K33*K$65 -> 13.9248 | L90: =L33*L$65 -> 14.345329 | M90: =M33*M$65 -> 14.778558 | ... BI90: =BI33*BI$65 -> 0
C91: материал | D91: сая ам.доллар | E91: =SUM(F91:BI91) -> 1932.3445 | F91: =F34*F$65 -> 0 | G91: =G34*G$65 -> 0 | H91: =H34*H$65 -> 0 | I91: =I34*I$65 -> 0 | J91: =J34*J$65 -> 23.990883 | K91: =K34*K$65 -> 24.517684 | L91: =L34*L$65 -> 28.18806 | M91: =M34*M$65 -> 28.807024 | ... BI91: =BI34*BI$65 -> 0
C92: цахилгаан, ус дулаан | D92: сая ам.доллар | E92: =SUM(F92:BI92) -> 1159.4067 | F92: =F35*F$65 -> 0 | G92: =G35*G$65 -> 0 | H92: =H35*H$65 -> 0 | I92: =I35*I$65 -> 0 | J92: =J35*J$65 -> 14.39453 | K92: =K35*K$65 -> 14.71061 | L92: =L35*L$65 -> 16.912836 | M92: =M35*M$65 -> 17.284215 | ... BI92: =BI35*BI$65 -> 0
C93: түлш ба тээвэр | D93: сая ам.доллар | E93: =SUM(F93:BI93) -> 724.62918 | F93: =F36*F$65 -> 0 | G93: =G36*G$65 -> 0 | H93: =H36*H$65 -> 0 | I93: =I36*I$65 -> 0 | J93: =J36*J$65 -> 8.996581 | K93: =K36*K$65 -> 9.1941315 | L93: =L36*L$65 -> 10.570522 | M93: =M36*M$65 -> 10.802634 | ... BI93: =BI36*BI$65 -> 0
C94: бусад | D94: сая ам.доллар | E94: =SUM(F94:BI94) -> 1207.7153 | F94: =F37*F$65 -> 0 | G94: =G37*G$65 -> 0 | H94: =H37*H$65 -> 0 | I94: =I37*I$65 -> 0 | J94: =J37*J$65 -> 14.994302 | K94: =K37*K$65 -> 15.323553 | L94: =L37*L$65 -> 17.617537 | M94: =M37*M$65 -> 18.00439 | ... BI94: =BI37*BI$65 -> 0
B95: хайлуулах үйлдвэрийн нийт зардал | D95: сая ам.доллар | E95: =SUM(F95:BI95) -> 5922.2554 | F95: =SUM(F90:F94) -> 0 | G95: =SUM(G90:G94) -> 0 | H95: =SUM(H90:H94) -> 0 | I95: =SUM(I90:I94) -> 0 | J95: =SUM(J90:J94) -> 75.892894 | K95: =SUM(K90:K94) -> 77.670779 | L95: =SUM(L90:L94) -> 87.634285 | M95: =SUM(M90:M94) -> 89.676822 | ... BI95: =SUM(BI90:BI94) -> 0
B97: цэвэршүүлэх үйлдвэр
C98: цалин хөлс | D98: сая ам.доллар | E98: =SUM(F98:BI98) -> 449.07984 | F98: =F41*F$65 -> 0 | G98: =G41*G$65 -> 0 | H98: =H41*H$65 -> 0 | I98: =I41*I$65 -> 0 | J98: =J41*J$65 -> 6.7582995 | K98: =K41*K$65 -> 6.9624001 | L98: =L41*L$65 -> 7.1726646 | M98: =M41*M$65 -> 7.3892791 | ... BI98: =BI41*BI$65 -> 0
C99: материал | D99: сая ам.доллар | E99: =SUM(F99:BI99) -> 328.45196 | F99: =F42*F$65 -> 0 | G99: =G42*G$65 -> 0 | H99: =H42*H$65 -> 0 | I99: =I42*I$65 -> 0 | J99: =J42*J$65 -> 4.5430307 | K99: =K42*K$65 -> 4.6195744 | L99: =L42*L$65 -> 5.2845838 | M99: =M42*M$65 -> 5.3736217 | ... BI99: =BI42*BI$65 -> 0
C100: цахилгаан, ус дулаан | D100: сая ам.доллар | E100: =SUM(F100:BI100) -> 262.76157 | F100: =F43*F$65 -> 0 | G100: =G43*G$65 -> 0 | H100: =H43*H$65 -> 0 | I100: =I43*I$65 -> 0 | J100: =J43*J$65 -> 3.6344246 | K100: =K43*K$65 -> 3.6956596 | L100: =L43*L$65 -> 4.2276671 | M100: =M43*M$65 -> 4.2988974 | ... BI100: =BI43*BI$65 -> 0
C101: түлш ба тээвэр | D101: сая ам.доллар | E101: =SUM(F101:BI101) -> 93.843417 | F101: =F44*F$65 -> 0 | G101: =G44*G$65 -> 0 | H101: =H44*H$65 -> 0 | I101: =I44*I$65 -> 0 | J101: =J44*J$65 -> 1.2980088 | K101: =K44*K$65 -> 1.3198784 | L101: =L44*L$65 -> 1.5098811 | M101: =M44*M$65 -> 1.5353205 | ... BI101: =BI44*BI$65 -> 0
C102: бусад | D102: сая ам.доллар | E102: =SUM(F102:BI102) -> 187.68683 | F102: =F45*F$65 -> 0 | G102: =G45*G$65 -> 0 | H102: =H45*H$65 -> 0 | I102: =I45*I$65 -> 0 | J102: =J45*J$65 -> 2.5960175 | K102: =K45*K$65 -> 2.6397568 | L102: =L45*L$65 -> 3.0197622 | M102: =M45*M$65 -> 3.070641 | ... BI102: =BI45*BI$65 -> 0
B103: цэвэршүүлэх үйлдвэрийн нийт зардал | D103: сая ам.доллар | E103: =SUM(F103:BI103) -> 1321.8236 | F103: =SUM(F98:F102) -> 0 | G103: =SUM(G98:G102) -> 0 | H103: =SUM(H98:H102) -> 0 | I103: =SUM(I98:I102) -> 0 | J103: =SUM(J98:J102) -> 18.829781 | K103: =SUM(K98:K102) -> 19.237269 | L103: =SUM(L98:L102) -> 21.214559 | M103: =SUM(M98:M102) -> 21.66776 | ... BI103: =SUM(BI98:BI102) -> 0
B105: хүчлийн үйлдвэр
C106: цалин хөлс | D106: сая ам.доллар | E106: =SUM(F106:BI106) -> 179.63194 | F106: =F49*F$65 -> 0 | G106: =G49*G$65 -> 0 | H106: =H49*H$65 -> 0 | I106: =I49*I$65 -> 0 | J106: =J49*J$65 -> 2.7033198 | K106: =K49*K$65 -> 2.78496 | L106: =L49*L$65 -> 2.8690658 | M106: =M49*M$65 -> 2.9557116 | ... BI106: =BI49*BI$65 -> 0
C107: материал | D107: сая ам.доллар | E107: =SUM(F107:BI107) -> 143.51805 | F107: =F50*F$65 -> 0 | G107: =G50*G$65 -> 0 | H107: =H50*H$65 -> 0 | I107: =I50*I$65 -> 0 | J107: =J50*J$65 -> 1.7818379 | K107: =K50*K$65 -> 1.8209643 | L107: =L50*L$65 -> 2.0935684 | M107: =M50*M$65 -> 2.1395398 | ... BI107: =BI50*BI$65 -> 0
C108: цахилгаан, ус дулаан | D108: сая ам.доллар | E108: =SUM(F108:BI108) -> 95.678701 | F108: =F51*F$65 -> 0 | G108: =G51*G$65 -> 0 | H108: =H51*H$65 -> 0 | I108: =I51*I$65 -> 0 | J108: =J51*J$65 -> 1.187892 | K108: =K51*K$65 -> 1.2139762 | L108: =L51*L$65 -> 1.3957123 | M108: =M51*M$65 -> 1.4263599 | ... BI108: =BI51*BI$65 -> 0
C109: түлш ба тээвэр | D109: сая ам.доллар | E109: =SUM(F109:BI109) -> 47.839351 | F109: =F52*F$65 -> 0 | G109: =G52*G$65 -> 0 | H109: =H52*H$65 -> 0 | I109: =I52*I$65 -> 0 | J109: =J52*J$65 -> 0.59394598 | K109: =K52*K$65 -> 0.60698809 | L109: =L52*L$65 -> 0.69785615 | M109: =M52*M$65 -> 0.71317995 | ... BI109: =BI52*BI$65 -> 0
C110: бусад | D110: сая ам.доллар | E110: =SUM(F110:BI110) -> 29.326068 | F110: =F53*F$65 -> 0 | G110: =G53*G$65 -> 0 | H110: =H53*H$65 -> 0 | I110: =I53*I$65 -> 0 | J110: =J53*J$65 -> 0.40562774 | K110: =K53*K$65 -> 0.412462 | L110: =L53*L$65 -> 0.47183784 | M110: =M53*M$65 -> 0.47978765 | ... BI110: =BI53*BI$65 -> 0
B111: хүчлийн үйлдвэрийн нийт зардал | D111: сая ам.доллар | E111: =SUM(F111:BI111) -> 495.99411 | F111: =SUM(F106:F110) -> 0 | G111: =SUM(G106:G110) -> 0 | H111: =SUM(H106:H110) -> 0 | I111: =SUM(I106:I110) -> 0 | J111: =SUM(J106:J110) -> 6.6726234 | K111: =SUM(K106:K110) -> 6.8393506 | L111: =SUM(L106:L110) -> 7.5280406 | M111: =SUM(M106:M110) -> 7.714579 | ... BI111: =SUM(BI106:BI110) -> 0
B113: хүчил саармагжуулах үйлдвэр
C114: шохойн чулуу | D114: сая ам.доллар | E114: =SUM(F114:BI114) -> 602.77582 | F114: =F57*F$65 -> 0 | G114: =G57*G$65 -> 0 | H114: =H57*H$65 -> 0 | I114: =I57*I$65 -> 0 | J114: =J57*J$65 -> 7.4837194 | K114: =K57*K$65 -> 7.6480499 | L114: =L57*L$65 -> 8.7929874 | M114: =M57*M$65 -> 8.9860674 | ... BI114: =BI57*BI$65 -> 0
C115: гипс зайлуулах | D115: сая ам.доллар | E115: =SUM(F115:BI115) -> 589.3808 | F115: =F58*F$65 -> 0 | G115: =G58*G$65 -> 0 | H115: =H58*H$65 -> 0 | I115: =I58*I$65 -> 0 | J115: =J58*J$65 -> 7.3174145 | K115: =K58*K$65 -> 7.4780932 | L115: =L58*L$65 -> 8.5975877 | M115: =M58*M$65 -> 8.786377 | ... BI115: =BI58*BI$65 -> 0
C116: саармагжуулалтын бусад зардал | D116: сая ам.доллар | E116: =SUM(F116:BI116) -> 66.975091 | F116: =F59*F$65 -> 0 | G116: =G59*G$65 -> 0 | H116: =H59*H$65 -> 0 | I116: =I59*I$65 -> 0 | J116: =J59*J$65 -> 0.83152438 | K116: =K59*K$65 -> 0.84978332 | L116: =L59*L$65 -> 0.9769986 | M116: =M59*M$65 -> 0.99845193 | ... BI116: =BI59*BI$65 -> 0
B117: хүчил саармагжуулалтын нийт зардал | D117: сая ам.доллар | E117: =SUM(F117:BI117) -> 1259.1317 | F117: =SUM(F114:F116) -> 0 | G117: =SUM(G114:G116) -> 0 | H117: =SUM(H114:H116) -> 0 | I117: =SUM(I114:I116) -> 0 | J117: =SUM(J114:J116) -> 15.632658 | K117: =SUM(K114:K116) -> 15.975926 | L117: =SUM(L114:L116) -> 18.367574 | M117: =SUM(M114:M116) -> 18.770896 | ... BI117: =SUM(BI114:BI116) -> 0
B119: хайлуулах үйлдвэрийн нийт үйл ажиллагааны зардал | D119: сая ам.доллар | E119: =SUM(F119:BI119) -> 8999.2048 | F119: =F95+F103+F111+F117 -> 0 | G119: =G95+G103+G111+G117 -> 0 | H119: =H95+H103+H111+H117 -> 0 | I119: =I95+I103+I111+I117 -> 0 | J119: =J95+J103+J111+J117 -> 117.02796 | K119: =K95+K103+K111+K117 -> 119.72333 | L119: =L95+L103+L111+L117 -> 134.74446 | M119: =M95+M103+M111+M117 -> 137.83006 | ... BI119: =BI95+BI103+BI111+BI117 -> 0

Sheet capex
A1: ХӨРӨНГӨ ОРУУЛАЛТЫН ЗАРДАЛ
E2: year_calendar--> | F2: =IF(year_start+(COLUMN()-COLUMN($F$2))<=year_end,year_start+(COLUMN()-COLUMN($F$2)),"") -> 2025 | G2: =IF(year_start+(COLUMN()-COLUMN($F$2))<=year_end,year_start+(COLUMN()-COLUMN($F$2)),"") -> 2026 | H2: =IF(year_start+(COLUMN()-COLUMN($F$2))<=year_end,year_start+(COLUMN()-COLUMN($F$2)),"") -> 2027 | I2: =IF(year_start+(COLUMN()-COLUMN($F$2))<=year_end,year_start+(COLUMN()-COLUMN($F$2)),"") -> 2028 | J2: =IF(year_start+(COLUMN()-COLUMN($F$2))<=year_end,year_start+(COLUMN()-COLUMN($F$2)),"") -> 2029 | K2: =IF(year_start+(COLUMN()-COLUMN($F$2))<=year_end,year_start+(COLUMN()-COLUMN($F$2)),"") -> 2030 | L2: =IF(year_start+(COLUMN()-COLUMN($F$2))<=year_end,year_start+(COLUMN()-COLUMN($F$2)),"") -> 2031 | M2: =IF(year_start+(COLUMN()-COLUMN($F$2))<=year_end,year_start+(COLUMN()-COLUMN($F$2)),"") -> 2032 | ... BW2: =IF(year_start+(COLUMN()-COLUMN($F$2))<=year_end,year_start+(COLUMN()-COLUMN($F$2)),"")
E3: year_start--> | F3: =IF(year_start+(COLUMN()-COLUMN($F$2))<=year_end,F2-year_start,"") -> 0 | G3: =IF(year_start+(COLUMN()-COLUMN($F$2))<=year_end,G2-year_start,"") -> 1 | H3: =IF(year_start+(COLUMN()-COLUMN($F$2))<=year_end,H2-year_start,"") -> 2 | I3: =IF(year_start+(COLUMN()-COLUMN($F$2))<=year_end,I2-year_start,"") -> 3 | J3: =IF(year_start+(COLUMN()-COLUMN($F$2))<=year_end,J2-year_start,"") -> 4 | K3: =IF(year_start+(COLUMN()-COLUMN($F$2))<=year_end,K2-year_start,"") -> 5 | L3: =IF(year_start+(COLUMN()-COLUMN($F$2))<=year_end,L2-year_start,"") -> 6 | M3: =IF(year_start+(COLUMN()-COLUMN($F$2))<=year_end,M2-year_start,"") -> 7 | ... BW3: =IF(year_start+(COLUMN()-COLUMN($F$2))<=year_end,BW2-year_start,"")
E4: year_end--> | F4: =IF(year_start+(COLUMN()-COLUMN($F$2))<=year_end,F3+1,"") -> 1 | G4: =IF(year_start+(COLUMN()-COLUMN($F$2))<=year_end,G3+1,"") -> 2 | H4: =IF(year_start+(COLUMN()-COLUMN($F$2))<=year_end,H3+1,"") -> 3 | I4: =IF(year_start+(COLUMN()-COLUMN($F$2))<=year_end,I3+1,"") -> 4 | J4: =IF(year_start+(COLUMN()-COLUMN($F$2))<=year_end,J3+1,"") -> 5 | K4: =IF(year_start+(COLUMN()-COLUMN($F$2))<=year_end,K3+1,"") -> 6 | L4: =IF(year_start+(COLUMN()-COLUMN($F$2))<=year_end,L3+1,"") -> 7 | M4: =IF(year_start+(COLUMN()-COLUMN($F$2))<=year_end,M3+1,"") -> 8 | ... BW4: =IF(year_start+(COLUMN()-COLUMN($F$2))<=year_end,BW3+1,"")
A5: хувьсагч | D5: нэгж | E5: total/average
A7: БОДИТ ҮНЭ
A9: хөрөнгө оруулалтын зардал
B10: уурхай
C11: урсгал хөрөнгийн зардал | D11: сая ам.доллар | E11: =SUM(F11:BI11) -> 4883.2977 | F11: =IF(production!F24>0,assumptions!$E$234*(1+assumptions!$E$235)^F3*production!F21,0) -> 77.965908 | G11: =IF(production!G24>0,assumptions!$E$234*(1+assumptions!$E$235)^G3*production!G21,0) -> 78.355738 | H11: =IF(production!H24>0,assumptions!$E$234*(1+assumptions!$E$235)^H3*production!H21,0) -> 78.747517 | I11: =IF(production!I24>0,assumptions!$E$234*(1+assumptions!$E$235)^I3*production!I21,0) -> 79.141254 | J11: =IF(production!J24>0,assumptions!$E$234*(1+assumptions!$E$235)^J3*production!J21,0) -> 79.53696 | K11: =IF(production!K24>0,assumptions!$E$234*(1+assumptions!$E$235)^K3*production!K21,0) -> 79.934645 | L11: =IF(production!L24>0,assumptions!$E$234*(1+assumptions!$E$235)^L3*production!L21,0) -> 90.376108 | M11: =IF(production!M24>0,assumptions!$E$234*(1+assumptions!$E$235)^M3*production!M21,0) -> 90.827989 | ... BI11: =IF(production!BI24>0,assumptions!$E$234*(1+assumptions!$E$235)^BI3*production!BI21,0) -> 0
C12: өргөтгөлийн зардал | D12: сая ам.доллар | E12: =SUM(F12:BI12) -> 1180.0006 | F12: =IF(production!F24>0,assumptions!$E$236*(1+assumptions!$E$237)^F3*production!F22,0) -> 0 | G12: =IF(production!G24>0,assumptions!$E$236*(1+assumptions!$E$237)^G3*production!G22,0) -> 0 | H12: =IF(production!H24>0,assumptions!$E$236*(1+assumptions!$E$237)^H3*production!H22,0) -> 0 | I12: =IF(production!I24>0,assumptions!$E$236*(1+assumptions!$E$237)^I3*production!I22,0) -> 0 | J12: =IF(production!J24>0,assumptions!$E$236*(1+assumptions!$E$237)^J3*production!J22,0) -> 0 | K12: =IF(production!K24>0,assumptions!$E$236*(1+assumptions!$E$237)^K3*production!K22,0) -> 168.52153 | L12: =IF(production!L24>0,assumptions!$E$236*(1+assumptions!$E$237)^L3*production!L22,0) -> 0 | M12: =IF(production!M24>0,assumptions!$E$236*(1+assumptions!$E$237)^M3*production!M22,0) -> 0 | ... BI12: =IF(production!BI24>0,assumptions!$E$236*(1+assumptions!$E$237)^BI3*production!BI22,0) -> 0
B14: уурхайн нийт хөрөнгө оруулалтын зардал | D14: сая ам.доллар | E14: =SUM(F14:BI14) -> 6063.2983 | F14: =F11+F12 -> 77.965908 | G14: =G11+G12 -> 78.355738 | H14: =H11+H12 -> 78.747517 | I14: =I11+I12 -> 79.141254 | J14: =J11+J12 -> 79.53696 | K14: =K11+K12 -> 248.45618 | L14: =L11+L12 -> 90.376108 | M14: =M11+M12 -> 90.827989 | ... BI14: =BI11+BI12 -> 0
B16: хайлуулах үйлдвэр
C17: урсгал хөрөнгийн зардал | D17: сая ам.доллар | E17: =SUM(F17:BI17) -> 708.90075 | F17: =IF(AND(F2>smelter_start,production!F24>0),assumptions!$E$259*assumptions!$E$260,0) -> 0 | G17: =IF(AND(G2>smelter_start,production!G24>0),assumptions!$E$259*assumptions!$E$260,0) -> 0 | H17: =IF(AND(H2>smelter_start,production!H24>0),assumptions!$E$259*assumptions!$E$260,0) -> 0 | I17: =IF(AND(I2>smelter_start,production!I24>0),assumptions!$E$259*assumptions!$E$260,0) -> 0 | J17: =IF(AND(J2>smelter_start,production!J24>0),assumptions!$E$259*assumptions!$E$260,0) -> 0 | K17: =IF(AND(K2>smelter_start,production!K24>0),assumptions!$E$259*assumptions!$E$260,0) -> 19.691688 | L17: =IF(AND(L2>smelter_start,production!L24>0),assumptions!$E$259*assumptions!$E$260,0) -> 19.691688 | M17: =IF(AND(M2>smelter_start,production!M24>0),assumptions!$E$259*assumptions!$E$260,0) -> 19.691688 | ... BI17: =IF(AND(BI2>smelter_start,production!BI24>0),assumptions!$E$259*assumptions!$E$260,0) -> 0
C18: анхны хөрөнгийн зардал | D18: сая ам.доллар | E18: =SUM(F18:BI18) -> 984.58438 | F18: =IF(AND(F2>=assumptions!$E$13,F2<assumptions!$E$15),assumptions!$E$259/assumptions!$E$14,0) -> 0 | G18: =IF(AND(G2>=assumptions!$E$13,G2<assumptions!$E$15),assumptions!$E$259/assumptions!$E$14,0) -> 328.19479 | H18: =IF(AND(H2>=assumptions!$E$13,H2<assumptions!$E$15),assumptions!$E$259/assumptions!$E$14,0) -> 328.19479 | I18: =IF(AND(I2>=assumptions!$E$13,I2<assumptions!$E$15),assumptions!$E$259/assumptions!$E$14,0) -> 328.19479 | J18: =IF(AND(J2>=assumptions!$E$13,J2<assumptions!$E$15),assumptions!$E$259/assumptions!$E$14,0) -> 0 | K18: =IF(AND(K2>=assumptions!$E$13,K2<assumptions!$E$15),assumptions!$E$259/assumptions!$E$14,0) -> 0 | L18: =IF(AND(L2>=assumptions!$E$13,L2<assumptions!$E$15),assumptions!$E$259/assumptions!$E$14,0) -> 0 | M18: =IF(AND(M2>=assumptions!$E$13,M2<assumptions!$E$15),assumptions!$E$259/assumptions!$E$14,0) -> 0 | ... BI18: =IF(AND(BI2>=assumptions!$E$13,BI2<assumptions!$E$15),assumptions!$E$259/assumptions!$E$14,0) -> 0
C19: хүчил саармагжуулах урсгал зардал | D19: сая ам.доллар | E19: =SUM(F19:BI19) -> 72 | F19: =IF(assumptions!E18=1,0,IF(AND(F2>smelter_start,production!F24>0),assumptions!$E$269*assumptions!$E$270,0)) -> 0 | G19: =IF(assumptions!F18=1,0,IF(AND(G2>smelter_start,production!G24>0),assumptions!$E$269*assumptions!$E$270,0)) -> 0 | H19: =IF(assumptions!G18=1,0,IF(AND(H2>smelter_start,production!H24>0),assumptions!$E$269*assumptions!$E$270,0)) -> 0 | I19: =IF(assumptions!H18=1,0,IF(AND(I2>smelter_start,production!I24>0),assumptions!$E$269*assumptions!$E$270,0)) -> 0 | J19: =IF(assumptions!I18=1,0,IF(AND(J2>smelter_start,production!J24>0),assumptions!$E$269*assumptions!$E$270,0)) -> 0 | K19: =IF(assumptions!J18=1,0,IF(AND(K2>smelter_start,production!K24>0),assumptions!$E$269*assumptions!$E$270,0)) -> 2 | L19: =IF(assumptions!K18=1,0,IF(AND(L2>smelter_start,production!L24>0),assumptions!$E$269*assumptions!$E$270,0)) -> 2 | M19: =IF(assumptions!L18=1,0,IF(AND(M2>smelter_start,production!M24>0),assumptions!$E$269*assumptions!$E$270,0)) -> 2 | ... BI19: =IF(assumptions!BH18=1,0,IF(AND(BI2>smelter_start,production!BI24>0),assumptions!$E$269*assumptions!$E$270,0)) -> 0
C20: хүчил саармагжуулах хөрөнгийн зардал | D20: сая ам.доллар | E20: =SUM(F20:BI20) -> 100 | F20: =IF(assumptions!$E$18=1,0,IF(AND(F2>=assumptions!$E$13,F2<assumptions!$E$15),assumptions!$E$269/assumptions!$E$14,0)) -> 0 | G20: =IF(assumptions!$E$18=1,0,IF(AND(G2>=assumptions!$E$13,G2<assumptions!$E$15),assumptions!$E$269/assumptions!$E$14,0)) -> 33.333333 | H20: =IF(assumptions!$E$18=1,0,IF(AND(H2>=assumptions!$E$13,H2<assumptions!$E$15),assumptions!$E$269/assumptions!$E$14,0)) -> 33.333333 | I20: =IF(assumptions!$E$18=1,0,IF(AND(I2>=assumptions!$E$13,I2<assumptions!$E$15),assumptions!$E$269/assumptions!$E$14,0)) -> 33.333333 | J20: =IF(assumptions!$E$18=1,0,IF(AND(J2>=assumptions!$E$13,J2<assumptions!$E$15),assumptions!$E$269/assumptions!$E$14,0)) -> 0 | K20: =IF(assumptions!$E$18=1,0,IF(AND(K2>=assumptions!$E$13,K2<assumptions!$E$15),assumptions!$E$269/assumptions!$E$14,0)) -> 0 | L20: =IF(assumptions!$E$18=1,0,IF(AND(L2>=assumptions!$E$13,L2<assumptions!$E$15),assumptions!$E$269/assumptions!$E$14,0)) -> 0 | M20: =IF(assumptions!$E$18=1,0,IF(AND(M2>=assumptions!$E$13,M2<assumptions!$E$15),assumptions!$E$269/assumptions!$E$14,0)) -> 0 | ... BI20: =IF(assumptions!$E$18=1,0,IF(AND(BI2>=assumptions!$E$13,BI2<assumptions!$E$15),assumptions!$E$269/assumptions!$E$14,0)) -> 0
B22: хайлуулах үйлдвэрийн нийт хөрөнгө оруулалтын зардал | D22: сая ам.доллар | E22: =SUM(F22:BI22) -> 1865.4851 | F22: =SUM(F17:F20) -> 0 | G22: =SUM(G17:G20) -> 361.52813 | H22: =SUM(H17:H20) -> 361.52813 | I22: =SUM(I17:I20) -> 361.52813 | J22: =SUM(J17:J20) -> 0 | K22: =SUM(K17:K20) -> 21.691688 | L22: =SUM(L17:L20) -> 21.691688 | M22: =SUM(M17:M20) -> 21.691688 | ... BI22: =SUM(BI17:BI20) -> 0
A25: НЭРЛЭСЭН ҮНЭ
A27: инфляц
C28: инфляцын индекс | F28: =IF(production!F24>0,(1+inflation)^F3,0) -> 1 | G28: =IF(production!G24>0,(1+inflation)^G3,0) -> 1.02 | H28: =IF(production!H24>0,(1+inflation)^H3,0) -> 1.0404 | I28: =IF(production!I24>0,(1+inflation)^I3,0) -> 1.061208 | J28: =IF(production!J24>0,(1+inflation)^J3,0) -> 1.0824322 | K28: =IF(production!K24>0,(1+inflation)^K3,0) -> 1.1040808 | L28: =IF(production!L24>0,(1+inflation)^L3,0) -> 1.1261624 | M28: =IF(production!M24>0,(1+inflation)^M3,0) -> 1.1486857 | ... BI28: =IF(production!BI24>0,(1+inflation)^BI3,0) -> 0
A30: хөрөнгө оруулалтын зардал
B31: уурхай
C32: урсгал хөрөнгийн зардал | D32: сая ам.доллар | E32: =SUM(F32:BI32) -> 7865.7346 | F32: =F11*F$28 -> 77.965908 | G32: =G11*G$28 -> 79.922853 | H32: =H11*H$28 -> 81.928916 | I32: =I11*I$28 -> 83.985332 | J32: =J11*J$28 -> 86.093364 | K32: =K11*K$28 -> 88.254307 | L32: =L11*L$28 -> 101.77818 | M32: =M11*M$28 -> 104.33281 | ... BI32: =BI11*BI$28 -> 0
C33: өргөтгөлийн зардал | D33: сая ам.доллар | E33: =SUM(F33:BI33) -> 1826.5003 | F33: =F12*F$28 -> 0 | G33: =G12*G$28 -> 0 | H33: =H12*H$28 -> 0 | I33: =I12*I$28 -> 0 | J33: =J12*J$28 -> 0 | K33: =K12*K$28 -> 186.06139 | L33: =L12*L$28 -> 0 | M33: =M12*M$28 -> 0 | ... BI33: =BI12*BI$28 -> 0
B35: уурхайн нийт хөрөнгө оруулалтын зардал | D35: сая ам.доллар | E35: =SUM(F35:BI35) -> 9692.2349 | F35: =F32+F33 -> 77.965908 | G35: =G32+G33 -> 79.922853 | H35: =H32+H33 -> 81.928916 | I35: =I32+I33 -> 83.985332 | J35: =J32+J33 -> 86.093364 | K35: =K32+K33 -> 274.3157 | L35: =L32+L33 -> 101.77818 | M35: =M32+M33 -> 104.33281 | ... BI35: =BI32+BI33 -> 0
B37: хайлуулах үйлдвэр
C38: урсгал хөрөнгийн зардал | D38: сая ам.доллар | F38: =F17*F$28 -> 0 | G38: =G17*G$28 -> 0 | H38: =H17*H$28 -> 0 | I38: =I17*I$28 -> 0 | J38: =J17*J$28 -> 0 | K38: =K17*K$28 -> 21.741214 | L38: =L17*L$28 -> 22.176039 | M38: =M17*M$28 -> 22.619559 | ... BI38: =BI17*BI$28 -> 0
C39: анхны хөрөнгийн зардал | D39: сая ам.доллар | E39: =SUM(F39:BI39) -> 1024.4955 | F39: =F18*F$28 -> 0 | G39: =G18*G$28 -> 334.75869 | H39: =H18*H$28 -> 341.45386 | I39: =I18*I$28 -> 348.28294 | J39: =J18*J$28 -> 0 | K39: =K18*K$28 -> 0 | L39: =L18*L$28 -> 0 | M39: =M18*M$28 -> 0 | ... BI39: =BI18*BI$28 -> 0
C40: хүчил саармагжуулах урсгал зардал | D40: сая ам.доллар | E40: =SUM(F40:BI40) -> 114.81197 | F40: =F19*F$28 -> 0 | G40: =G19*G$28 -> 0 | H40: =H19*H$28 -> 0 | I40: =I19*I$28 -> 0 | J40: =J19*J$28 -> 0 | K40: =K19*K$28 -> 2.2081616 | L40: =L19*L$28 -> 2.2523248 | M40: =M19*M$28 -> 2.2973713 | ... BI40: =BI19*BI$28 -> 0
C41: хүчил саармагжуулах хөрөнгийн зардал | D41: сая ам.доллар | E41: =SUM(F41:BI41) -> 104.0536 | F41: =F20*F$28 -> 0 | G41: =G20*G$28 -> 34 | H41: =H20*H$28 -> 34.68 | I41: =I20*I$28 -> 35.3736 | J41: =J20*J$28 -> 0 | K41: =K20*K$28 -> 0 | L41: =L20*L$28 -> 0 | M41: =M20*M$28 -> 0 | ... BI41: =BI20*BI$28 -> 0
B43: хайлуулах үйлдвэрийн нийт хөрөнгө оруулалтын зардал | D43: сая ам.доллар | E43: =SUM(F43:BI43) -> 2373.7817 | F43: =SUM(F38:F41) -> 0 | G43: =SUM(G38:G41) -> 368.75869 | H43: =SUM(H38:H41) -> 376.13386 | I43: =SUM(I38:I41) -> 383.65654 | J43: =SUM(J38:J41) -> 0 | K43: =SUM(K38:K41) -> 23.949376 | L43: =SUM(L38:L41) -> 24.428363 | M43: =SUM(M38:M41) -> 24.916931 | ... BI43: =SUM(BI38:BI41) -> 0
A46: ЭЛЭГДЭЛ
A48: уурхай
B50: 10 жилийн хуваарь
C51: эхний үлдэгдэл | D51: сая ам.доллар | E51: =SUM(F51:BI51) -> 68450.875 | F51: =assumptions!E254 -> 956.65554 | G51: =IF(production!G24>0,F54,0) -> 556.29368 | H51: =IF(production!H24>0,G54,0) -> 580.58716 | I51: =IF(production!I24>0,H54,0) -> 604.45736 | J51: =IF(production!J24>0,I54,0) -> 627.99696 | K51: =IF(production!K24>0,J54,0) -> 651.29063 | L51: =IF(production!L24>0,K54,0) -> 841.87112 | M51: =IF(production!M24>0,L54,0) -> 859.46219 | N51: =IF(production!N24>0,M54,0) -> 877.84878 | ... BI51: =IF(production!BI24>0,BH54,0) -> 0
C52: нэмэгдэл | D52: сая ам.доллар | E52: =SUM(F52:BI52) -> 9509.5849 | F52: =F32+F33*assumptions!$E$246/100 -> 77.965908 | G52: =G32+G33*assumptions!$E$246/100 -> 79.922853 | H52: =H32+H33*assumptions!$E$246/100 -> 81.928916 | I52: =I32+I33*assumptions!$E$246/100 -> 83.985332 | J52: =J32+J33*assumptions!$E$246/100 -> 86.093364 | K52: =K32+K33*assumptions!$E$246/100 -> 255.70956 | L52: =L32+L33*assumptions!$E$246/100 -> 101.77818 | M52: =M32+M33*assumptions!$E$246/100 -> 104.33281 | ... BI52: =BI32+BI33*assumptions!$E$246/100 -> 0
C53: хасалт | D53: сая ам.доллар | E53: =SUM(F53:BI53) -> 7227.7497 | F53: =F51/2 -> 478.32777 | G53: =G51/assumptions!$E$250 -> 55.629368 | H53: =H51/assumptions!$E$250 -> 58.058716 | I53: =I51/assumptions!$E$250 -> 60.445736 | J53: =J51/assumptions!$E$250 -> 62.799696 | K53: =K51/assumptions!$E$250 -> 65.129063 | L53: =L51/assumptions!$E$250 -> 84.187112 | M53: =M51/assumptions!$E$250 -> 85.946219 | N53: =N51/assumptions!$E$250 -> 87.784878 | ... BI53: =BI51/assumptions!$E$250 -> 0
C54: эцсийн үлдэгдэл | D54: сая ам.доллар | E54: =SUM(F54:BI54) -> 70732.71 | F54: =IFERROR(F51+F52-F53,"") -> 556.29368 | G54: =IFERROR(G51+G52-G53,"") -> 580.58716 | H54: =IFERROR(H51+H52-H53,"") -> 604.45736 | I54: =IFERROR(I51+I52-I53,"") -> 627.99696 | J54: =IFERROR(J51+J52-J53,"") -> 651.29063 | K54: =IFERROR(K51+K52-K53,"") -> 841.87112 | L54: =IFERROR(L51+L52-L53,"") -> 859.46219 | M54: =IFERROR(M51+M52-M53,"") -> 877.84878 | ... BI54: =IFERROR(BI51+BI52-BI53,"") -> 0
B55: элэгдлийн зардал | D55: сая ам.доллар | E55: =SUM(F55:BI55) -> 7073.271 | F55: =F54/assumptions!$E$250 -> 55.629368 | G55: =G54/assumptions!$E$250 -> 58.058716 | H55: =H54/assumptions!$E$250 -> 60.445736 | I55: =I54/assumptions!$E$250 -> 62.799696 | J55: =J54/assumptions!$E$250 -> 65.129063 | K55: =K54/assumptions!$E$250 -> 84.187112 | L55: =L54/assumptions!$E$250 -> 85.946219 | M55: =M54/assumptions!$E$250 -> 87.784878 | ... BI55: =BI54/assumptions!$E$250 -> 0
B57: 25 жилийн хуваарь
C58: эхний үлдэгдэл | D58: сая ам.доллар | E58: =SUM(F58:BI58) -> 6720.4285 | F58: =assumptions!E255 -> 478.32777 | G58: =IF(production!G24>0,F61,0) -> 382.66221 | H58: =IF(production!H24>0,G61,0) -> 306.12977 | I58: =IF(production!I24>0,H61,0) -> 244.90382 | J58: =IF(production!J24>0,I61,0) -> 195.92305 | K58: =IF(production!K24>0,J61,0) -> 156.73844 | L58: =IF(production!L24>0,K61,0) -> 169.07504 | M58: =IF(production!M24>0,L61,0) -> 162.31204 | N58: =IF(production!N24>0,M61,0) -> 155.81956 | ... BI58: =IF(production!BI24>0,BH61,0) -> 0
C59: нэмэгдэл | D59: сая ам.доллар | E59: =SUM(F59:BI59) -> 182.65003 | F59: =IFERROR(assumptions!$E$247/100*F33,"") -> 0 | G59: =IFERROR(assumptions!$E$247/100*G33,"") -> 0 | H59: =IFERROR(assumptions!$E$247/100*H33,"") -> 0 | I59: =IFERROR(assumptions!$E$247/100*I33,"") -> 0 | J59: =IFERROR(assumptions!$E$247/100*J33,"") -> 0 | K59: =IFERROR(assumptions!$E$247/100*K33,"") -> 18.606139 | L59: =IFERROR(assumptions!$E$247/100*L33,"") -> 0 | M59: =IFERROR(assumptions!$E$247/100*M33,"") -> 0 | ... BI59: =IFERROR(assumptions!$E$247/100*BI33,"") -> 0
C60: хасалт | D60: сая ам.доллар | E60: =SUM(F60:BI60) -> 526.0886 | F60: =IFERROR(MIN(F58/5,F58),"") -> 95.665554 | G60: =IFERROR(MIN(G58/5,G58),"") -> 76.532443 | H60: =IFERROR(MIN(H58/5,H58),"") -> 61.225954 | I60: =IFERROR(MIN(I58/5,I58),"") -> 48.980763 | J60: =IFERROR(MIN(J58/5,J58),"") -> 39.184611 | K60: =K58/assumptions!$E$251 -> 6.2695377 | L60: =L58/assumptions!$E$251 -> 6.7630018 | M60: =M58/assumptions!$E$251 -> 6.4924817 | N60: =N58/assumptions!$E$251 -> 6.2327824 | O60: =O58/assumptions!$E$251 -> 5.9834711 | P60: =P58/assumptions!$E$251 -> 5.7441323 | Q60: =Q58/assumptions!$E$251 -> 5.514367 | R60: =R58/assumptions!$E$251 -> 6.1834963 | ... BI60: =BI58/assumptions!$E$251 -> 0
C61: эцсийн үлдэгдэл | D61: сая ам.доллар | E61: =SUM(F61:BI61) -> 6376.9899 | F61: =IFERROR(F58+F59-F60,"") -> 382.66221 | G61: =IFERROR(G58+G59-G60,"") -> 306.12977 | H61: =IFERROR(H58+H59-H60,"") -> 244.90382 | I61: =IFERROR(I58+I59-I60,"") -> 195.92305 | J61: =IFERROR(J58+J59-J60,"") -> 156.73844 | K61: =IFERROR(K58+K59-K60,"") -> 169.07504 | L61: =IFERROR(L58+L59-L60,"") -> 162.31204 | M61: =IFERROR(M58+M59-M60,"") -> 155.81956 | ... BI61: =IFERROR(BI58+BI59-BI60,"") -> 0
B62: элэгдлийн зардал | D62: сая ам.доллар | E62: =SUM(F62:BI62) -> 255.0796 | F62: =F61/assumptions!$E$251 -> 15.306489 | G62: =G61/assumptions!$E$251 -> 12.245191 | H62: =H61/assumptions!$E$251 -> 9.7961527 | I62: =I61/assumptions!$E$251 -> 7.8369221 | J62: =J61/assumptions!$E$251 -> 6.2695377 | K62: =K61/assumptions!$E$251 -> 6.7630018 | L62: =L61/assumptions!$E$251 -> 6.4924817 | M62: =M61/assumptions!$E$251 -> 6.2327824 | ... BI62: =BI61/assumptions!$E$251 -> 0
B64: 40 жилийн хуваарь
C65: эхний үлдэгдэл | D65: сая ам.доллар | E65: =SUM(F65:BI65) -> 4119.0295 | F65: =assumptions!E256 -> 159.44259 | G65: =IF(production!G24>0,F68,0) -> 155.45652 | H65: =IF(production!H24>0,G68,0) -> 151.57011 | I65: =IF(production!I24>0,H68,0) -> 147.78086 | J65: =IF(production!J24>0,I68,0) -> 144.08634 | K65: =IF(production!K24>0,J68,0) -> 140.48418 | L65: =IF(production!L24>0,K68,0) -> 136.97207 | M65: =IF(production!M24>0,L68,0) -> 133.54777 | N65: =IF(production!N24>0,M68,0) -> 130.20908 | ... BI65: =IF(production!BI24>0,BH68,0) -> 0
C66: нэмэгдэл | D66: сая ам.доллар | E66: =SUM(F66:BI66) -> 0 | F66: =IFERROR(assumptions!$E$248/100*capex!F33,"") -> 0 | G66: =IFERROR(assumptions!$E$248/100*G33,"") -> 0 | H66: =IFERROR(assumptions!$E$248/100*H33,"") -> 0 | I66: =IFERROR(assumptions!$E$248/100*I33,"") -> 0 | J66: =IFERROR(assumptions!$E$248/100*J33,"") -> 0 | K66: =IFERROR(assumptions!$E$248/100*K33,"") -> 0 | L66: =IFERROR(assumptions!$E$248/100*L33,"") -> 0 | M66: =IFERROR(assumptions!$E$248/100*M33,"") -> 0 | N66: =IFERROR(assumptions!$E$248/100*N33,"") -> 0 | ... BI66: =IFERROR(assumptions!$E$248/100*BI33,"") -> 0
C67: хасалт | D67: сая ам.доллар | E67: =SUM(F67:BI67) -> 102.97574 | F67: =F65/assumptions!$E$252 -> 3.9860647 | G67: =G65/assumptions!$E$252 -> 3.8864131 | H67: =H65/assumptions!$E$252 -> 3.7892528 | I67: =I65/assumptions!$E$252 -> 3.6945215 | J67: =J65/assumptions!$E$252 -> 3.6021584 | K67: =K65/assumptions!$E$252 -> 3.5121045 | L67: =L65/assumptions!$E$252 -> 3.4243019 | M67: =M65/assumptions!$E$252 -> 3.3386943 | ... BI67: =BI65/assumptions!$E$252 -> 0
C68: эцсийн үлдэгдэл | D68: сая ам.доллар | E68: =SUM(F68:BI68) -> 4016.0537 | F68: =IFERROR(F65+F66-F67,"") -> 155.45652 | G68: =IFERROR(G65+G66-G67,"") -> 151.57011 | H68: =IFERROR(H65+H66-H67,"") -> 147.78086 | I68: =IFERROR(I65+I66-I67,"") -> 144.08634 | J68: =IFERROR(J65+J66-J67,"") -> 140.48418 | K68: =IFERROR(K65+K66-K67,"") -> 136.97207 | L68: =IFERROR(L65+L66-L67,"") -> 133.54777 | M68: =IFERROR(M65+M66-M67,"") -> 130.20908 | ... BI68: =IFERROR(BI65+BI66-BI67,"") -> 0
B69: элэгдлийн зардал | D69: сая ам.доллар | E69: =SUM(F69:BI69) -> 100.40134 | F69: =IFERROR(F68/assumptions!$E$252,"") -> 3.8864131 | G69: =IFERROR(G68/assumptions!$E$252,"") -> 3.7892528 | H69: =IFERROR(H68/assumptions!$E$252,"") -> 3.6945215 | I69: =IFERROR(I68/assumptions!$E$252,"") -> 3.6021584 | J69: =IFERROR(J68/assumptions!$E$252,"") -> 3.5121045 | K69: =IFERROR(K68/assumptions!$E$252,"") -> 3.4243019 | L69: =IFERROR(L68/assumptions!$E$252,"") -> 3.3386943 | M69: =IFERROR(M68/assumptions!$E$252,"") -> 3.255227 | ... BI69: =IFERROR(BI68/assumptions!$E$252,"") -> 0
B71: нийт элэгдлийн зардал | D71: сая ам.доллар | E71: =SUM(F71:BI71) -> 7428.752 | F71: =IFERROR(F55+F62+F69,"") -> 74.822269 | G71: =IFERROR(G55+G62+G69,"") -> 74.09316 | H71: =IFERROR(H55+H62+H69,"") -> 73.93641 | I71: =IFERROR(I55+I62+I69,"") -> 74.238776 | J71: =IFERROR(J55+J62+J69,"") -> 74.910705 | K71: =IFERROR(K55+K62+K69,"") -> 94.374416 | L71: =IFERROR(L55+L62+L69,"") -> 95.777395 | M71: =IFERROR(M55+M62+M69,"") -> 97.272887 | ... BI71: =IFERROR(BI55+BI62+BI69,"") -> 0
A73: хайлуулах үйлдвэр
B75: 10 жилийн хуваарь
C76: эхний үлдэгдэл | D76: сая ам.доллар | E76: =NPV(discount_nominal,G76:BI76)+F76 -> 4813.6846 | F76: =assumptions!E262 -> 0 | G76: =IF(production!G24>0,F79,0) -> 0 | H76: =IF(production!H24>0,G79,0) -> 295.00695 | I76: =IF(production!I24>0,H79,0) -> 566.41335 | J76: =IF(production!J24>0,I79,0) -> 816.69724 | K76: =IF(production!K24>0,J79,0) -> 735.02752 | L76: =IF(production!L24>0,K79,0) -> 680.68427 | M76: =IF(production!M24>0,L79,0) -> 632.15853 | N76: =IF(production!N24>0,M79,0) -> 588.87622 | ... BI76: =IF(production!BI24>0,BH79,0) -> 0
C77: нэмэгдэл | D77: сая ам.доллар | E77: =NPV(discount_nominal,G77:BI77)+F77 -> 931.5816 | F77: =F43*assumptions!$E$264/100 -> 0 | G77: =G43*assumptions!$E$264/100 -> 295.00695 | H77: =H43*assumptions!$E$264/100 -> 300.90709 | I77: =I43*assumptions!$E$264/100 -> 306.92523 | J77: =J43*assumptions!$E$264/100 -> 0 | K77: =K43*assumptions!$E$264/100 -> 19.159501 | L77: =L43*assumptions!$E$264/100 -> 19.542691 | M77: =M43*assumptions!$E$264/100 -> 19.933544 | ... BI77: =BI43*assumptions!$E$264/100 -> 0
C78: хасалт | D78: сая ам.доллар | E78: =NPV(discount_nominal,G78:BI78)+F78 -> 481.36846 | F78: =F76/assumptions!$E$250 -> 0 | G78: =G76/assumptions!$E$250 -> 0 | H78: =H76/assumptions!$E$250 -> 29.500695 | I78: =I76/assumptions!$E$250 -> 56.641335 | J78: =J76/assumptions!$E$250 -> 81.669724 | K78: =K76/assumptions!$E$250 -> 73.502752 | L78: =L76/assumptions!$E$250 -> 68.068427 | M78: =M76/assumptions!$E$250 -> 63.215853 | ... BI78: =BI76/assumptions!$E$250 -> 0
C79: эцсийн үлдэгдэл | D79: сая ам.доллар | E79: =NPV(discount_nominal,G79:BI79)+F79 -> 5263.8977 | F79: =F76+F77-F78 -> 0 | G79: =G76+G77-G78 -> 295.00695 | H79: =H76+H77-H78 -> 566.41335 | I79: =I76+I77-I78 -> 816.69724 | J79: =J76+J77-J78 -> 735.02752 | K79: =K76+K77-K78 -> 680.68427 | L79: =L76+L77-L78 -> 632.15853 | M79: =M76+M77-M78 -> 588.87622 | ... BI79: =BI76+BI77-BI78 -> 0
B80: элэгдлийн зардал | D80: сая ам.доллар | E80: =NPV(discount_nominal,G80:BI80)+F80 -> 526.38977 | F80: =F79/assumptions!$E$250 -> 0 | G80: =G79/assumptions!$E$250 -> 29.500695 | H80: =H79/assumptions!$E$250 -> 56.641335 | I80: =I79/assumptions!$E$250 -> 81.669724 | J80: =J79/assumptions!$E$250 -> 73.502752 | K80: =K79/assumptions!$E$250 -> 68.068427 | L80: =L79/assumptions!$E$250 -> 63.215853 | M80: =M79/assumptions!$E$250 -> 58.887622 | ... BI80: =BI79/assumptions!$E$250 -> 0
B82: 25 жилийн хуваарь
C83: эхний үлдэгдэл | D83: сая ам.доллар | E83: =NPV(discount_nominal,G83:BI83)+F83 -> 1296.1011 | F83: =assumptions!E262 -> 0 | G83: =IF(production!G24>0,F86,0) -> 0 | H83: =IF(production!H24>0,G86,0) -> 55.313803 | I83: =IF(production!I24>0,H86,0) -> 109.52133 | J83: =IF(production!J24>0,I86,0) -> 162.68896 | K83: =IF(production!K24>0,J86,0) -> 156.1814 | L83: =IF(production!L24>0,K86,0) -> 153.52655 | M83: =IF(production!M24>0,L86,0) -> 151.04974 | N83: =IF(production!N24>0,M86,0) -> 148.74529 | ... BI83: =IF(production!BI24>0,BH86,0) -> 0
C84: нэмэгдэл | D84: сая ам.доллар | E84: =NPV(discount_nominal,G84:BI84)+F84 -> 174.67155 | F84: =F43*assumptions!$E$265/100 -> 0 | G84: =G43*assumptions!$E$265/100 -> 55.313803 | H84: =H43*assumptions!$E$265/100 -> 56.420079 | I84: =I43*assumptions!$E$265/100 -> 57.548481 | J84: =J43*assumptions!$E$265/100 -> 0 | K84: =K43*assumptions!$E$265/100 -> 3.5924064 | L84: =L43*assumptions!$E$265/100 -> 3.6642545 | M84: =M43*assumptions!$E$265/100 -> 3.7375396 | ... BI84: =BI43*assumptions!$E$265/100 -> 0
C85: хасалт | D85: сая ам.доллар | E85: =NPV(discount_nominal,G85:BI85)+F85 -> 51.844043 | F85: =F83/assumptions!$E$251 -> 0 | G85: =G83/assumptions!$E$251 -> 0 | H85: =H83/assumptions!$E$251 -> 2.2125521 | I85: =I83/assumptions!$E$251 -> 4.3808532 | J85: =J83/assumptions!$E$251 -> 6.5075583 | K85: =K83/assumptions!$E$251 -> 6.247256 | L85: =L83/assumptions!$E$251 -> 6.141062 | M85: =M83/assumptions!$E$251 -> 6.0419897 | ... BI85: =BI83/assumptions!$E$251 -> 0
C86: эцсийн үлдэгдэл | D86: сая ам.доллар | E86: =NPV(discount_nominal,G86:BI86)+F86 -> 1418.9286 | F86: =F83+F84-F85 -> 0 | G86: =G83+G84-G85 -> 55.313803 | H86: =H83+H84-H85 -> 109.52133 | I86: =I83+I84-I85 -> 162.68896 | J86: =J83+J84-J85 -> 156.1814 | K86: =K83+K84-K85 -> 153.52655 | L86: =L83+L84-L85 -> 151.04974 | M86: =M83+M84-M85 -> 148.74529 | ... BI86: =BI83+BI84-BI85 -> 0
B87: элэгдлийн зардал | D87: сая ам.доллар | E87: =NPV(discount_nominal,G87:BI87)+F87 -> 56.757144 | F87: =F86/assumptions!$E$251 -> 0 | G87: =G86/assumptions!$E$251 -> 2.2125521 | H87: =H86/assumptions!$E$251 -> 4.3808532 | I87: =I86/assumptions!$E$251 -> 6.5075583 | J87: =J86/assumptions!$E$251 -> 6.247256 | K87: =K86/assumptions!$E$251 -> 6.141062 | L87: =L86/assumptions!$E$251 -> 6.0419897 | M87: =M86/assumptions!$E$251 -> 5.9498117 | ... BI87: =BI86/assumptions!$E$251 -> 0
B89: 40 жилийн хуваарь
C90: эхний үлдэгдэл | D90: сая ам.доллар | E90: =NPV(discount_nominal,G90:BI90)+F90 -> 483.27464 | F90: =assumptions!E262 -> 0 | G90: =IF(production!G24>0,F93,0) -> 0 | H90: =IF(production!H24>0,G93,0) -> 18.437934 | I90: =IF(production!I24>0,H93,0) -> 36.783679 | J90: =IF(production!J24>0,I93,0) -> 55.046914 | K90: =IF(production!K24>0,J93,0) -> 53.670741 | L90: =IF(production!L24>0,K93,0) -> 53.526442 | M90: =IF(production!M24>0,L93,0) -> 53.409699 | N90: =IF(production!N24>0,M93,0) -> 53.320303 | ... BI90: =IF(production!BI24>0,BH93,0) -> 0
C91: нэмэгдэл | D91: сая ам.доллар | E91: =NPV(discount_nominal,G91:BI91)+F91 -> 58.22385 | F91: =F43*assumptions!$E$266/100 -> 0 | G91: =G43*assumptions!$E$266/100 -> 18.437934 | H91: =H43*assumptions!$E$266/100 -> 18.806693 | I91: =I43*assumptions!$E$266/100 -> 19.182827 | J91: =J43*assumptions!$E$266/100 -> 0 | K91: =K43*assumptions!$E$266/100 -> 1.1974688 | L91: =L43*assumptions!$E$266/100 -> 1.2214182 | M91: =M43*assumptions!$E$266/100 -> 1.2458465 | ... BI91: =BI43*assumptions!$E$266/100 -> 0
C92: хасалт | D92: сая ам.доллар | E92: =NPV(discount_nominal,G92:BI92)+F92 -> 12.081866 | F92: =F90/assumptions!$E$252 -> 0 | G92: =G90/assumptions!$E$252 -> 0 | H92: =H90/assumptions!$E$252 -> 0.46094836 | I92: =I90/assumptions!$E$252 -> 0.91959198 | J92: =J90/assumptions!$E$252 -> 1.3761729 | K92: =K90/assumptions!$E$252 -> 1.3417685 | L92: =L90/assumptions!$E$252 -> 1.338161 | M92: =M90/assumptions!$E$252 -> 1.3352425 | ... BI92: =BI90/assumptions!$E$252 -> 0
C93: эцсийн үлдэгдэл | D93: сая ам.доллар | E93: =NPV(discount_nominal,G93:BI93)+F93 -> 529.41662 | F93: =F90+F91-F92 -> 0 | G93: =G90+G91-G92 -> 18.437934 | H93: =H90+H91-H92 -> 36.783679 | I93: =I90+I91-I92 -> 55.046914 | J93: =J90+J91-J92 -> 53.670741 | K93: =K90+K91-K92 -> 53.526442 | L93: =L90+L91-L92 -> 53.409699 | M93: =M90+M91-M92 -> 53.320303 | ... BI93: =BI90+BI91-BI92 -> 0
B94: элэгдлийн зардал | D94: сая ам.доллар | E94: =NPV(discount_nominal,G94:BI94)+F94 -> 13.235416 | F94: =IFERROR(F93/assumptions!$E$252,"") -> 0 | G94: =IFERROR(G93/assumptions!$E$252,"") -> 0.46094836 | H94: =IFERROR(H93/assumptions!$E$252,"") -> 0.91959198 | I94: =IFERROR(I93/assumptions!$E$252,"") -> 1.3761729 | J94: =IFERROR(J93/assumptions!$E$252,"") -> 1.3417685 | K94: =IFERROR(K93/assumptions!$E$252,"") -> 1.338161 | L94: =IFERROR(L93/assumptions!$E$252,"") -> 1.3352425 | M94: =IFERROR(M93/assumptions!$E$252,"") -> 1.3330076 | ... BI94: =IFERROR(BI93/assumptions!$E$252,"") -> 0
B96: нийт элэгдлийн зардал | D96: сая ам.доллар | E96: =NPV(discount_nominal,G96:BI96)+F96 -> 596.38233 | F96: =IFERROR(F80+F87+F94,"") -> 0 | G96: =IFERROR(G80+G87+G94,"") -> 32.174196 | H96: =IFERROR(H80+H87+H94,"") -> 61.94178 | I96: =IFERROR(I80+I87+I94,"") -> 89.553455 | J96: =IFERROR(J80+J87+J94,"") -> 81.091776 | K96: =IFERROR(K80+K87+K94,"") -> 75.54765 | L96: =IFERROR(L80+L87+L94,"") -> 70.593085 | M96: =IFERROR(M80+M87+M94,"") -> 66.170442 | ... BI96: =IFERROR(BI80+BI87+BI94,"") -> 0

Sheet financials
A1: САНХҮҮГИЙН ТООЦОО
E2: year_calendar--> | F2: =IF(year_start+(COLUMN()-COLUMN($F$2))<=year_end,year_start+(COLUMN()-COLUMN($F$2)),"") -> 2025 | G2: =IF(year_start+(COLUMN()-COLUMN($F$2))<=year_end,year_start+(COLUMN()-COLUMN($F$2)),"") -> 2026 | H2: =IF(year_start+(COLUMN()-COLUMN($F$2))<=year_end,year_start+(COLUMN()-COLUMN($F$2)),"") -> 2027 | I2: =IF(year_start+(COLUMN()-COLUMN($F$2))<=year_end,year_start+(COLUMN()-COLUMN($F$2)),"") -> 2028 | J2: =IF(year_start+(COLUMN()-COLUMN($F$2))<=year_end,year_start+(COLUMN()-COLUMN($F$2)),"") -> 2029 | K2: =IF(year_start+(COLUMN()-COLUMN($F$2))<=year_end,year_start+(COLUMN()-COLUMN($F$2)),"") -> 2030 | L2: =IF(year_start+(COLUMN()-COLUMN($F$2))<=year_end,year_start+(COLUMN()-COLUMN($F$2)),"") -> 2031 | M2: =IF(year_start+(COLUMN()-COLUMN($F$2))<=year_end,year_start+(COLUMN()-COLUMN($F$2)),"") -> 2032 | ... BW2: =IF(year_start+(COLUMN()-COLUMN($F$2))<=year_end,year_start+(COLUMN()-COLUMN($F$2)),"")
E3: year_start--> | F3: =IF(year_start+(COLUMN()-COLUMN($F$2))<=year_end,F2-year_start,"") -> 0 | G3: =IF(year_start+(COLUMN()-COLUMN($F$2))<=year_end,G2-year_start,"") -> 1 | H3: =IF(year_start+(COLUMN()-COLUMN($F$2))<=year_end,H2-year_start,"") -> 2 | I3: =IF(year_start+(COLUMN()-COLUMN($F$2))<=year_end,I2-year_start,"") -> 3 | J3: =IF(year_start+(COLUMN()-COLUMN($F$2))<=year_end,J2-year_start,"") -> 4 | K3: =IF(year_start+(COLUMN()-COLUMN($F$2))<=year_end,K2-year_start,"") -> 5 | L3: =IF(year_start+(COLUMN()-COLUMN($F$2))<=year_end,L2-year_start,"") -> 6 | M3: =IF(year_start+(COLUMN()-COLUMN($F$2))<=year_end,M2-year_start,"") -> 7 | ... BW3: =IF(year_start+(COLUMN()-COLUMN($F$2))<=year_end,BW2-year_start,"")
E4: year_end--> | F4: =IF(year_start+(COLUMN()-COLUMN($F$2))<=year_end,F3+1,"") -> 1 | G4: =IF(year_start+(COLUMN()-COLUMN($F$2))<=year_end,G3+1,"") -> 2 | H4: =IF(year_start+(COLUMN()-COLUMN($F$2))<=year_end,H3+1,"") -> 3 | I4: =IF(year_start+(COLUMN()-COLUMN($F$2))<=year_end,I3+1,"") -> 4 | J4: =IF(year_start+(COLUMN()-COLUMN($F$2))<=year_end,J3+1,"") -> 5 | K4: =IF(year_start+(COLUMN()-COLUMN($F$2))<=year_end,K3+1,"") -> 6 | L4: =IF(year_start+(COLUMN()-COLUMN($F$2))<=year_end,L3+1,"") -> 7 | M4: =IF(year_start+(COLUMN()-COLUMN($F$2))<=year_end,M3+1,"") -> 8 | ... BW4: =IF(year_start+(COLUMN()-COLUMN($F$2))<=year_end,BW3+1,"")
A5: хувьсагч | D5: нэгж | E5: total/average
A7: ДАН УУРХАЙ (НЭРЛЭСЭН ҮНЭЭР)
A9: орлогын тайлан
A10: борлуулалтын орлого | D10: сая ам.доллар | E10: =SUM(F10:BI10) -> 97337.416 | F10: =revenue!F176 -> 1339.0303 | G10: =revenue!G176 -> 1354.9565 | H10: =revenue!H176 -> 1371.0717 | I10: =revenue!I176 -> 1387.3783 | J10: =revenue!J176 -> 1403.8785 | K10: =revenue!K176 -> 1420.5746 | L10: =revenue!L176 -> 1618.8734 | M10: =revenue!M176 -> 1638.1395 | ... BI10: =revenue!BI176 -> 0
B12: роялти
C13: үндсэн роялти | D13: сая ам.доллар | E13: =SUM(F13:BI13) -> 5807.8157 | F13: =revenue!F180+revenue!F183+revenue!F186+revenue!F189 -> 80.125135 | G13: =revenue!G180+revenue!G183+revenue!G186+revenue!G189 -> 81.078049 | H13: =revenue!H180+revenue!H183+revenue!H186+revenue!H189 -> 82.042353 | I13: =revenue!I180+revenue!I183+revenue!I186+revenue!I189 -> 83.018184 | J13: =revenue!J180+revenue!J183+revenue!J186+revenue!J189 -> 84.00568 | K13: =revenue!K180+revenue!K183+revenue!K186+revenue!K189 -> 85.004982 | L13: =revenue!L180+revenue!L183+revenue!L186+revenue!L189 -> 96.768259 | M13: =revenue!M180+revenue!M183+revenue!M186+revenue!M189 -> 97.919516 | ... BI13: =revenue!BI180+revenue!BI183+revenue!BI186+revenue!BI189 -> 0
C14: нэмэлт роялти | D14: сая ам.доллар | E14: =SUM(F14:BI14) -> 15720.427 | F14: =revenue!F181+revenue!F184+revenue!F187+revenue!F190 -> 217.17392 | G14: =revenue!G181+revenue!G184+revenue!G187+revenue!G190 -> 219.7456 | H14: =revenue!H181+revenue!H184+revenue!H187+revenue!H190 -> 222.34777 | I14: =revenue!I181+revenue!I184+revenue!I187+revenue!I190 -> 224.98081 | J14: =revenue!J181+revenue!J184+revenue!J187+revenue!J190 -> 227.64506 | K14: =revenue!K181+revenue!K184+revenue!K187+revenue!K190 -> 230.34092 | L14: =revenue!L181+revenue!L184+revenue!L187+revenue!L190 -> 262.20233 | M14: =revenue!M181+revenue!M184+revenue!M187+revenue!M190 -> 265.30753 | ... BI14: =revenue!BI181+revenue!BI184+revenue!BI187+revenue!BI190 -> 0
C15: нийт роялти | D15: сая ам.доллар | E15: =SUM(F15:BI15) -> 21528.243 | F15: =F13+F14 -> 297.29906 | G15: =G13+G14 -> 300.82365 | H15: =H13+H14 -> 304.39013 | I15: =I13+I14 -> 307.99899 | J15: =J13+J14 -> 311.65074 | K15: =K13+K14 -> 315.3459 | L15: =L13+L14 -> 358.97059 | M15: =M13+M14 -> 363.22704 | ... BI15: =BI13+BI14 -> 0
B17: үйл ажиллагааны зардал | D17: сая ам.доллар | E17: =SUM(F17:BI17) -> 63165.109 | F17: =opex!F85 -> 560.83511 | G17: =opex!G85 -> 577.77233 | H17: =opex!H85 -> 595.22105 | I17: =opex!I85 -> 613.19673 | J17: =opex!J85 -> 631.71527 | K17: =opex!K85 -> 650.79307 | L17: =opex!L85 -> 754.2529 | M17: =opex!M85 -> 777.03133 | ... BI17: =opex!BI85 -> 0
B19: хүү, татвар, элэгдлийн өмнөх ашиг | D19: сая ам.доллар | E19: =SUM(F19:BI19) -> 12644.065 | F19: =F10-F17-F15 -> 480.89616 | G19: =G10-G17-G15 -> 476.36051 | H19: =H10-H17-H15 -> 471.46057 | I19: =I10-I17-I15 -> 466.18262 | J19: =J10-J17-J15 -> 460.51251 | K19: =K10-K17-K15 -> 454.43563 | L19: =L10-L17-L15 -> 505.64987 | M19: =M10-M17-M15 -> 497.88108 | ... BI19: =BI10-BI17-BI15 -> 0
C20: элэгдэл | D20: сая ам.доллар | E20: =SUM(F20:BI20) -> 7428.752 | F20: =capex!F71 -> 74.822269 | G20: =capex!G71 -> 74.09316 | H20: =capex!H71 -> 73.93641 | I20: =capex!I71 -> 74.238776 | J20: =capex!J71 -> 74.910705 | K20: =capex!K71 -> 94.374416 | L20: =capex!L71 -> 95.777395 | M20: =capex!M71 -> 97.272887 | ... BI20: =capex!BI71 -> 0
B22: хүү ба татварын өмнөх ашиг | D22: сая ам.доллар | E22: =SUM(F22:BI22) -> 5215.3129 | F22: =F19-F20 -> 406.0739 | G22: =G19-G20 -> 402.26735 | H22: =H19-H20 -> 397.52416 | I22: =I19-I20 -> 391.94384 | J22: =J19-J20 -> 385.60181 | K22: =K19-K20 -> 360.06122 | L22: =L19-L20 -> 409.87248 | M22: =M19-M20 -> 400.60819 | ... BI22: =BI19-BI20 -> 0
C23: хүүгийн зардал | D23: сая ам.доллар | E23: =SUM(F23:BI23) -> 1210.9126 | F23: =F51 -> 5.8057402 | G23: =G51 -> 0 | H23: =H51 -> 0 | I23: =I51 -> 0 | J23: =J51 -> 0 | K23: =K51 -> 0 | L23: =L51 -> 0 | M23: =M51 -> 0 | ... BI23: =BI51 -> 0
B24: татварын өмнөх ашиг | D24: сая ам.доллар | E24: =SUM(F24:BI24) -> 4004.4003 | F24: =F22-F23 -> 400.26816 | G24: =G22-G23 -> 402.26735 | H24: =H22-H23 -> 397.52416 | I24: =I22-I23 -> 391.94384 | J24: =J22-J23 -> 385.60181 | K24: =K22-K23 -> 360.06122 | L24: =L22-L23 -> 409.87248 | M24: =M22-M23 -> 400.60819 | ... BI24: =BI22-BI23 -> 0
C25: орлогын албан татвар | D25: сая ам.доллар | E25: =SUM(F25:BI25) -> 2148.1598 | F25: =MAX(0,cit_rate*F24) -> 100.06704 | G25: =MAX(0,cit_rate*G24) -> 100.56684 | H25: =MAX(0,cit_rate*H24) -> 99.381039 | I25: =MAX(0,cit_rate*I24) -> 97.985961 | J25: =MAX(0,cit_rate*J24) -> 96.400452 | K25: =MAX(0,cit_rate*K24) -> 90.015305 | L25: =MAX(0,cit_rate*L24) -> 102.46812 | M25: =MAX(0,cit_rate*M24) -> 100.15205 | ... BI25: =MAX(0,cit_rate*BI24) -> 0
B26: цэвэр ашиг | D26: сая ам.доллар | E26: =SUM(F26:BI26) -> 6152.5601 | F26: =F24+F25 -> 500.33519 | G26: =G24+G25 -> 502.83419 | H26: =H24+H25 -> 496.90519 | I26: =I24+I25 -> 489.9298 | J26: =J24+J25 -> 482.00226 | K26: =K24+K25 -> 450.07652 | L26: =L24+L25 -> 512.34059 | M26: =M24+M25 -> 500.76024 | ... BI26: =BI24+BI25 -> 0
A28: мөнгөн гүйлгээний тайлан
B29: үйл ажиллагааны мөнгөн урсгал
C30: цэвэр ашиг | D30: сая ам.доллар | E30: =SUM(F30:BI30) -> 6152.5601 | F30: =F26 -> 500.33519 | G30: =G26 -> 502.83419 | H30: =H26 -> 496.90519 | I30: =I26 -> 489.9298 | J30: =J26 -> 482.00226 | K30: =K26 -> 450.07652 | L30: =L26 -> 512.34059 | M30: =M26 -> 500.76024 | ... BI30: =BI26 -> 0
C31: элэгдэл | D31: сая ам.доллар | E31: =SUM(F31:BI31) -> 7428.752 | F31: =F20 -> 74.822269 | G31: =G20 -> 74.09316 | H31: =H20 -> 73.93641 | I31: =I20 -> 74.238776 | J31: =J20 -> 74.910705 | K31: =K20 -> 94.374416 | L31: =L20 -> 95.777395 | M31: =M20 -> 97.272887 | ... BI31: =BI20 -> 0
C32: цэвэр эргэлтийн хөрөнгө | D32: сая ам.доллар | E32: =SUM(F32:BI32) -> 38.890391 | F32: =F95 -> 38.890391 | G32: =G95 -> 0 | H32: =H95 -> 0 | I32: =I95 -> 0 | J32: =J95 -> 0 | K32: =K95 -> 0 | L32: =L95 -> 0 | M32: =M95 -> 0 | ... BI32: =BI95 -> 0
B33: үйл ажиллагааны цэвэр мөнгөн урсгал | D33: сая ам.доллар | E33: =SUM(F33:BI33) -> 13620.202 | F33: =F30+F31+F32 -> 614.04786 | G33: =G30+G31+G32 -> 576.92735 | H33: =H30+H31+H32 -> 570.8416 | I33: =I30+I31+I32 -> 564.16858 | J33: =J30+J31+J32 -> 556.91297 | K33: =K30+K31+K32 -> 544.45094 | L33: =L30+L31+L32 -> 608.11799 | M33: =M30+M31+M32 -> 598.03312 | ... BI33: =BI30+BI31+BI32 -> 0
B35: хөрөнгө оруулалтын мөнгөн урсгал
C36: хөрөнгө оруулалтын зардал | D36: сая ам.доллар | E36: =SUM(F36:BI36) -> 9692.2349 | F36: =capex!F35 -> 77.965908 | G36: =capex!G35 -> 79.922853 | H36: =capex!H35 -> 81.928916 | I36: =capex!I35 -> 83.985332 | J36: =capex!J35 -> 86.093364 | K36: =capex!K35 -> 274.3157 | L36: =capex!L35 -> 101.77818 | M36: =capex!M35 -> 104.33281 | ... BI36: =capex!BI35 -> 0
B37: хөрөнгө оруулалтын цэвэр мөнгөн урсгал | D37: сая ам.доллар | E37: =SUM(F37:BI37) -> -9692.2349 | F37: =-F36 -> -77.965908 | G37: =-G36 -> -79.922853 | H37: =-H36 -> -81.928916 | I37: =-I36 -> -83.985332 | J37: =-J36 -> -86.093364 | K37: =-K36 -> -274.3157 | L37: =-L36 -> -101.77818 | M37: =-M36 -> -104.33281 | ... BI37: =-BI36 -> 0
B39: татварын өмнөх мөнгөн урсгал | D39: сая ам.доллар | E39: =SUM(F39:BI39) -> 24480.073 | F39: =F10-F17-F36 -> 700.22931 | G39: =G10-G17-G36 -> 697.26131 | H39: =H10-H17-H36 -> 693.92178 | I39: =I10-I17-I36 -> 690.19628 | J39: =J10-J17-J36 -> 686.06989 | K39: =K10-K17-K36 -> 495.46583 | L39: =L10-L17-L36 -> 762.84228 | M39: =M10-M17-M36 -> 756.77531 | ... BI39: =BI10-BI17-BI36 -> 0
B40: татварын дараах мөнгөн урсгал | D40: сая ам.доллар | E40: =SUM(F40:BI40) -> 803.67017 | F40: =F39-F15-F25 -> 302.86322 | G40: =G39-G15-G25 -> 295.87082 | H40: =H39-H15-H25 -> 290.15061 | I40: =I39-I15-I25 -> 284.21133 | J40: =J39-J15-J25 -> 278.0187 | K40: =K39-K15-K25 -> 90.104632 | L40: =L39-L15-L25 -> 301.40357 | M40: =M39-M15-M25 -> 293.39622 | ... BI40: =BI39-BI15-BI25 -> 0
B41: санхүүжилтийн өмнөх мөнгөн урсгал | D41: сая ам.доллар | E41: =SUM(F41:BI41) -> 3927.9675 | F41: =F33+F37 -> 536.08195 | G41: =G33+G37 -> 497.0045 | H41: =H33+H37 -> 488.91269 | I41: =I33+I37 -> 480.18325 | J41: =J33+J37 -> 470.8196 | K41: =K33+K37 -> 270.13524 | L41: =L33+L37 -> 506.33981 | M41: =M33+M37 -> 493.70032 | ... BI41: =BI33+BI37 -> 0
B42: мөнгөн хөрөнгийн илүүдэл/дутагдал | D42: сая ам.доллар | E42: =SUM(F42:BI42) -> 7984.1734 | F42: =IF(F2>year_stop,0,F41-F67+F68) -> 536.9372 | G42: =IF(G2>year_stop,0,G41-G67+G68) -> 623.79979 | H42: =IF(H2>year_stop,0,H41-H67+H68) -> 676.05263 | I42: =IF(I2>year_stop,0,I41-I67+I68) -> 682.99903 | J42: =IF(J2>year_stop,0,J41-J67+J68) -> 675.71931 | K42: =IF(K2>year_stop,0,K41-K67+K68) -> 472.85103 | L42: =IF(L2>year_stop,0,L41-L67+L68) -> 648.19512 | M42: =IF(M2>year_stop,0,M41-M67+M68) -> 688.15885 | ... BI42: =IF(BI2>year_stop,0,BI41-BI67+BI68) -> 0
A44: эргэлдэх зээлийн шугам
C45: эхний үлдэгдэл | D45: сая ам.доллар | F45: =assumptions!E290+assumptions!E292 -> 114.28622 | G45: =IF(production!G24>0,F48,0) -> 0 | H45: =IF(production!H24>0,G48,0) -> 0 | I45: =IF(production!I24>0,H48,0) -> 0 | J45: =IF(production!J24>0,I48,0) -> 0 | K45: =IF(production!K24>0,J48,0) -> 0 | L45: =IF(production!L24>0,K48,0) -> 0 | M45: =IF(production!M24>0,L48,0) -> 0 | N45: =IF(production!N24>0,M48,0) -> 0 | ... BI45: =IF(production!BI24>0,BH48,0) -> 0
